Workbook
Name _______AFC3: [1]INV!$F$25:$I$28
Name _______AFC5: [1]INV!$K$25:$N$28
Name _______BGC1: [1]INV!$A$5:$D$8
Name _______BGC3: [1]INV!$F$5:$I$8
Name _______BGC5: [1]INV!$K$5:$N$8
Name _______CAC1: [1]INV!$A$19:$D$22
Name _______CAC3: [1]INV!$F$19:$I$22
Name _______CAC5: [1]INV!$K$19:$N$22
Name _______SBC1: [1]INV!$A$12:$D$15
Name _______SBC3: [1]INV!$F$12:$I$15
Name _______SBC5: [1]INV!$K$12:$N$15
Name ______AFC1: [1]INV!$A$25:$D$28
Name ______AFC3: [1]INV!$F$25:$I$28
Name ______AFC5: [1]INV!$K$25:$N$28
Name ______BGC1: [1]INV!$A$5:$D$8
Name ______BGC3: [1]INV!$F$5:$I$8
Name ______BGC5: [1]INV!$K$5:$N$8
Name ______CAC1: [1]INV!$A$19:$D$22
Name ______CAC3: [1]INV!$F$19:$I$22
Name ______CAC5: [1]INV!$K$19:$N$22
Name ______SBC1: [1]INV!$A$12:$D$15
Name ______SBC3: [1]INV!$F$12:$I$15
Name ______SBC5: [1]INV!$K$12:$N$15
Name _____AFC1: [1]INV!$A$25:$D$28
Name _____AFC3: [1]INV!$F$25:$I$28
Name _____AFC5: [1]INV!$K$25:$N$28
Name _____BGC1: [1]INV!$A$5:$D$8
Name _____BGC3: [1]INV!$F$5:$I$8
Name _____BGC5: [1]INV!$K$5:$N$8
Name _____CAC1: [1]INV!$A$19:$D$22
Name _____CAC3: [1]INV!$F$19:$I$22
Name _____CAC5: [1]INV!$K$19:$N$22
Name _____SBC1: [1]INV!$A$12:$D$15
Name _____SBC3: [1]INV!$F$12:$I$15
Name _____SBC5: [1]INV!$K$12:$N$15
Name ____AFC1: [1]INV!$A$25:$D$28
Name ____AFC3: [1]INV!$F$25:$I$28
Name ____AFC5: [1]INV!$K$25:$N$28
Name ____BGC1: [1]INV!$A$5:$D$8
Name ____BGC3: [1]INV!$F$5:$I$8
Name ____BGC5: [1]INV!$K$5:$N$8
Name ____CAC1: [1]INV!$A$19:$D$22
Name ____CAC3: [1]INV!$F$19:$I$22
Name ____CAC5: [1]INV!$K$19:$N$22
Name ____SBC1: [1]INV!$A$12:$D$15
Name ____SBC3: [1]INV!$F$12:$I$15
Name ____SBC5: [1]INV!$K$12:$N$15
Name ___AFC1: [1]INV!$A$25:$D$28
Name ___AFC3: [1]INV!$F$25:$I$28
Name ___AFC5: [1]INV!$K$25:$N$28
Name ___BGC1: [1]INV!$A$5:$D$8
Name ___BGC3: [1]INV!$F$5:$I$8
Name ___BGC5: [1]INV!$K$5:$N$8
Name ___CAC1: [1]INV!$A$19:$D$22
Name ___CAC3: [1]INV!$F$19:$I$22
Name ___CAC5: [1]INV!$K$19:$N$22
Name ___SBC1: [1]INV!$A$12:$D$15
Name ___SBC3: [1]INV!$F$12:$I$15
Name ___SBC5: [1]INV!$K$12:$N$15
Name __AFC1: [1]INV!$A$25:$D$28

Sheet Presup 
B1: REPUBLICA DE COLOMBIA
B2: DEPARTAMENTO DE NARIÑO
B3: ALCALDÍA MUNICIPAL DE SAN LORENZO
B5: MEJORAMIENTO VÍA LA LAGUNA, SALINAS, LOS OLIVOS
B7: Via LA LAGUNA, SALINAS, LOS OLIVOS
B9: PRESUPUESTO GENERAL
B11: ÍTEM | C11: ÍTEM | D11: ESPECIFICACIÓN | E11: DESCRIPCIÓN | F11: UNIDAD | G11: CANTIDAD | H11: VALOR UNITARIO | I11: COSTO TOTAL
E12: No.1. EXPLANACIÓN
B13: 200.2 | C13: 200.2 | D13: 200.13 | E13: =+P.Detall!E13 -> DESMONTE Y LIMPIEZA EN ZONAS NO BOSCOSAS | F13: =+P.Detall!F13 -> HA | G13: =+P.Detall!G13 -> 10.1 | H13: =+P.Detall!H13 -> 437035 | I13: =ROUND(H13*G13,0) -> 4414054
B14: 200.4P | C14: 200.4P | D14: - | E14: =+P.Detall!E14 -> LOCALIZACIÓN Y REPLANTEO (CARRETERA) | F14: =+P.Detall!F14 -> ML | G14: =+P.Detall!G14 -> 200 | H14: =+P.Detall!H14 -> 1903 | I14: =ROUND(H14*G14,0) -> 380600
B15: 201.7 | C15: 201.7 | D15: 201-13 | E15: =+P.Detall!E15 -> DEMOLICIÓN DE ESTRUCTURAS | F15: =+P.Detall!F15 -> M3 | G15: =+P.Detall!G15 -> 38 | H15: =+P.Detall!H15 -> 121154 | I15: =ROUND(H15*G15,0) -> 4603852
B16: 215 | D16: 201-13 | E16: =+P.Detall!E16 -> REMOSIÓN DE ALCANTARILLAS | F16: =+P.Detall!F16 -> ML | G16: =+P.Detall!G16 -> 30 | H16: =+P.Detall!H16 -> 38069 | I16: =ROUND(H16*G16,0) -> 1142070
B17: 210.1.1 | D17: 210-13 | E17: =+P.Detall!E17 -> EXCAVACION SIN CLASIFICAR DE LA EXPLANACIÓN Y CANALES | F17: =+P.Detall!F17 -> M3 | G17: =+P.Detall!G17 -> 39 | H17: =+P.Detall!H17 -> 15835 | I17: =ROUND(H17*G17,0) -> 617565
B18: 210.2.1 | D18: 210-13 | E18: =+P.Detall!E18 -> EXCAVACION EN ROCA DE LA EXPLANACION Y CANALES | F18: =+P.Detall!F18 -> M3 | G18: =+P.Detall!G18 -> 10 | H18: =+P.Detall!H18 -> 64116 | I18: =ROUND(H18*G18,0) -> 641160
B19: 211.1 | D19: 220-13 | E19: =+P.Detall!E19 -> REMOCION DE DERRUMBES | F19: =+P.Detall!F19 -> M3 | G19: =+P.Detall!G19 -> 4 | H19: =+P.Detall!H19 -> 6812 | I19: =ROUND(H19*G19,0) -> 27248
B20: 220.1 | E20: =+P.Detall!E20 -> TERRAPLEN | F20: =+P.Detall!F20 -> M3 | G20: =+P.Detall!G20 -> 34 | H20: =+P.Detall!H20 -> 271005 | I20: =ROUND(H20*G20,0) -> 9214170
B21: 230.1 | D21: 230-13 | E21: =+P.Detall!E21 -> MEJORAMIENTO DE LA SUBRASANTE EMPLEANDO UNICAMENTE MATERIAL ADICIONADO | F21: =+P.Detall!F21 -> M3 | G21: =+P.Detall!G21 -> 66 | H21: =+P.Detall!H21 -> 214427 | I21: =ROUND(H21*G21,0) -> 14152182
B22: 310.1 | D22: 310-13 | E22: =+P.Detall!E22 -> CONFORMACIÓN DE LA CALZADA EXISTENTE CON ADICIÓN DE MATERIAL | F22: =+P.Detall!F22 -> M2 | G22: =+P.Detall!G22 -> 900 | H22: =+P.Detall!H22 -> 21590 | I22: =ROUND(H22*G22,0) -> 19431000
G24: SUBTOTAL EXPLANACION | I24: =+SUM(I13:I23) -> 54623901
E26: No.2. AFIRMADO Y SUBBASE
B27: 311.1 | C27: 311.1 | D27: 311-13 | E27: =+P.Detall!E27 -> AFIRMADO | F27: =+P.Detall!F27 -> M3 | G27: =+P.Detall!G27 -> 135 | H27: =+P.Detall!H27 -> 209641 | I27: =ROUND(H27*G27,0) -> 28301535
B28: 320.1 | C28: 330.1 | D28: 320-13 | E28: =+P.Detall!E28 -> SUBBASE GRANULAR | F28: =+P.Detall!F28 -> M3 | G28: =+P.Detall!G28 -> 180 | H28: =+P.Detall!H28 -> 277788 | I28: =ROUND(H28*G28,0) -> 50001840
G30: SUBTOTAL AFIRMADO Y SUBBASE | I30: =+SUM(I27:I29) -> 78303375
E32: No.3. PAVIMENTO
B33: 500.1 | D33: 500-13 | E33: =+P.Detall!E33 -> CONCRETO HIDRAULICO DE 210 KG/CM² (3.000 PSI) CLASE D, ESPESOR 0,15 M - PLACAS Y DENTELLONES | F33: =+P.Detall!F33 -> M3 | G33: =+P.Detall!G33 -> 54 | H33: =+P.Detall!H33 -> 753952 | I33: =ROUND(H33*G33,0) -> 40713408
G35: SUBTOTAL PAVIMENTO: | I35: =+SUM(I33:I34) -> 40713408
E37: No.4. ESTRUCTURAS Y DRENAJES
E38: =+P.Detall!E38 -> EXCAVACIONES PARA ESTRUCTURAS:
B39: 600.1.1 | C39: 225P | D39: 600-13 | E39: =+P.Detall!E39 -> EXCAVACIONES VARIAS SIN CLASIFICAR | F39: =+P.Detall!F39 -> M3 | G39: =+P.Detall!G39 -> 952 | H39: =+P.Detall!H39 -> 15470 | I39: =ROUND(H39*G39,0) -> 14727440
B40: 600.2.1 | D40: 600-13 | E40: =+P.Detall!E40 -> EXCAVACIONES VARIAS EN ROCA EN SECO | F40: =+P.Detall!F40 -> M3 | G40: =+P.Detall!G40 -> 238 | H40: =+P.Detall!H40 -> 85717 | I40: =ROUND(H40*G40,0) -> 20400646
B41: 600.2.2 | C41: 600.3 | D41: 600-13 | E41: =+P.Detall!E41 -> EXCAVACIONES VARIAS EN ROCA BAJO AGUA | F41: =+P.Detall!F41 -> M3 | G41: =+P.Detall!G41 -> 48 | H41: =+P.Detall!H41 -> 126016 | I41: =ROUND(H41*G41,0) -> 6048768
B42: 600.2.4 | C42: 600.5 | D42: 600-13 | E42: =+P.Detall!E42 -> EXCAVACIONES VARIAS EN MATERIAL COMÚN BAJO AGUA | F42: =+P.Detall!F42 -> M3 | G42: =+P.Detall!G42 -> 10 | H42: =+P.Detall!H42 -> 17713 | I42: =ROUND(H42*G42,0) -> 177130
E44: =+P.Detall!E44 -> ESTRUCTURAS DE CONCRETO:
B45: 630.1 | C45: 630.4 | D45: 630-13 | E45: =+P.Detall!E45 -> CONCRETO CLASE C | F45: =+P.Detall!F45 -> M3 | G45: =+P.Detall!G45 -> 30 | H45: =+P.Detall!H45 -> 805045 | I45: =ROUND(H45*G45,0) -> 24151350
B46: 630.2 | D46: 630-13 | E46: =+P.Detall!E46 -> CONCRETO CLASE D | F46: =+P.Detall!F46 -> M3 | G46: =+P.Detall!G46 -> 77 | H46: =+P.Detall!H46 -> 769874 | I46: =ROUND(H46*G46,0) -> 59280298
B47: 630.3 | C47: 630.6 | D47: 630-13 | E47: =+P.Detall!E47 -> CONCRETO CLASE F | F47: =+P.Detall!F47 -> M3 | G47: =+P.Detall!G47 -> 14 | H47: =+P.Detall!H47 -> 594611 | I47: =ROUND(H47*G47,0) -> 8324554
B48: 630.4 | C48: 630.7 | D48: 630-13 | E48: =+P.Detall!E48 -> CONCRETO CLASE G | F48: =+P.Detall!F48 -> M3 | G48: =+P.Detall!G48 -> 139 | H48: =+P.Detall!H48 -> 336812 | I48: =ROUND(H48*G48,0) -> 46816868
E50: =+P.Detall!E50 -> SUMINISTROS:
B51: 640.1 | D51: 640-13 | E51: =+P.Detall!E51 -> ACERO DE REFUERZO fy 412 Mpa | F51: =+P.Detall!F51 -> KG | G51: =+P.Detall!G51 -> 14966 | H51: =+P.Detall!H51 -> 8870 | I51: =ROUND(H51*G51,0) -> 132748420
B52: 610.1 | C52: 610.1 | D52: 610-13 | E52: =+P.Detall!E52 -> RELLENO PARA ESTRUCTURAS CON RECEBO | F52: =+P.Detall!F52 -> M3 | G52: =+P.Detall!G52 -> 271 | H52: =+P.Detall!H52 -> 78359 | I52: =ROUND(H52*G52,0) -> 21235289
B53: 661.1 | C53: 661.1 | D53: 661-13 | E53: =+P.Detall!E53 -> TUBERÍA DE CONCRETO REFORZADO 900 MM DIÁMETRO INTERIOR (TIPO 1) | F53: =+P.Detall!F53 -> ML | G53: =+P.Detall!G53 -> 113 | H53: =+P.Detall!H53 -> 734009 | I53: =ROUND(H53*G53,0) -> 82943017
E55: =+P.Detall!E55 -> ELEMENTOS AUXILIARES DE CONDUCCIÓN:
B56: 660.1 | C56: 671.1 | D56: 660-13 | E56: =+P.Detall!E56 -> CUNETA DE CONCRETO FUNDIDA EN EL LUGAR | F56: =+P.Detall!F56 -> M3 | G56: =+P.Detall!G56 -> 46 | H56: =+P.Detall!H56 -> 814173 | I56: =ROUND(H56*G56,0) -> 37451958
B57: 672.1 | C57: 672.1 | D57: 672-13 | E57: =+P.Detall!E57 -> BORDILLOS DE CONCRETO | F57: =+P.Detall!F57 -> M3 | G57: =+P.Detall!G57 -> 13 | H57: =+P.Detall!H57 -> 54457 | I57: =ROUND(H57*G57,0) -> 707941
E59: =+P.Detall!E59 -> ELEMENTOS AUXILIARES DE DRENAJE:
B60: 673.1 | C60: 231.1 | D60: 673-13 | E60: =+P.Detall!E60 -> GEOTEXTIL | F60: =+P.Detall!F60 -> M2 | G60: =+P.Detall!G60 -> 765 | H60: =+P.Detall!H60 -> 11020 | I60: =ROUND(H60*G60,0) -> 8430300
B61: 673.2 | C61: 673.1 | D61: 673-13 | E61: =+P.Detall!E61 -> MATERIAL GRANULAR FILTRANTE | F61: =+P.Detall!F61 -> M3 | G61: =+P.Detall!G61 -> 235 | H61: =+P.Detall!H61 -> 206995 | I61: =ROUND(H61*G61,0) -> 48643825
B62: 674.2 | C62: 674.2 | D62: 674-13 | E62: =+P.Detall!E62 -> DREN HORIZONTAL DE LONGITUD MAYOR A DIEZ METROS | F62: =+P.Detall!F62 -> ML | G62: =+P.Detall!G62 -> 113 | H62: =+P.Detall!H62 -> 93048 | I62: =ROUND(H62*G62,0) -> 10514424
E65: =+P.Detall!E65 -> ELEMENTOS AUXILIARES DE CONTENCIÓN
B66: 681.1 | C66: 681.1 | D66: 681-13 | E66: =+P.Detall!E66 -> GAVIÓN | F66: =+P.Detall!F66 -> M3 | G66: =+P.Detall!G66 -> 266 | H66: =+P.Detall!H66 -> 195286 | I66: =ROUND(H66*G66,0) -> 51946076
G68: SUBTOTAL ESTRUCTURAS Y DRENAJES: | I68: =+SUM(I38:I67) -> 574548304
E70: No.5. MANTENIMIENTO VIA
E71: =+P.Detall!E73 -> BACHEO | F71: =+P.Detall!F73 -> M3 | G71: =+P.Detall!G73 -> 2877 | H71: =+P.Detall!H73 -> 67271 | I71: =ROUND(H71*G71,0) -> 193538667
G73: SUBTOTAL MANTENIMIENTO | I73: =+SUM(I71:I72) -> 193538667
E75: No.6. ESPECIFICACIONES PARTICULARES (OBRAS AMBIENTALES)
D76: P1 | E76: =+P.Detall!E79 -> CONFORMACION DE DEPÓSITO DE MATERIAL SOBRANTE | F76: =+P.Detall!F79 -> M3 | G76: =+P.Detall!G79 -> 1339 | H76: =+P.Detall!H79 -> 3335 | I76: =ROUND(H76*G76,0) -> 4465565
G78: SUBTOTAL ESPECIFICACIONES PARTICULARES (OBRAS AMBIENTALES): | I78: =+SUM(I76:I77) -> 4465565
E80: No.7. TRANSPORTE
B81: =+P.Detall!B84 -> 900.2 | D81: =+P.Detall!D84 -> 900-13 | E81: =+P.Detall!E84 -> TRANSPORTE DE MATERIALES PROVENIENTES DE LA EXCAVACIÓN DE LA EXPLANACIÓN, CANALES Y PRÉSTAMOS PARA DISTANCIAS MAYORES DE MIL METROS (1000 M), MEDIDO A PARTIR DE CIEN METROS (100M). | F81: =+P.Detall!F84 -> M3-KM | G81: =+P.Detall!G84 -> 363 | H81: =+'900,2'!I55 -> 1412 | I81: =ROUND(H81*G81,0) -> 512556
G83: SUBTOTAL TRANSPORTE: | I83: =+SUM(I81:I82) -> 512556
E84: No.8. MAQUINARIA Y OBRAS APORTADAS POR EL MUNICIPIO
E85: MOTONIVELADORA | F85: M3 | G85: =+P.Detall!G89 -> 1281 | H85: =+P.Detall!H89 -> 11380.893 | I85: =ROUND(H85*G85,0) -> 14578924
E86: RETROCARGADOR | F86: M3 | G86: =+P.Detall!G90 -> 1369 | H86: =+P.Detall!H90 -> 104220.31 | I86: =ROUND(H86*G86,0) -> 142677600
E87: VOLQUETA | F87: M3 | G87: =+P.Detall!G91 -> 1411.2288 | H87: =+P.Detall!H91 -> 363 | I87: =ROUND(H87*G87,0) -> 512276
E88: GAVIÓN | F88: M3 | G88: =+P.Detall!G92 -> 100 | H88: =+P.Detall!H92 -> 195286 | I88: =ROUND(H88*G88,0) -> 19528600
E89: ALCANTARILLA (CONCRETO CLASE C) | F89: M3 | G89: =+P.Detall!G93 -> 4.912 | H89: =+P.Detall!H93 -> 805045 | I89: =ROUND(H89*G89,0) -> 3954381
E90: ALCANTARILLA (ACERO) | F90: KG | G90: =+P.Detall!G94 -> 275 | H90: =+P.Detall!H94 -> 8870 | I90: =ROUND(H90*G90,0) -> 2439250
G91: SUBTOTAL TRANSPORTE: | I91: =+SUM(I85:I90) -> 183691031
B93: A | C93: COSTO TOTAL OBRA INCLUYE AIU (30%) (ADMINISTRACIÓN (20%) IMPREVISTOS (5%) UTILIDAD (5%)): | I93: =+I83+I78+I68+I35+I30+I24+I73 -> 946705776
B94: B | C94: PLAN DE MANEJO AMBIENTAL | I94: =+P.Detall!I100 -> 8702581
B95: C | C95: IVA (19%) = (B x 0,19) | D95: IVA (16%) = (D x 0,16) | I95: =+P.Detall!I101 -> 1653490
D96: COSTO BASICO MENOS MAQUINARIA Y OBRAS APORTADAS POR EL MUNICIPIO: | I96: =+I93-I91 -> 763014745
B97: B | D97: CARACTERIZACIÓN VIAL | I97: 0
B98: C | C98: PLAN DE MANEJO AMBIENTAL | I98: 0
B99: E | C99: PLAN DE MANEJO DE TRÁNSITO | I99: =+P.Detall!I103 -> 12565630
B100: F | C100: IVA (19%) = (E x 0,19) | D100: IVA (16%) = (D x 0,16) | I100: =ROUND(I99*0.19,0) -> 2387470
B101: D | C101: PLAN DE MANEJO DE TRÁNSITO | I101: 0
B102: H | C102: GESTIÓN PREDIAL | I102: =+P.Detall!I106 -> 0
B103: I | C103: IVA (19%) = (H x 0,19) | D103: IVA (16%) = (D x 0,16) | I103: =ROUND(I102*0.19,0) -> 0
B104: J | C104: SUBTOTAL GESTIÓN PREDIAL | I104: =+I103+I102 -> 0
B105: E | D105: PROTOCOLO DE BIOSEGURIDAD | I105: =+'[17]presup protocolo obra'!$F$43 -> 6707620
B106: F | C106: VALOR TOTAL | I106: =+I101+I98+I96+I97+I105 -> 769722365
B108: G | C108: INTERVENTORIA: | I108: 0
B110: H | C110: VALOR TOTAL (E+G): | I110: =+I106+I108 -> 769722365
L112: =IF(H112="","",H112)
L113: =IF(H113="","",H113)
L114: =IF(H114="","",H114)
L115: =IF(H115="","",H115)
L116: =IF(H116="","",H116)
L117: =IF(H117="","",H117)
F118: ING. MIGUEL ANTONIO VILLACRES MARTINEZ. | L118: =IF(H118="","",H118)
F119: M.P. 52202-090508 NRÑ | L119: =IF(H119="","",H119)
F123: ING. JHONATAN STIVEN PANTOJA MORILLO
F124: M.P. 111037-0520109 NRÑ
E128: =+I110 -> 769722365 | F128: 1
E129: =+ROUND((F129*E128)/F128,0) -> 76972237 | F129: 0.1 | G129: dep
E130: =+ROUND((F130*E128)/F128,0) -> 7697224 | F130: 0.01 | G130: mun
E131: =+E128-E129-E130 -> 685052904 | G131: nac
E132: =SUM(E129:E131) -> 769722365

Sheet P.Detall
B1: REPUBLICA DE COLOMBIA
B2: DEPARTAMENTO DE NARIÑO
B3: =+'Presup '!B3:I3 -> ALCALDÍA MUNICIPAL DE SAN LORENZO
B5: =+'Presup '!B5:I6 -> MEJORAMIENTO VÍA LA LAGUNA, SALINAS, LOS OLIVOS
B9: PRESUPUESTO DETALLADO
B11: ÍTEM | C11: ÍTEM | D11: ESPECIFICACIÓN | E11: DESCRIPCIÓN | F11: UNIDAD | G11: CANTIDAD | H11: VALOR UNITARIO | I11: COSTO TOTAL | J11: EQUIPO | K11: TOTAL EQUIPO | L11: MATERIALES | M11: TOTAL MATERIALES | N11: TRANSPORTE | O11: TOTAL TRANSPORTE | P11: MANO DE OBRA | Q11: TOTAL MANO DE OBRA | R11: COSTO DIRECTO | S11: TOTAL COSTO DIRECTO | T11: COSTO INDIRECTO | U11: TOTAL COSTO INDIRECTO | V11: VALOR UNITARIO | W11: TOTAL
E12: No.1. EXPLANACIÓN
B13: =+'Presup '!B13 -> 200.2 | C13: 200.2 | D13: 200.13 | E13: DESMONTE Y LIMPIEZA EN ZONAS NO BOSCOSAS | F13: HA | G13: =+cant!J31 -> 10.1 | H13: =+'200.2'!I55 -> 437035 | I13: =ROUND(H13*G13,0) -> 4414054 | J13: =+'200.2'!I19 -> 154181 | K13: =+J13*G13 -> 1557228.1 | L13: =+'200.2'!I29 -> 0 | M13: =+L13*G13 -> 0 | N13: =+'200.2'!I36 -> 62050 | O13: =+N13*G13 -> 626705 | P13: =+'200.2'!I45 -> 119950 | Q13: =+P13*G13 -> 1211495 | R13: =+J13+L13+N13+P13 -> 336181 | S13: =+R13*G13 -> 3395428.1 | T13: =+'200.2'!I53 -> 100854 | U13: =+T13*G13 -> 1018625.4 | V13: =+J13+L13+N13+P13+T13 -> 437035 | W13: =+V13*G13 -> 4414053.5
B14: =+'Presup '!B14 -> 200.4P | C14: 200.4P | D14: - | E14: LOCALIZACIÓN Y REPLANTEO (CARRETERA) | F14: ML | G14: =+cant!E36 -> 200 | H14: =+'200,4P'!I55 -> 1903 | I14: =ROUND(H14*G14,0) -> 380600 | J14: =+'200,4P'!I19 -> 103 | K14: =+J14*G14 -> 20600 | L14: =+'200,4P'!I29 -> 621 | M14: =+L14*G14 -> 124200 | N14: =+'200,4P'!I36 -> 0 | O14: =+N14*G14 -> 0 | P14: =+'200,4P'!I45 -> 740 | Q14: =+P14*G14 -> 148000 | R14: =+J14+L14+N14+P14 -> 1464 | S14: =+R14*G14 -> 292800 | T14: =+'200,4P'!I53 -> 439 | U14: =+T14*G14 -> 87800 | V14: =+J14+L14+N14+P14+T14 -> 1903 | W14: =+V14*G14 -> 380600
B15: =+'Presup '!B15 -> 201.7 | C15: 201.7 | D15: 201-13 | E15: DEMOLICIÓN DE ESTRUCTURAS | F15: M3 | G15: =+cant!J112 -> 38 | H15: =+'201,7'!I55 -> 121154 | I15: =ROUND(H15*G15,0) -> 4603852 | J15: =+'201,7'!I19 -> 68466 | K15: =+J15*G15 -> 2601708 | L15: =+'201,7'!I29 -> 0 | M15: =+L15*G15 -> 0 | N15: =+'201,7'!I36 -> 3309 | O15: =+N15*G15 -> 125742 | P15: =+'201,7'!I45 -> 21420 | Q15: =+P15*G15 -> 813960 | R15: =+J15+L15+N15+P15 -> 93195 | S15: =+R15*G15 -> 3541410 | T15: =+'201,7'!I53 -> 27959 | U15: =+T15*G15 -> 1062442 | V15: =+J15+L15+N15+P15+T15 -> 121154 | W15: =+V15*G15 -> 4603852
B16: =+'Presup '!B16 -> 215 | D16: 201-13 | E16: REMOSIÓN DE ALCANTARILLAS | F16: ML | G16: =+cant!J128 -> 30 | H16: =+'215'!I55 -> 38069 | I16: =ROUND(H16*G16,0) -> 1142070 | J16: =+'215'!I19 -> 20817 | K16: =+J16*G16 -> 624510 | L16: =+'215'!I29 -> 0 | M16: =+L16*G16 -> 0 | N16: =+'215'!I36 -> 1613 | O16: =+N16*G16 -> 48390 | P16: =+'215'!I45 -> 6854 | Q16: =+P16*G16 -> 205620 | R16: =+J16+L16+N16+P16 -> 29284 | S16: =+R16*G16 -> 878520 | T16: =+'215'!I53 -> 8785 | U16: =+T16*G16 -> 263550 | V16: =+J16+L16+N16+P16+T16 -> 38069 | W16: =+V16*G16 -> 1142070
B17: =+'Presup '!B17 -> 210.1.1 | D17: 210-13 | E17: EXCAVACION SIN CLASIFICAR DE LA EXPLANACIÓN Y CANALES | F17: M3 | G17: =+cant!J147 -> 39 | H17: =+'210,1,1'!I55 -> 15835 | I17: =ROUND(H17*G17,0) -> 617565 | J17: =+'210,1,1'!I19 -> 10358 | K17: =+J17*G17 -> 403962 | L17: =+'210,1,1'!I29 -> 0 | M17: =+L17*G17 -> 0 | N17: =+'210,1,1'!I36 -> 0 | O17: =+N17*G17 -> 0 | P17: =+'210,1,1'!I45 -> 1823 | Q17: =+P17*G17 -> 71097 | R17: =+J17+L17+N17+P17 -> 12181 | S17: =+R17*G17 -> 475059 | T17: =+'210,1,1'!I53 -> 3654 | U17: =+T17*G17 -> 142506 | V17: =+J17+L17+N17+P17+T17 -> 15835 | W17: =+V17*G17 -> 617565
B18: =+'Presup '!B18 -> 210.2.1 | D18: 210-13 | E18: EXCAVACION EN ROCA DE LA EXPLANACION Y CANALES | F18: M3 | G18: =+cant!J169 -> 10 | H18: =+'210,2,1'!I55 -> 64116 | I18: =ROUND(H18*G18,0) -> 641160 | J18: =+'210,2,1'!I19 -> 21947 | K18: =+J18*G18 -> 219470 | L18: =+'210,2,1'!I29 -> 24215 | M18: =+L18*G18 -> 242150 | N18: =+'210,2,1'!I36 -> 0 | O18: =+N18*G18 -> 0 | P18: =+'210,2,1'!I45 -> 3158 | Q18: =+P18*G18 -> 31580 | R18: =+J18+L18+N18+P18 -> 49320 | S18: =+R18*G18 -> 493200 | T18: =+'210,2,1'!I53 -> 14796 | U18: =+T18*G18 -> 147960 | V18: =+J18+L18+N18+P18+T18 -> 64116 | W18: =+V18*G18 -> 641160
B19: =+'Presup '!B19 -> 211.1 | D19: 220-13 | E19: REMOCION DE DERRUMBES | F19: M3 | G19: =+cant!J187 -> 4 | H19: =+'211,1'!I55 -> 6812 | I19: =ROUND(H19*G19,0) -> 27248 | J19: =+'211,1'!I19 -> 2289 | K19: =+J19*G19 -> 9156 | L19: =+'211,1'!I29 -> 2236 | M19: =+L19*G19 -> 8944 | N19: =+'211,1'!I36 -> 0 | O19: =+N19*G19 -> 0 | P19: =+'211,1'!I45 -> 715 | Q19: =+P19*G19 -> 2860 | R19: =+J19+L19+N19+P19 -> 5240 | S19: =+R19*G19 -> 20960 | T19: =+'211,1'!I53 -> 1572 | U19: =+T19*G19 -> 6288 | V19: =+J19+L19+N19+P19+T19 -> 6812 | W19: =+V19*G19 -> 27248
B20: 220.1 | E20: TERRAPLEN | F20: M3 | G20: =+cant!J202 -> 34 | H20: =+'220,1'!I55 -> 271005 | I20: =ROUND(H20*G20,0) -> 9214170 | J20: =+'220,1'!I19 -> 6732 | K20: =+J20*G20 -> 228888 | L20: =+'220,1'!I29 -> 33605 | M20: =+L20*G20 -> 1142570 | N20: =+'220,1'!I36 -> 167783 | O20: =+N20*G20 -> 5704622 | P20: =+'220,1'!I45 -> 345 | Q20: =+P20*G20 -> 11730 | R20: =+J20+L20+N20+P20 -> 208465 | S20: =+R20*G20 -> 7087810 | T20: =+'220,1'!I53 -> 62540 | U20: =+T20*G20 -> 2126360 | V20: =+J20+L20+N20+P20+T20 -> 271005 | W20: =+V20*G20 -> 9214170
B21: =+'Presup '!B21 -> 230.1 | D21: 230-13 | E21: MEJORAMIENTO DE LA SUBRASANTE EMPLEANDO UNICAMENTE MATERIAL ADICIONADO | F21: M3 | G21: =+cant!J217 -> 66 | H21: =+'230,1'!I55 -> 214427 | I21: =ROUND(H21*G21,0) -> 14152182 | J21: =+'230,1'!I19 -> 1947 | K21: =+J21*G21 -> 128502 | L21: =+'230,1'!I29 -> 33693 | M21: =+L21*G21 -> 2223738 | N21: =+'230,1'!I36 -> 129064 | O21: =+N21*G21 -> 8518224 | P21: =+'230,1'!I45 -> 240 | Q21: =+P21*G21 -> 15840 | R21: =+J21+L21+N21+P21 -> 164944 | S21: =+R21*G21 -> 10886304 | T21: =+'230,1'!I53 -> 49483 | U21: =+T21*G21 -> 3265878 | V21: =+J21+L21+N21+P21+T21 -> 214427 | W21: =+V21*G21 -> 14152182
B22: =+'Presup '!B22 -> 310.1 | D22: 310-13 | E22: CONFORMACIÓN DE LA CALZADA EXISTENTE CON ADICIÓN DE MATERIAL | F22: M2 | G22: =+cant!J239 -> 900 | H22: =+'310,1'!I55 -> 21590 | I22: =ROUND(H22*G22,0) -> 19431000 | J22: =+'310,1'!I19 -> 487 | K22: =+J22*G22 -> 438300 | L22: =+'310,1'!I29 -> 3190 | M22: =+L22*G22 -> 2871000 | N22: =+'310,1'!I36 -> 12906 | O22: =+N22*G22 -> 11615400 | P22: =+'310,1'!I45 -> 25 | Q22: =+P22*G22 -> 22500 | R22: =+J22+L22+N22+P22 -> 16608 | S22: =+R22*G22 -> 14947200 | T22: =+'310,1'!I53 -> 4982 | U22: =+T22*G22 -> 4483800 | V22: =+J22+L22+N22+P22+T22 -> 21590 | W22: =+V22*G22 -> 19431000
G24: SUBTOTAL EXPLANACION | I24: =+SUM(I13:I23) -> 54623901 | K24: =+SUM(K13:K23) -> 6232324.1 | M24: =+SUM(M13:M23) -> 6612602 | O24: =+SUM(O13:O23) -> 26639083 | Q24: =+SUM(Q13:Q23) -> 2534682 | S24: =+SUM(S13:S23) -> 42018691 | U24: =+SUM(U13:U23) -> 12605209 | W24: =+SUM(W13:W23) -> 54623900
E26: No.2. AFIRMADO Y SUBBASE
B27: 311.1 | C27: 311.1 | D27: 311-13 | E27: AFIRMADO | F27: M3 | G27: =+cant!J256 -> 135 | H27: =+'311,1'!I55 -> 209641 | I27: =ROUND(H27*G27,0) -> 28301535 | J27: =+'311,1'!I19 -> 5842 | K27: =+J27*G27 -> 788670 | L27: =+'311,1'!I29 -> 31020 | M27: =+L27*G27 -> 4187700 | N27: =+'311,1'!I36 -> 124100 | O27: =+N27*G27 -> 16753500 | P27: =+'311,1'!I45 -> 300 | Q27: =+P27*G27 -> 40500 | R27: =+J27+L27+N27+P27 -> 161262 | S27: =+R27*G27 -> 21770370 | T27: =+'311,1'!I53 -> 48379 | U27: =+T27*G27 -> 6531165 | V27: =+J27+L27+N27+P27+T27 -> 209641 | W27: =+V27*G27 -> 28301535
B28: 320.1 | C28: 330.1 | D28: 320-13 | E28: SUBBASE GRANULAR | F28: M3 | G28: =+cant!J270 -> 180 | H28: =+'320,1'!I55 -> 277788 | I28: =ROUND(H28*G28,0) -> 50001840 | J28: =+'320,1'!I19 -> 6525 | K28: =+J28*G28 -> 1174500 | L28: =+'320,1'!I29 -> 51700 | M28: =+L28*G28 -> 9306000 | N28: =+'320,1'!I36 -> 155125 | O28: =+N28*G28 -> 27922500 | P28: =+'320,1'!I45 -> 333 | Q28: =+P28*G28 -> 59940 | R28: =+J28+L28+N28+P28 -> 213683 | S28: =+R28*G28 -> 38462940 | T28: =+'320,1'!I53 -> 64105 | U28: =+T28*G28 -> 11538900 | V28: =+J28+L28+N28+P28+T28 -> 277788 | W28: =+V28*G28 -> 50001840
G30: SUBTOTAL AFIRMADO Y SUBBASE | I30: =+SUM(I27:I29) -> 78303375 | K30: =+SUM(K27:K29) -> 1963170 | M30: =+SUM(M27:M29) -> 13493700 | O30: =+SUM(O27:O29) -> 44676000 | Q30: =+SUM(Q27:Q29) -> 100440 | S30: =+SUM(S27:S29) -> 60233310 | U30: =+SUM(U27:U29) -> 18070065 | W30: =+SUM(W27:W29) -> 78303375
E32: No.3. PAVIMENTO PLACA HUELLA
B33: 500.1 | D33: 500-13 | E33: CONCRETO HIDRAULICO DE 210 KG/CM² (3.000 PSI) CLASE D, ESPESOR 0,15 M - PLACAS Y DENTELLONES | F33: M3 | G33: =+cant!J284 -> 54 | H33: =+'500,1'!I55 -> 753952 | I33: =ROUND(H33*G33,0) -> 40713408 | J33: =+'500,1'!I19 -> 9960 | K33: =+J33*G33 -> 537840 | L33: =+'500,1'!I29 -> 466225 | M33: =+L33*G33 -> 25176150 | N33: =+'500,1'!I36 -> 99280 | O33: =+N33*G33 -> 5361120 | P33: =+'500,1'!I45 -> 4498 | Q33: =+P33*G33 -> 242892 | R33: =+J33+L33+N33+P33 -> 579963 | S33: =+R33*G33 -> 31318002 | T33: =+'500,1'!I53 -> 173989 | U33: =+T33*G33 -> 9395406 | V33: =+J33+L33+N33+P33+T33 -> 753952 | W33: =+V33*G33 -> 40713408
G35: SUBTOTAL AFIRMADO Y SUBBASE: | I35: =+SUM(I33:I34) -> 40713408 | K35: =+SUM(K33:K34) -> 537840 | M35: =+SUM(M33:M34) -> 25176150 | O35: =+SUM(O33:O34) -> 5361120 | Q35: =+SUM(Q33:Q34) -> 242892 | S35: =+SUM(S33:S34) -> 31318002 | U35: =+SUM(U33:U34) -> 9395406 | W35: =+SUM(W33:W34) -> 40713408
E37: No.4. ESTRUCTURAS Y DRENAJES
E38: EXCAVACIONES PARA ESTRUCTURAS:
B39: 600.1.1 | C39: 225P | D39: 600-13 | E39: EXCAVACIONES VARIAS SIN CLASIFICAR | F39: M3 | G39: =+cant!J392 -> 952 | H39: =+'600,1,1'!I55 -> 15470 | I39: =ROUND(H39*G39,0) -> 14727440 | J39: =+'600,1,1'!I19 -> 7888 | K39: =+J39*G39 -> 7509376 | L39: =+'600,1,1'!I29 -> 0 | M39: =+L39*G39 -> 0 | N39: =+'600,1,1'!I36 -> 1613 | O39: =+N39*G39 -> 1535576 | P39: =+'600,1,1'!I45 -> 2399 | Q39: =+P39*G39 -> 2283848 | R39: =+J39+L39+N39+P39 -> 11900 | S39: =+R39*G39 -> 11328800 | T39: =+'600,1,1'!I53 -> 3570 | U39: =+T39*G39 -> 3398640 | V39: =+J39+L39+N39+P39+T39 -> 15470 | W39: =+V39*G39 -> 14727440
B40: 600.2.1 | D40: 600-13 | E40: EXCAVACIONES VARIAS EN ROCA EN SECO | F40: M3 | G40: =+cant!J405 -> 238 | H40: =+'600,2,1'!I55 -> 85717 | I40: =ROUND(H40*G40,0) -> 20400646 | J40: =+'600,2,1'!I19 -> 33844 | K40: =+J40*G40 -> 8054872 | L40: =+'600,2,1'!I29 -> 25441 | M40: =+L40*G40 -> 6054958 | N40: =+'600,2,1'!I36 -> 1613 | O40: =+N40*G40 -> 383894 | P40: =+'600,2,1'!I45 -> 5038 | Q40: =+P40*G40 -> 1199044 | R40: =+J40+L40+N40+P40 -> 65936 | S40: =+R40*G40 -> 15692768 | T40: =+'600,2,1'!I53 -> 19781 | U40: =+T40*G40 -> 4707878 | V40: =+J40+L40+N40+P40+T40 -> 85717 | W40: =+V40*G40 -> 20400646
B41: 600.2.2 | C41: 600.3 | D41: 600-13 | E41: EXCAVACIONES VARIAS EN ROCA BAJO AGUA | F41: M3 | G41: =+cant!J419 -> 48 | H41: =+'6002,2'!I55 -> 126016 | I41: =ROUND(H41*G41,0) -> 6048768 | J41: =+'6002,2'!I19 -> 46982 | K41: =+J41*G41 -> 2255136 | L41: =+'6002,2'!I29 -> 25441 | M41: =+L41*G41 -> 1221168 | N41: =+'6002,2'!I36 -> 1613 | O41: =+N41*G41 -> 77424 | P41: =+'6002,2'!I45 -> 22899 | Q41: =+P41*G41 -> 1099152 | R41: =+J41+L41+N41+P41 -> 96935 | S41: =+R41*G41 -> 4652880 | T41: =+'6002,2'!I53 -> 29081 | U41: =+T41*G41 -> 1395888 | V41: =+J41+L41+N41+P41+T41 -> 126016 | W41: =+V41*G41 -> 6048768
B42: 600.2.4 | C42: 600.5 | D42: 600-13 | E42: EXCAVACIONES VARIAS EN MATERIAL COMÚN BAJO AGUA | F42: M3 | G42: =+cant!J432 -> 10 | H42: =+'600,2,4'!I55 -> 17713 | I42: =ROUND(H42*G42,0) -> 177130 | J42: =+'600,2,4'!I19 -> 10584 | K42: =+J42*G42 -> 105840 | L42: =+'600,2,4'!I29 -> 0 | M42: =+L42*G42 -> 0 | N42: =+'600,2,4'!I36 -> 1613 | O42: =+N42*G42 -> 16130 | P42: =+'600,2,4'!I45 -> 1428 | Q42: =+P42*G42 -> 14280 | R42: =+J42+L42+N42+P42 -> 13625 | S42: =+R42*G42 -> 136250 | T42: =+'600,2,4'!I53 -> 4088 | U42: =+T42*G42 -> 40880 | V42: =+J42+L42+N42+P42+T42 -> 17713 | W42: =+V42*G42 -> 177130
E44: ESTRUCTURAS DE CONCRETO:
B45: 630.1 | C45: 630.4 | D45: 630-13 | E45: CONCRETO CLASE C | F45: M3 | G45: =+cant!J498 -> 30 | H45: =+'630,1'!I55 -> 805045 | I45: =ROUND(H45*G45,0) -> 24151350 | J45: =+'630,1'!I19 -> 24093 | K45: =+J45*G45 -> 722790 | L45: =+'630,1'!I29 -> 408757 | M45: =+L45*G45 -> 12262710 | N45: =+'630,1'!I36 -> 126440 | O45: =+N45*G45 -> 3793200 | P45: =+'630,1'!I45 -> 59975 | Q45: =+P45*G45 -> 1799250 | R45: =+J45+L45+N45+P45 -> 619265 | S45: =+R45*G45 -> 18577950 | T45: =+'630,1'!I53 -> 185780 | U45: =+T45*G45 -> 5573400 | V45: =+J45+L45+N45+P45+T45 -> 805045 | W45: =+V45*G45 -> 24151350
B46: 630.2 | D46: 630-13 | E46: CONCRETO CLASE D | F46: M3 | G46: =+cant!J514 -> 77 | H46: =+'630,2'!I55 -> 769874 | I46: =ROUND(H46*G46,0) -> 59280298 | J46: =+'630,2'!I19 -> 28263 | K46: =+J46*G46 -> 2176251 | L46: =+'630,2'!I29 -> 365049 | M46: =+L46*G46 -> 28108773 | N46: =+'630,2'!I36 -> 148920 | O46: =+N46*G46 -> 11466840 | P46: =+'630,2'!I45 -> 49979 | Q46: =+P46*G46 -> 3848383 | R46: =+J46+L46+N46+P46 -> 592211 | S46: =+R46*G46 -> 45600247 | T46: =+'630,2'!I53 -> 177663 | U46: =+T46*G46 -> 13680051 | V46: =+J46+L46+N46+P46+T46 -> 769874 | W46: =+V46*G46 -> 59280298
B47: 630.3 | C47: 630.6 | D47: 630-13 | E47: CONCRETO CLASE F | F47: M3 | G47: =+cant!J582 -> 14 | H47: =+'630,3'!I55 -> 594611 | I47: =ROUND(H47*G47,0) -> 8324554 | J47: =+'630,3'!I19 -> 20508 | K47: =+J47*G47 -> 287112 | L47: =+'630,3'!I29 -> 247914 | M47: =+L47*G47 -> 3470796 | N47: =+'630,3'!I36 -> 138992 | O47: =+N47*G47 -> 1945888 | P47: =+'630,3'!I45 -> 49979 | Q47: =+P47*G47 -> 699706 | R47: =+J47+L47+N47+P47 -> 457393 | S47: =+R47*G47 -> 6403502 | T47: =+'630,3'!I53 -> 137218 | U47: =+T47*G47 -> 1921052 | V47: =+J47+L47+N47+P47+T47 -> 594611 | W47: =+V47*G47 -> 8324554
B48: 630.4 | C48: 630.7 | D48: 630-13 | E48: CONCRETO CLASE G | F48: M3 | G48: =+cant!J599 -> 139 | H48: =+'630,4'!I55 -> 336812 | I48: =ROUND(H48*G48,0) -> 46816868 | J48: =+'630,4'!I19 -> 2999 | K48: =+J48*G48 -> 416861 | L48: =+'630,4'!I29 -> 193134 | M48: =+L48*G48 -> 26845626 | N48: =+'630,4'!I36 -> 2978 | O48: =+N48*G48 -> 413942 | P48: =+'630,4'!I45 -> 59975 | Q48: =+P48*G48 -> 8336525 | R48: =+J48+L48+N48+P48 -> 259086 | S48: =+R48*G48 -> 36012954 | T48: =+'630,4'!I53 -> 77726 | U48: =+T48*G48 -> 10803914 | V48: =+J48+L48+N48+P48+T48 -> 336812 | W48: =+V48*G48 -> 46816868
E50: SUMINISTROS:
B51: 640.1 | D51: 640-13 | E51: ACERO DE REFUERZO fy 412 Mpa | F51: KG | G51: =+cant!J666 -> 14966 | H51: =+'640,1'!I55 -> 8870 | I51: =ROUND(H51*G51,0) -> 132748420 | J51: =+'640,1'!I19 -> 46 | K51: =+J51*G51 -> 688436 | L51: =+'640,1'!I29 -> 5877 | M51: =+L51*G51 -> 87955182 | N51: =+'640,1'!I36 -> 0 | O51: =+N51*G51 -> 0 | P51: =+'640,1'!I45 -> 900 | Q51: =+P51*G51 -> 13469400 | R51: =+J51+L51+N51+P51 -> 6823 | S51: =+R51*G51 -> 102113018 | T51: =+'640,1'!I53 -> 2047 | U51: =+T51*G51 -> 30635402 | V51: =+J51+L51+N51+P51+T51 -> 8870 | W51: =+V51*G51 -> 132748420
B52: 610.1 | C52: 610.1 | D52: 610-13 | E52: RELLENO PARA ESTRUCTURAS CON RECEBO | F52: M3 | G52: =+cant!J738 -> 271 | H52: =+'610,1'!I55 -> 78359 | I52: =ROUND(H52*G52,0) -> 21235289 | J52: =+'610,1'!I19 -> 3676 | K52: =+J52*G52 -> 996196 | L52: =+'610,1'!I29 -> 34925 | M52: =+L52*G52 -> 9464675 | N52: =+'610,1'!I36 -> 9680 | O52: =+N52*G52 -> 2623280 | P52: =+'610,1'!I45 -> 11995 | Q52: =+P52*G52 -> 3250645 | R52: =+J52+L52+N52+P52 -> 60276 | S52: =+R52*G52 -> 16334796 | T52: =+'610,1'!I53 -> 18083 | U52: =+T52*G52 -> 4900493 | V52: =+J52+L52+N52+P52+T52 -> 78359 | W52: =+V52*G52 -> 21235289
B53: 661.1 | C53: 661.1 | D53: 661-13 | E53: TUBERÍA DE CONCRETO REFORZADO 900 MM DIÁMETRO INTERIOR (TIPO 1) | F53: ML | G53: =+cant!J753 -> 113 | H53: =+'661,1'!I55 -> 734009 | I53: =ROUND(H53*G53,0) -> 82943017 | J53: =+'661,1'!I19 -> 3999 | K53: =+J53*G53 -> 451887 | L53: =+'661,1'!I29 -> 376853 | M53: =+L53*G53 -> 42584389 | N53: =+'661,1'!I36 -> 168776 | O53: =+N53*G53 -> 19071688 | P53: =+'661,1'!I45 -> 14994 | Q53: =+P53*G53 -> 1694322 | R53: =+J53+L53+N53+P53 -> 564622 | S53: =+R53*G53 -> 63802286 | T53: =+'661,1'!I53 -> 169387 | U53: =+T53*G53 -> 19140731 | V53: =+J53+L53+N53+P53+T53 -> 734009 | W53: =+V53*G53 -> 82943017
E55: ELEMENTOS AUXILIARES DE CONDUCCIÓN:
B56: 660.1 | C56: 671.1 | D56: 660-13 | E56: CUNETA DE CONCRETO FUNDIDA EN EL LUGAR | F56: M3 | G56: =+cant!J769 -> 46 | H56: =+'660,1'!I55 -> 814173 | I56: =ROUND(H56*G56,0) -> 37451958 | J56: =+'660,1'!I19 -> 1200 | K56: =+J56*G56 -> 55200 | L56: =+'660,1'!I29 -> 501817 | M56: =+L56*G56 -> 23083582 | N56: =+'660,1'!I36 -> 99280 | O56: =+N56*G56 -> 4566880 | P56: =+'660,1'!I45 -> 23990 | Q56: =+P56*G56 -> 1103540 | R56: =+J56+L56+N56+P56 -> 626287 | S56: =+R56*G56 -> 28809202 | T56: =+'660,1'!I53 -> 187886 | U56: =+T56*G56 -> 8642756 | V56: =+J56+L56+N56+P56+T56 -> 814173 | W56: =+V56*G56 -> 37451958
B57: 672.1 | C57: 672.1 | D57: 672-13 | E57: BORDILLOS DE CONCRETO | F57: M3 | G57: =+cant!J788 -> 13 | H57: =+'672,1'!I55 -> 54457 | I57: =ROUND(H57*G57,0) -> 707941 | J57: =+'672,1'!I19 -> 187 | K57: =+J57*G57 -> 2431 | L57: =+'672,1'!I29 -> 37955 | M57: =+L57*G57 -> 493415 | N57: =+'672,1'!I36 -> 0 | O57: =+N57*G57 -> 0 | P57: =+'672,1'!I45 -> 3748 | Q57: =+P57*G57 -> 48724 | R57: =+J57+L57+N57+P57 -> 41890 | S57: =+R57*G57 -> 544570 | T57: =+'672,1'!I53 -> 12567 | U57: =+T57*G57 -> 163371 | V57: =+J57+L57+N57+P57+T57 -> 54457 | W57: =+V57*G57 -> 707941
E59: ELEMENTOS AUXILIARES DE DRENAJE:
B60: 673.1 | C60: 231.1 | D60: 673-13 | E60: GEOTEXTIL | F60: M2 | G60: =+cant!J854 -> 765 | H60: =+'673,1'!I55 -> 11020 | I60: =ROUND(H60*G60,0) -> 8430300 | J60: =+'673,1'!I19 -> 0 | K60: =+J60*G60 -> 0 | L60: =+'673,1'!I29 -> 8077 | M60: =+L60*G60 -> 6178905 | N60: =+'673,1'!I36 -> 0 | O60: =+N60*G60 -> 0 | P60: =+'673,1'!I45 -> 400 | Q60: =+P60*G60 -> 306000 | R60: =+J60+L60+N60+P60 -> 8477 | S60: =+R60*G60 -> 6484905 | T60: =+'673,1'!I53 -> 2543 | U60: =+T60*G60 -> 1945395 | V60: =+J60+L60+N60+P60+T60 -> 11020 | W60: =+V60*G60 -> 8430300
B61: 673.2 | C61: 673.1 | D61: 673-13 | E61: MATERIAL GRANULAR FILTRANTE | F61: M3 | G61: =+cant!J875 -> 235 | H61: =+'673,2'!I55 -> 206995 | I61: =ROUND(H61*G61,0) -> 48643825 | J61: =+'673,2'!I19 -> 750 | K61: =+J61*G61 -> 176250 | L61: =+'673,2'!I29 -> 51700 | M61: =+L61*G61 -> 12149500 | N61: =+'673,2'!I36 -> 99280 | O61: =+N61*G61 -> 23330800 | P61: =+'673,2'!I45 -> 7497 | Q61: =+P61*G61 -> 1761795 | R61: =+J61+L61+N61+P61 -> 159227 | S61: =+R61*G61 -> 37418345 | T61: =+'673,2'!I53 -> 47768 | U61: =+T61*G61 -> 11225480 | V61: =+J61+L61+N61+P61+T61 -> 206995 | W61: =+V61*G61 -> 48643825
B62: 674.2 | C62: 674.2 | D62: 674-13 | E62: DREN HORIZONTAL DE LONGITUD MAYOR A DIEZ METROS | F62: ML | G62: =+cant!J938 -> 113 | H62: =+'674,2'!I55 -> 93048 | I62: =ROUND(H62*G62,0) -> 10514424 | J62: =+'674,2'!I19 -> 49812 | K62: =+J62*G62 -> 5628756 | L62: =+'674,2'!I29 -> 12767 | M62: =+L62*G62 -> 1442671 | N62: =+'674,2'!I36 -> 0 | O62: =+N62*G62 -> 0 | P62: =+'674,2'!I45 -> 8996 | Q62: =+P62*G62 -> 1016548 | R62: =+J62+L62+N62+P62 -> 71575 | S62: =+R62*G62 -> 8087975 | T62: =+'674,2'!I53 -> 21473 | U62: =+T62*G62 -> 2426449 | V62: =+J62+L62+N62+P62+T62 -> 93048 | W62: =+V62*G62 -> 10514424
E65: ELEMENTOS AUXILIARES DE CONTENCIÓN
B66: 681.1 | C66: 681.1 | D66: 681-13 | E66: GAVIÓN | F66: M3 | G66: =+cant!J953 -> 266 | H66: =+'681,1'!I55 -> 195286 | I66: =ROUND(H66*G66,0) -> 51946076 | J66: =+'681,1'!I19 -> 750 | K66: =+J66*G66 -> 199500 | L66: =+'681,1'!I29 -> 126285 | M66: =+L66*G66 -> 33591810 | N66: =+'681,1'!I36 -> 8191 | O66: =+N66*G66 -> 2178806 | P66: =+'681,1'!I45 -> 14994 | Q66: =+P66*G66 -> 3988404 | R66: =+J66+L66+N66+P66 -> 150220 | S66: =+R66*G66 -> 39958520 | T66: =+'681,1'!I53 -> 45066 | U66: =+T66*G66 -> 11987556 | V66: =+J66+L66+N66+P66+T66 -> 195286 | W66: =+V66*G66 -> 51946076
G69: SUBTOTAL ESTRUCTURAS Y DRENAJES: | I69: =+SUM(I39:I68) -> 574548304 | K69: =+SUM(K39:K68) -> 29726894 | M69: =+SUM(M39:M68) -> 294908160 | O69: =+SUM(O39:O68) -> 71404348 | Q69: =+SUM(Q39:Q68) -> 45919566 | S69: =+SUM(S39:S68) -> 441958968 | U69: =+SUM(U39:U68) -> 132589336 | W69: =+SUM(W39:W68) -> 574548304
E72: No.5. MANTENIMIENTO VIA
E73: BACHEO | F73: M3 | G73: =+cant!J976 -> 2877 | H73: =+'311,2'!I55 -> 67271 | I73: =ROUND(H73*G73,0) -> 193538667 | J73: =+'311,2'!I19 -> 5842 | K73: =+J73*G73 -> 16807434 | L73: =+'311,2'!I29 -> 10857 | M73: =+L73*G73 -> 31235589 | N73: =+'311,2'!I36 -> 34748 | O73: =+N73*G73 -> 99969996 | P73: =+'311,2'!I45 -> 300 | Q73: =+P73*G73 -> 863100 | R73: =+J73+L73+N73+P73 -> 51747 | S73: =+R73*G73 -> 148876119 | T73: =+'P1'!I47 -> 2565 | U73: =+T73*G73 -> 7379505 | V73: =+J73+L73+N73+P73+T73 -> 54312 | W73: =+V73*G73 -> 156255624
G75: SUBTOTAL MANTENIMIENTO | I75: =+SUM(I73:I74) -> 193538667 | K75: =+SUM(K73:K74) -> 16807434 | M75: =+SUM(M73:M74) -> 31235589 | O75: =+SUM(O73:O74) -> 99969996 | Q75: =+SUM(Q73:Q74) -> 863100 | S75: =+SUM(S73:S74) -> 148876119 | U75: =+SUM(U73:U74) -> 7379505 | W75: =+SUM(W73:W74) -> 156255624
E78: No.6. ESPECIFICACIONES PARTICULARES (OBRAS AMBIENTALES)
B79: P1 | D79: P1 | E79: CONFORMACION DE DEPÓSITO DE MATERIAL SOBRANTE | F79: M3 | G79: =+cant!J1000 -> 1339 | H79: =+'P1'!I55 -> 3335 | I79: =ROUND(H79*G79,0) -> 4465565 | J79: =+'P1'!I19 -> 2315 | K79: =+J79*G79 -> 3099785 | L79: =+'P1'!I29 -> 0 | M79: =+L79*G79 -> 0 | N79: =+'P1'!I36 -> 0 | O79: =+N79*G79 -> 0 | P79: =+'P1'!I45 -> 250 | Q79: =+P79*G79 -> 334750 | R79: =+J79+L79+N79+P79 -> 2565 | S79: =+R79*G79 -> 3434535 | T79: =+'P1'!I53 -> 770 | U79: =+T79*G79 -> 1031030 | V79: =+J79+L79+N79+P79+T79 -> 3335 | W79: =+V79*G79 -> 4465565
G81: SUBTOTAL ESPECIFICACIONES PARTICULARES (OBRAS AMBIENTALES): | I81: =+SUM(I79:I80) -> 4465565 | K81: =+SUM(K79:K80) -> 3099785 | M81: =+SUM(M79:M80) -> 0 | O81: =+SUM(O79:O80) -> 0 | Q81: =+SUM(Q79:Q80) -> 334750 | S81: =+SUM(S79:S80) -> 3434535 | U81: =+SUM(U79:U80) -> 1031030 | W81: =+SUM(W79:W80) -> 4465565
E83: No.7. TRANSPORTE
B84: 900.2 | D84: 900-13 | E84: TRANSPORTE DE MATERIALES PROVENIENTES DE LA EXCAVACIÓN DE LA EXPLANACIÓN, CANALES Y PRÉSTAMOS PARA DISTANCIAS MAYORES DE MIL METROS (1000 M), MEDIDO A PARTIR DE CIEN METROS (100M). | F84: M3-KM | G84: =+cant!J1036 -> 363 | H84: =+'900,2'!I55 -> 1412 | I84: =ROUND(H84*G84,0) -> 512556 | J84: =+'900,2'!I19 -> 1086 | K84: =+J84*G84 -> 394218 | L84: =+'900,2'!I29 -> 0 | M84: =+L84*G84 -> 0 | N84: =+'900,2'!I36 -> 0 | O84: =+N84*G84 -> 0 | P84: =+'900,2'!I45 -> 0 | Q84: =+P84*G84 -> 0 | R84: =+J84+L84+N84+P84 -> 1086 | S84: =+R84*G84 -> 394218 | T84: =+'900,2'!I53 -> 326 | U84: =+T84*G84 -> 118338 | V84: =+J84+L84+N84+P84+T84 -> 1412 | W84: =+V84*G84 -> 512556
G87: SUBTOTAL TRANSPORTE: | I87: =+SUM(I84:I86) -> 512556 | K87: =+SUM(K84:K86) -> 394218 | M87: =+SUM(M84:M86) -> 0 | O87: =+SUM(O84:O86) -> 0 | Q87: =+SUM(Q84:Q86) -> 0 | S87: =+SUM(S84:S86) -> 394218 | U87: =+SUM(U84:U86) -> 118338 | W87: =+SUM(W84:W86) -> 512556
E88: No.8. MAQUINARIA Y OBRAS APORTADAS POR EL MUNICIPIO
E89: MOTONIVELADORA | F89: M3 | G89: =+G21+G22+G27+G28 -> 1281 | H89: =+('230,1'!H11+'310,1'!H11+'311,1'!H13+'311,2'!H13+'320,1'!H13)*1.3 -> 11380.893 | I89: =ROUND(H89*G89,0) -> 14578924 | J89: =+'900,2'!I24 -> 0 | K89: =+J89*G89 -> 0 | L89: =+'900,2'!I34 -> 0 | M89: =+L89*G89 -> 0 | N89: =+'900,2'!I41 -> 0 | O89: =+N89*G89 -> 0 | P89: =+'900,2'!I50 -> 0 | Q89: =+P89*G89 -> 0 | R89: =+J89+L89+N89+P89 -> 0 | S89: =+R89*G89 -> 0 | T89: =+'900,2'!I58 -> 0 | U89: =+T89*G89 -> 0 | V89: =+J89+L89+N89+P89+T89 -> 0 | W89: =+V89*G89 -> 0
E90: RETROCARGADOR | F90: M3 | G90: =+G15+G16+G17+G18+G19+G39+G40+G41+G42 -> 1369 | H90: =+('201,7'!H13+'215'!H11+'210,1,1'!H11+'210,2,1'!H11+'211,1'!H11+'600,1,1'!H11+'600,2,1'!H12+'6002,2'!H12+'600,2,4'!H11)*1.3 -> 104220.31 | I90: =ROUND(H90*G90,0) -> 142677600
E91: VOLQUETA | F91: M3 | G91: =+'900,2'!H11*1.3 -> 1411.2288 | H91: =+G84 -> 363 | I91: =ROUND(H91*G91,0) -> 512276
E92: GAVIÓN | F92: M3 | G92: =+ROUNDUP(cant!J945,0) -> 100 | H92: =+H66 -> 195286 | I92: =ROUND(H92*G92,0) -> 19528600 | J92: =+'681,1'!I45 -> 14994 | K92: =+J92*G92 -> 1499400 | L92: =+'681,1'!I55 -> 195286 | M92: =+L92*G92 -> 19528600 | N92: =+'681,1'!I62 -> 0 | O92: =+N92*G92 -> 0 | P92: =+'681,1'!I71 -> 0 | Q92: =+P92*G92 -> 0 | R92: =+J92+L92+N92+P92 -> 210280 | S92: =+R92*G92 -> 21028000 | T92: =+'681,1'!I79 -> 0 | U92: =+T92*G92 -> 0 | V92: =+J92+L92+N92+P92+T92 -> 210280 | W92: =+V92*G92 -> 21028000
E93: ALCANTARILLA (CONCRETO CLASE C) | F93: M3 | G93: =+cant!H510 -> 4.912 | H93: =+H45 -> 805045 | I93: =ROUND(H93*G93,0) -> 3954381
E94: ALCANTARILLA (ACERO) | F94: KG | G94: =+cant!G607 -> 275 | H94: =+H51 -> 8870 | I94: =ROUND(H94*G94,0) -> 2439250
G95: SUBTOTAL MUNICIPIO: | I95: =+SUM(I89:I94) -> 183691031 | K95: =+SUM(K89:K91) -> 0 | M95: =+SUM(M89:M91) -> 0 | O95: =+SUM(O89:O91) -> 0 | Q95: =+SUM(Q89:Q91) -> 0 | S95: =+SUM(S89:S91) -> 0 | U95: =+SUM(U89:U91) -> 0 | W95: =+SUM(W89:W91) -> 0
Q96: =SUM(Q13:Q87)/2 -> 49995430 | S96: =SUM(S13:S87)/2 -> 7.2823384e+08
S97: =+S96-I95 -> 5.4454281e+08
C98: COSTO BÁSICO: | I98: =+I24+I30+I35+I69+I75+I81+I87 -> 946705776 | L98: 4084
D99: COSTO BASICO MENOS MAQUINARIA Y OBRAS APORTADAS POR EL MUNICIPIO: | I99: =+I98-I95 -> 763014745
C100: =+'Presup '!C94:H94 -> PLAN DE MANEJO AMBIENTAL | I100: =+'[18] PAGA CAP'!$G$21 -> 8702581 | K100: =+(L100*K98)/L98 -> 0 | L100: =+cant!E15 -> 20200
C101: IVA (19%) = (B x 0,19) | D101: IVA (16%) = (D x 0,16) | I101: =+ROUND(I100*0.19,0) -> 1653490
C102: =+'Presup '!C98:H98 -> PLAN DE MANEJO AMBIENTAL | I102: =+I101+I100 -> 10356071 | K102: 289992973 | L102: =+L98 -> 4084
C103: =+'Presup '!C99:H99 -> PLAN DE MANEJO DE TRÁNSITO | I103: =+PLMT!G28 -> 12565630 | K103: =+ROUNDUP((L103*K102)/L102,0) -> 1434343305 | L103: =+L100 -> 20200
C104: IVA (19%) = (E x 0,19) | D104: IVA (16%) = (D x 0,16) | I104: =ROUND(I103*0.19,0) -> 2387470
C105: =+'Presup '!C101:H101 -> PLAN DE MANEJO DE TRÁNSITO | I105: =+I104+I103 -> 14953100 | K105: =+PLMT!G28 -> 12565630 | L105: =+PLMT!D23 -> 2020
C106: GESTIÓN PREDIAL | I106: =+[19]Hoja1!$H$88*0 -> 0 | K106: =+ROUND((L106*K105)/L105,0) -> 125656300 | L106: =+L103 -> 20200
C107: IVA (19%) = (H x 0,19) | D107: IVA (16%) = (D x 0,16) | I107: =ROUND(I106*0.19,0) -> 0
C108: SUBTOTAL GESTIÓN PREDIAL | I108: =+I107+I106 -> 0
D109: =+'Presup '!D97:H97 -> CARACTERIZACIÓN VIAL | I109: =+'Presup '!I97 -> 0
D110: =+'Presup '!D105:H105 -> PROTOCOLO DE BIOSEGURIDAD | I110: =+'Presup '!I105 -> 6707620
D111: =+'Presup '!C108 -> INTERVENTORIA: | I111: =+Interv!H53+'[17]presup protocolo interv'!$F$43 -> 76437172
C112: VALOR TOTAL | I112: =+I108+I105+I102+I99+I109+I111+I110 -> 871468708
F119: =+B71 -> 0
F120: =+B77 -> 0
E126: =+'Presup '!F123 -> ING. JHONATAN STIVEN PANTOJA MORILLO
E127: =+'Presup '!F124 -> M.P. 111037-0520109 NRÑ

Sheet cant
B1: REPUBLICA DE COLOMBIA
B2: DEPARTAMENTO DE NARIÑO
B3: =+'Presup '!B3:I3 -> ALCALDÍA MUNICIPAL DE SAN LORENZO
B5: =+'Presup '!B5:I6 -> MEJORAMIENTO VÍA LA LAGUNA, SALINAS, LOS OLIVOS
L8: =+'Presup '!F123 -> ING. JHONATAN STIVEN PANTOJA MORILLO
B9: CANTIDADES DE OBRA | L9: =+'Presup '!F124 -> M.P. 111037-0520109 NRÑ
D11: No.1. EXPLANACIÓN
E13: Dimensiones | I13: Unidad: | J13: =+P.Detall!F13 -> HA | K13: DESCRIPCIÓN GRÁFICA
B14: ÍTEM | C14: ÍTEM | D14: DESCRIPCIÓN | E14: Long. (m) | F14: Ancho (m) | G14: Espesor (m) | J14: Sub-Total
B15: 200-2 | C15: 200.2 | D15: =+P.Detall!E13 -> DESMONTE Y LIMPIEZA EN ZONAS NO BOSCOSAS | E15: 20200 | J15: =(F21*E15/10000) -> 10.1 | M15: =6015-650-765 -> 4600
D16: ancho calzada | F16: 5
D17: ancho cuneta der | F17: 0
D18: ancho cuneta izq | F18: =+F17 -> 0
D19: perfilado extra der | F19: 0
D20: perfilado extra izq | F20: =+F19 -> 0
F21: =SUM(F16:F20) -> 5
B29: OBSERVACIONES:
G31: TOTAL: | J31: =ROUND(SUM(J15:J21),2) -> 10.1
E34: Dimensiones | I34: Unidad: | J34: =+P.Detall!F14 -> ML | K34: DESCRIPCIÓN GRÁFICA
B35: ÍTEM | C35: ÍTEM | D35: DESCRIPCIÓN | E35: Long. (m) | F35: Ancho (m) | G35: Espesor (m) | J35: Sub-Total
B36: 200-4P | C36: 200.2 | D36: =+P.Detall!E14 -> LOCALIZACIÓN Y REPLANTEO (CARRETERA) | E36: =200 -> 200 | J36: =+E36 -> 200
B63: OBSERVACIONES:
G65: TOTAL: | J65: =ROUND(SUM(J36:J63),0) -> 200
E68: Dimensiones | I68: Unidad: | J68: =+P.Detall!F15 -> M3 | K68: DESCRIPCIÓN GRÁFICA
B69: ÍTEM | C69: ÍTEM | D69: DESCRIPCIÓN | E69: Und | F69: Elemento | G69: m3 | J69: Sub-Total
B70: 201-7 | C70: 200.2 | D70: =+P.Detall!E15 -> DEMOLICIÓN DE ESTRUCTURAS | F70: muro aletas der | G70: =2*2.25*0.2 -> 0.9 | J70: =+E109*G75 -> 38
D71: volumen promedio de estructuras existentes antiguas (aletas, cabezales, muros, etc) | F71: muro aletas izq | G71: =+G70 -> 0.9
F72: base der | G72: =1*2*0.3 -> 0.6
F73: base izq | G73: =+G72 -> 0.6
F74: muro | G74: =1*2*0.2*2 -> 0.8
G75: =SUM(G70:G74) -> 3.8
D76: 1 | E76: 1
D77: 2 | E77: =+E76 -> 1
D78: 3 | E78: =+E77 -> 1
D79: 4 | E79: =+E78 -> 1
D80: 5 | E80: =+E79 -> 1
D81: 6 | E81: =+E80 -> 1
D82: 7 | E82: =+E81 -> 1
D83: 8 | E83: =+E82 -> 1
D84: 9 | E84: =+E83 -> 1
D85: 10 | E85: =+E84 -> 1
D87: 1860
D88: 1920
D89: 2020
D90: 2120
D91: 2220
D92: 2320
D93: 2450
D94: 2550
D95: 2650
D96: 2750
D97: 2840
D98: 2940
... D107: 3840
E109: =+SUM(E76:E107) -> 10
B110: OBSERVACIONES:
G112: TOTAL: | J112: =ROUND(SUM(J70:J75),2) -> 38
E115: Dimensiones | I115: Unidad: | J115: =+P.Detall!F16 -> ML | K115: DESCRIPCIÓN GRÁFICA
B116: ÍTEM | C116: ÍTEM | D116: DESCRIPCIÓN | E116: Und | F116: L transversal m | J116: Sub-Total
B117: 215 | C117: 200.2 | D117: =+P.Detall!E16 -> REMOSIÓN DE ALCANTARILLAS | E117: =+SUM(E118:E124) -> 5 | F117: 6 | G117: L prom alc existentes | J117: =+F117*E117 -> 30
D118: 1 | E118: 1
D119: 2 | E119: =+E118 -> 1
D120: 3 | E120: =+E119 -> 1
D121: 4 | E121: =+E120 -> 1
D122: 5 | E122: =+E121 -> 1
B126: OBSERVACIONES:
G128: TOTAL: | J128: =ROUND(SUM(J117:J127),0) -> 30
E131: Dimensiones | I131: Unidad: | J131: =+P.Detall!F17 -> M3 | K131: DESCRIPCIÓN GRÁFICA
B132: ÍTEM | C132: ÍTEM | D132: DESCRIPCIÓN | E132: Long. (m) | F132: Ancho (m) | G132: H prom (m) | H132: A prom m2 | I132: V prom m3 | J132: Sub-Total
B133: 210.1.1 | C133: 200.2 | D133: =+P.Detall!E17 -> EXCAVACION SIN CLASIFICAR DE LA EXPLANACIÓN Y CANALES
D134: VOLUMEN DE CORTE TRAMO:_______________ | E134: =+E15/2000 -> 10.1 | F134: 3 | G134: 1.2 | H134: =+F134*G134 -> 3.6 | I134: =+H134*E134 -> 36.36 | J134: =+G134*F134*E134 -> 36.36
D135: Pie de Talud de corte: | E135: =+E134 -> 10.1 | G135: 0.2 | J135: =ROUND(G135*F138*E135,0) -> 3
D136: perfilado lado der | F136: 0.8
D137: perfilado lado izq | F137: 0.8
F138: =SUM(F136:F137) -> 1.6
B145: OBSERVACIONES:
G147: TOTAL: | J147: =ROUND(SUM(J133:J138),0) -> 39
E150: Dimensiones | I150: Unidad: | J150: =+P.Detall!F18 -> M3 | K150: DESCRIPCIÓN GRÁFICA
B151: ÍTEM | C151: ÍTEM | D151: DESCRIPCIÓN | E151: V m3 | F151: % estimado | G151: Espesor (m) | J151: Sub-Total
B152: 210.2.1 | C152: 200.2 | D152: =+P.Detall!E18 -> EXCAVACION EN ROCA DE LA EXPLANACION Y CANALES | J152: =ROUND(E153*F153,0) -> 10
D153: =+D133 -> EXCAVACION SIN CLASIFICAR DE LA EXPLANACIÓN Y CANALES | E153: =+J147 -> 39 | F153: 0.25
B167: OBSERVACIONES:
G169: TOTAL: | J169: =ROUND(SUM(J152:J167),0) -> 10
E172: Dimensiones | I172: Unidad: | J172: =+P.Detall!F19 -> M3 | K172: DESCRIPCIÓN GRÁFICA
B173: ÍTEM | C173: ÍTEM | D173: DESCRIPCIÓN | E173: V m3 | F173: % estimado | G173: Espesor (m) | J173: Sub-Total
B174: 211.1 | C174: 200.2 | D174: =+P.Detall!E19 -> REMOCION DE DERRUMBES | J174: =ROUND(E175*F175,0) -> 4
D175: =+D133 -> EXCAVACION SIN CLASIFICAR DE LA EXPLANACIÓN Y CANALES | E175: =+J147 -> 39 | F175: 0.1
B185: OBSERVACIONES:
G187: TOTAL: | J187: =ROUND(SUM(J174:J186),0) -> 4
E190: Dimensiones | I190: Unidad: | J190: =+P.Detall!F20 -> M3 | K190: DESCRIPCIÓN GRÁFICA
B191: ÍTEM | C191: ÍTEM | D191: DESCRIPCIÓN | E191: Long. (m) | F191: Ancho (m) | G191: H prom (m) | H191: A prom m2 | I191: V prom m3 | J191: Sub-Total
B192: 220.1 | C192: 200.2 | D192: =+P.Detall!E20 -> TERRAPLEN
D193: Volumen de terraplen: PLACA HUELLA | E193: 220 | F193: =0.9*5 -> 4.5 | G193: 0.034 | H193: =+F193*G193 -> 0.153 | I193: =+H193*E193 -> 33.66 | J193: =+I193 -> 33.66
B200: OBSERVACIONES:
G202: TOTAL: | J202: =ROUND(SUM(J192:J201),0) -> 34
E205: Dimensiones | I205: Unidad: | J205: =+P.Detall!F21 -> M3 | K205: DESCRIPCIÓN GRÁFICA
B206: ÍTEM | C206: ÍTEM | D206: DESCRIPCIÓN | E206: Long. (m) | F206: Espesor prom m | G206: Ancho m | H206: V m3 | J206: Sub-Total
B207: 230.1 | C207: 200.2 | D207: =+P.Detall!E21 -> MEJORAMIENTO DE LA SUBRASANTE EMPLEANDO UNICAMENTE MATERIAL ADICIONADO | J207: =+H208 -> 66 | N207: 339
D208: L pie talud | E208: =+E193 -> 220 | F208: 0.2 | H208: =+E208*F208*G211 -> 66
D209: Mejoramiento subrasante canales der | G209: 0.75
...

Sheet MGA
B1: =+'Presup '!B5 -> MEJORAMIENTO VÍA LA LAGUNA, SALINAS, LOS OLIVOS
B4: M.G.A.
AC5: VALORES DISCRIMINADOS MGA
B6: ÍTEM | C6: ÍTEM | D6: ESPECIFICACIÓN | E6: DESCRIPCIÓN | F6: UNIDAD | G6: CANTIDAD | H6: VALOR UNITARIO | I6: COSTO TOTAL | J6: EQUIPO | K6: TOTAL EQUIPO | L6: MATERIALES | M6: TOTAL MATERIALES | N6: TRANSPORTE | O6: TOTAL TRANSPORTE | P6: MANO DE OBRA | Q6: TOTAL MANO DE OBRA | R6: COSTO DIRECTO | S6: TOTAL COSTO DIRECTO | T6: COSTO INDIRECTO | U6: AUI | V6: VALOR UNITARIO | W6: EQUIPO | X6: MATERIALES | Y6: TRANSPORTE | Z6: M.O. CALIFICADA | AA6: M.O.NO CALIFICADA | AB6: VERIFICACION | AC6: EQUIPO | AD6: MATERIALES | AE6: TRANSPORTE | AF6: M.O. CALIFICADA | AG6: M.O.NO CALIFICADA | AH6: TOTAL | AI6: EQUIPO | AJ6: MATERIALES | AK6: TRANSPORTE | AL6: M.O. CALIFICADA | AM6: M.O.NO CALIFICADA
E7: No.1. EXPLANACIÓN
B8: =+'Presup '!B13 -> 200.2 | C8: 200.2 | D8: 200.13 | E8: DESMONTE Y LIMPIEZA EN ZONAS NO BOSCOSAS | F8: HA | G8: =+P.Detall!G13 -> 10.1 | H8: =+'200.2'!I55 -> 437035 | I8: =ROUND(H8*G8,0) -> 4414054 | J8: =+'200.2'!I19 -> 154181 | K8: =+J8*G8 -> 1557228.1 | L8: =+'200.2'!I29 -> 0 | M8: =+L8*G8 -> 0 | N8: =+'200.2'!I36 -> 62050 | O8: =+N8*G8 -> 626705 | P8: =+'200.2'!I45 -> 119950 | Q8: =+P8*G8 -> 1211495 | R8: =+J8+L8+N8+P8 -> 336181 | S8: =+R8*G8 -> 3395428.1 | T8: =+'200.2'!I53 -> 100854 | U8: =+T8*G8 -> 1018625.4 | V8: =+J8+L8+N8+P8+T8 -> 437035 | W8: =+K8/S8 -> 0.45862497 | X8: =+M8/S8 -> 0 | Y8: =+O8/S8 -> 0.18457319 | Z8: =+(Q8/S8)*0.2 -> 0.071360368 | AA8: =+(Q8/S8)*0.8 -> 0.28544147 | AB8: =+SUM(W8:AA8) -> 1 | AC8: =+W8*I8 -> 2024395.4 | AD8: =+X8*I8 -> 0 | AE8: =+Y8*I8 -> 814716.03 | AF8: =+Z8*I8 -> 314988.52 | AG8: =+AA8*I8 -> 1259954.1 | AH8: =+SUM(AC8:AG8) -> 4414054
B9: =+'Presup '!B14 -> 200.4P | C9: 200.4P | D9: - | E9: LOCALIZACIÓN Y REPLANTEO (CARRETERA) | F9: ML | G9: =+P.Detall!G14 -> 200 | H9: =+'200,4P'!I55 -> 1903 | I9: =ROUND(H9*G9,0) -> 380600 | J9: =+'200,4P'!I19 -> 103 | K9: =+J9*G9 -> 20600 | L9: =+'200,4P'!I29 -> 621 | M9: =+L9*G9 -> 124200 | N9: =+'200,4P'!I36 -> 0 | O9: =+N9*G9 -> 0 | P9: =+'200,4P'!I45 -> 740 | Q9: =+P9*G9 -> 148000 | R9: =+J9+L9+N9+P9 -> 1464 | S9: =+R9*G9 -> 292800 | T9: =+'200,4P'!I53 -> 439 | U9: =+T9*G9 -> 87800 | V9: =+J9+L9+N9+P9+T9 -> 1903 | W9: =+K9/S9 -> 0.070355191 | X9: =+M9/S9 -> 0.42418033 | Y9: =+O9/S9 -> 0 | Z9: =+(Q9/S9)*0.8 -> 0.40437158 | AA9: =+(Q9/S9)*0.2 -> 0.1010929 | AB9: =+SUM(W9:AA9) -> 1 | AC9: =+W9*I9 -> 26777.186 | AD9: =+X9*I9 -> 161443.03 | AE9: =+Y9*I9 -> 0 | AF9: =+Z9*I9 -> 153903.83 | AG9: =+AA9*I9 -> 38475.956 | AH9: =+SUM(AC9:AG9) -> 380600
B10: =+'Presup '!B15 -> 201.7 | C10: 201.7 | D10: 201-13 | E10: DEMOLICIÓN DE ESTRUCTURAS | F10: M3 | G10: =+P.Detall!G15 -> 38 | H10: =+'201,7'!I55 -> 121154 | I10: =ROUND(H10*G10,0) -> 4603852 | J10: =+'201,7'!I19 -> 68466 | K10: =+J10*G10 -> 2601708 | L10: =+'201,7'!I29 -> 0 | M10: =+L10*G10 -> 0 | N10: =+'201,7'!I36 -> 3309 | O10: =+N10*G10 -> 125742 | P10: =+'201,7'!I45 -> 21420 | Q10: =+P10*G10 -> 813960 | R10: =+J10+L10+N10+P10 -> 93195 | S10: =+R10*G10 -> 3541410 | T10: =+'201,7'!I53 -> 27959 | U10: =+T10*G10 -> 1062442 | V10: =+J10+L10+N10+P10+T10 -> 121154 | W10: =+K10/S10 -> 0.73465315 | X10: =+M10/S10 -> 0 | Y10: =+O10/S10 -> 0.035506197 | Z10: =+(Q10/S10)*0.2 -> 0.045968131 | AA10: =+(Q10/S10)*0.8 -> 0.18387253 | AB10: =+SUM(W10:AA10) -> 1 | AC10: =+W10*I10 -> 3382234.4 | AD10: =+X10*I10 -> 0 | AE10: =+Y10*I10 -> 163465.27 | AF10: =+Z10*I10 -> 211630.47 | AG10: =+AA10*I10 -> 846521.89 | AH10: =+SUM(AC10:AG10) -> 4603852
B11: =+'Presup '!B16 -> 215 | D11: 201-13 | E11: REMOSIÓN DE ALCANTARILLAS | F11: ML | G11: =+P.Detall!G16 -> 30 | H11: =+'215'!I55 -> 38069 | I11: =ROUND(H11*G11,0) -> 1142070 | J11: =+'215'!I19 -> 20817 | K11: =+J11*G11 -> 624510 | L11: =+'215'!I29 -> 0 | M11: =+L11*G11 -> 0 | N11: =+'215'!I36 -> 1613 | O11: =+N11*G11 -> 48390 | P11: =+'215'!I45 -> 6854 | Q11: =+P11*G11 -> 205620 | R11: =+J11+L11+N11+P11 -> 29284 | S11: =+R11*G11 -> 878520 | T11: =+'215'!I53 -> 8785 | U11: =+T11*G11 -> 263550 | V11: =+J11+L11+N11+P11+T11 -> 38069 | W11: =+K11/S11 -> 0.710866 | X11: =+M11/S11 -> 0 | Y11: =+O11/S11 -> 0.055081273 | Z11: =+(Q11/S11)*0.2 -> 0.046810545 | AA11: =+(Q11/S11)*0.8 -> 0.18724218 | AB11: =+SUM(W11:AA11) -> 1 | AC11: =+W11*I11 -> 811858.73 | AD11: =+X11*I11 -> 0 | AE11: =+Y11*I11 -> 62906.67 | AF11: =+Z11*I11 -> 53460.919 | AG11: =+AA11*I11 -> 213843.68 | AH11: =+SUM(AC11:AG11) -> 1142070
B12: =+'Presup '!B17 -> 210.1.1 | D12: 210-13 | E12: EXCAVACION SIN CLASIFICAR DE LA EXPLANACIÓN Y CANALES | F12: M3 | G12: =+P.Detall!G17 -> 39 | H12: =+'210,1,1'!I55 -> 15835 | I12: =ROUND(H12*G12,0) -> 617565 | J12: =+'210,1,1'!I19 -> 10358 | K12: =+J12*G12 -> 403962 | L12: =+'210,1,1'!I29 -> 0 | M12: =+L12*G12 -> 0 | N12: =+'210,1,1'!I36 -> 0 | O12: =+N12*G12 -> 0 | P12: =+'210,1,1'!I45 -> 1823 | Q12: =+P12*G12 -> 71097 | R12: =+J12+L12+N12+P12 -> 12181 | S12: =+R12*G12 -> 475059 | T12: =+'210,1,1'!I53 -> 3654 | U12: =+T12*G12 -> 142506 | V12: =+J12+L12+N12+P12+T12 -> 15835 | W12: =+K12/S12 -> 0.85034069 | X12: =+M12/S12 -> 0 | Y12: =+O12/S12 -> 0 | Z12: =+(Q12/S12)*0.2 -> 0.029931861 | AA12: =+(Q12/S12)*0.8 -> 0.11972744 | AB12: =+SUM(W12:AA12) -> 1 | AC12: =+W12*I12 -> 525140.65 | AD12: =+X12*I12 -> 0 | AE12: =+Y12*I12 -> 0 | AF12: =+Z12*I12 -> 18484.87 | AG12: =+AA12*I12 -> 73939.479 | AH12: =+SUM(AC12:AG12) -> 617565
B13: =+'Presup '!B18 -> 210.2.1 | D13: 210-13 | E13: EXCAVACION EN ROCA DE LA EXPLANACION Y CANALES | F13: M3 | G13: =+P.Detall!G18 -> 10 | H13: =+'210,2,1'!I55 -> 64116 | I13: =ROUND(H13*G13,0) -> 641160 | J13: =+'210,2,1'!I19 -> 21947 | K13: =+J13*G13 -> 219470 | L13: =+'210,2,1'!I29 -> 24215 | M13: =+L13*G13 -> 242150 | N13: =+'210,2,1'!I36 -> 0 | O13: =+N13*G13 -> 0 | P13: =+'210,2,1'!I45 -> 3158 | Q13: =+P13*G13 -> 31580 | R13: =+J13+L13+N13+P13 -> 49320 | S13: =+R13*G13 -> 493200 | T13: =+'210,2,1'!I53 -> 14796 | U13: =+T13*G13 -> 147960 | V13: =+J13+L13+N13+P13+T13 -> 64116 | W13: =+K13/S13 -> 0.44499189 | X13: =+M13/S13 -> 0.49097729 | Y13: =+O13/S13 -> 0 | Z13: =+(Q13/S13)*0.2 -> 0.012806164 | AA13: =+(Q13/S13)*0.8 -> 0.051224655 | AB13: =+SUM(W13:AA13) -> 1 | AC13: =+W13*I13 -> 285311 | AD13: =+X13*I13 -> 314795 | AE13: =+Y13*I13 -> 0 | AF13: =+Z13*I13 -> 8210.8 | AG13: =+AA13*I13 -> 32843.2 | AH13: =+SUM(AC13:AG13) -> 641160
B14: =+'Presup '!B19 -> 211.1 | D14: 220-13 | E14: REMOCION DE DERRUMBES | F14: M3 | G14: =+P.Detall!G19 -> 4 | H14: =+'211,1'!I55 -> 6812 | I14: =ROUND(H14*G14,0) -> 27248 | J14: =+'211,1'!I19 -> 2289 | K14: =+J14*G14 -> 9156 | L14: =+'211,1'!I29 -> 2236 | M14: =+L14*G14 -> 8944 | N14: =+'211,1'!I36 -> 0 | O14: =+N14*G14 -> 0 | P14: =+'211,1'!I45 -> 715 | Q14: =+P14*G14 -> 2860 | R14: =+J14+L14+N14+P14 -> 5240 | S14: =+R14*G14 -> 20960 | T14: =+'211,1'!I53 -> 1572 | U14: =+T14*G14 -> 6288 | V14: =+J14+L14+N14+P14+T14 -> 6812 | W14: =+K14/S14 -> 0.43683206 | X14: =+M14/S14 -> 0.42671756 | Y14: =+O14/S14 -> 0 | Z14: =+(Q14/S14)*0.2 -> 0.027290076 | AA14: =+(Q14/S14)*0.8 -> 0.10916031 | AB14: =+SUM(W14:AA14) -> 1 | AC14: =+W14*I14 -> 11902.8 | AD14: =+X14*I14 -> 11627.2 | AE14: =+Y14*I14 -> 0 | AF14: =+Z14*I14 -> 743.6 | AG14: =+AA14*I14 -> 2974.4 | AH14: =+SUM(AC14:AG14) -> 27248
B15: 220.1 | E15: TERRAPLEN | F15: M3 | G15: =+P.Detall!G20 -> 34 | H15: =+'220,1'!I55 -> 271005 | I15: =ROUND(H15*G15,0) -> 9214170 | J15: =+'220,1'!I19 -> 6732 | K15: =+J15*G15 -> 228888 | L15: =+'220,1'!I29 -> 33605 | M15: =+L15*G15 -> 1142570 | N15: =+'220,1'!I36 -> 167783 | O15: =+N15*G15 -> 5704622 | P15: =+'220,1'!I45 -> 345 | Q15: =+P15*G15 -> 11730 | R15: =+J15+L15+N15+P15 -> 208465 | S15: =+R15*G15 -> 7087810 | T15: =+'220,1'!I53 -> 62540 | U15: =+T15*G15 -> 2126360 | V15: =+J15+L15+N15+P15+T15 -> 271005 | W15: =+K15/S15 -> 0.032293191 | X15: =+M15/S15 -> 0.16120212 | Y15: =+O15/S15 -> 0.80484973 | Z15: =+(Q15/S15)*0.8 -> 0.0013239633 | AA15: =+(Q15/S15)*0.2 -> 0.00033099081 | AB15: =+SUM(W15:AA15) -> 1 | AC15: =+W15*I15 -> 297554.95 | AD15: =+X15*I15 -> 1485343.7 | AE15: =+Y15*I15 -> 7416022.3 | AF15: =+Z15*I15 -> 12199.223 | AG15: =+AA15*I15 -> 3049.8056 | AH15: =+SUM(AC15:AG15) -> 9214170
B16: =+'Presup '!B21 -> 230.1 | D16: 230-13 | E16: MEJORAMIENTO DE LA SUBRASANTE EMPLEANDO UNICAMENTE MATERIAL ADICIONADO | F16: M3 | G16: =+P.Detall!G21 -> 66 | H16: =+'230,1'!I55 -> 214427 | I16: =ROUND(H16*G16,0) -> 14152182 | J16: =+'230,1'!I19 -> 1947 | K16: =+J16*G16 -> 128502 | L16: =+'230,1'!I29 -> 33693 | M16: =+L16*G16 -> 2223738 | N16: =+'230,1'!I36 -> 129064 | O16: =+N16*G16 -> 8518224 | P16: =+'230,1'!I45 -> 240 | Q16: =+P16*G16 -> 15840 | R16: =+J16+L16+N16+P16 -> 164944 | S16: =+R16*G16 -> 10886304 | T16: =+'230,1'!I53 -> 49483 | U16: =+T16*G16 -> 3265878 | V16: =+J16+L16+N16+P16+T16 -> 214427 | W16: =+K16/S16 -> 0.011804006 | X16: =+M16/S16 -> 0.20426933 | Y16: =+O16/S16 -> 0.78247163 | Z16: =+(Q16/S16)*0.8 -> 0.0011640314 | AA16: =+(Q16/S16)*0.2 -> 0.00029100786 | AB16: =+SUM(W16:AA16) -> 1 | AC16: =+W16*I16 -> 167052.44 | AD16: =+X16*I16 -> 2890856.7 | AE16: =+Y16*I16 -> 11073681 | AF16: =+Z16*I16 -> 16473.585 | AG16: =+AA16*I16 -> 4118.3962 | AH16: =+SUM(AC16:AG16) -> 14152182
B17: =+'Presup '!B22 -> 310.1 | D17: 310-13 | E17: CONFORMACIÓN DE LA CALZADA EXISTENTE CON ADICIÓN DE MATERIAL | F17: M2 | G17: =+P.Detall!G22 -> 900 | H17: =+'310,1'!I55 -> 21590 | I17: =ROUND(H17*G17,0) -> 19431000 | J17: =+'310,1'!I19 -> 487 | K17: =+J17*G17 -> 438300 | L17: =+'310,1'!I29 -> 3190 | M17: =+L17*G17 -> 2871000 | N17: =+'310,1'!I36 -> 12906 | O17: =+N17*G17 -> 11615400 | P17: =+'310,1'!I45 -> 25 | Q17: =+P17*G17 -> 22500 | R17: =+J17+L17+N17+P17 -> 16608 | S17: =+R17*G17 -> 14947200 | T17: =+'310,1'!I53 -> 4982 | U17: =+T17*G17 -> 4483800 | V17: =+J17+L17+N17+P17+T17 -> 21590 | W17: =+K17/S17 -> 0.029323218 | X17: =+M17/S17 -> 0.19207611 | Y17: =+O17/S17 -> 0.77709538 | Z17: =+(Q17/S17)*0.8 -> 0.0012042389 | AA17: =+(Q17/S17)*0.2 -> 0.00030105973 | AB17: =+SUM(W17:AA17) -> 1 | AC17: =+W17*I17 -> 569779.44 | AD17: =+X17*I17 -> 3732230.9 | AE17: =+Y17*I17 -> 15099740 | AF17: =+Z17*I17 -> 23399.566 | AG17: =+AA17*I17 -> 5849.8916 | AH17: =+SUM(AC17:AG17) -> 19431000
G18: SUBTOTAL EXPLANACION | I18: =+SUM(I8:I17) -> 54623901 | K18: =+SUM(K8:K17) -> 6232324.1 | M18: =+SUM(M8:M17) -> 6612602 | O18: =+SUM(O8:O17) -> 26639083 | Q18: =+SUM(Q8:Q17) -> 2534682 | S18: =+SUM(S8:S17) -> 42018691 | U18: =+SUM(U8:U17) -> 12605209 | W18: =+K18/S18 -> 0.14832266 | X18: =+M18/S18 -> 0.15737287 | Y18: =+O18/S18 -> 0.63398174 | Z18: =+(SUM(Z8:Z17)*((Q18/S18)))/SUM(Z8:AA17) -> 0.023047632 | AA18: =+(SUM(AA8:AA17)*((Q18/S18)))/SUM(Z8:AA17) -> 0.037275094 | AB18: =+SUM(W18:AA18) -> 1 | AC18: =+SUM(AC8:AC17) -> 8102006.9 | AD18: =+SUM(AD8:AD17) -> 8596296.5 | AE18: =+SUM(AE8:AE17) -> 34630531 | AF18: =+SUM(AF8:AF17) -> 813495.38 | AG18: =+SUM(AG8:AG17) -> 2481570.8 | AH18: =+SUM(AH8:AH17) -> 54623901 | AI18: 4.961088e+08 | AJ18: 4.1363809e+08 | AK18: 76729246 | AL18: 20059337 | AM18: 62117152
E19: No.2. AFIRMADO Y SUBBASE
B20: 311.1 | C20: 311.1 | D20: 311-13 | E20: AFIRMADO | F20: M3 | G20: =+P.Detall!G27 -> 135 | H20: =+'311,1'!I55 -> 209641 | I20: =ROUND(H20*G20,0) -> 28301535 | J20: =+'311,1'!I19 -> 5842 | K20: =+J20*G20 -> 788670 | L20: =+'311,1'!I29 -> 31020 | M20: =+L20*G20 -> 4187700 | N20: =+'311,1'!I36 -> 124100 | O20: =+N20*G20 -> 16753500 | P20: =+'311,1'!I45 -> 300 | Q20: =+P20*G20 -> 40500 | R20: =+J20+L20+N20+P20 -> 161262 | S20: =+R20*G20 -> 21770370 | T20: =+'311,1'!I53 -> 48379 | U20: =+T20*G20 -> 6531165 | V20: =+J20+L20+N20+P20+T20 -> 209641 | W20: =+K20/S20 -> 0.036226761 | X20: =+M20/S20 -> 0.19235778 | Y20: =+O20/S20 -> 0.76955513 | Z20: =+(Q20/S20)*0.8 -> 0.0014882613 | AA20: =+(Q20/S20)*0.2 -> 0.00037206533 | AB20: =+SUM(W20:AA20) -> 1 | AC20: =+W20*I20 -> 1025273 | AD20: =+X20*I20 -> 5444020.4 | AE20: =+Y20*I20 -> 21779592 | AF20: =+Z20*I20 -> 42120.08 | AG20: =+AA20*I20 -> 10530.02 | AH20: =+SUM(AC20:AG20) -> 28301535
B21: 320.1 | C21: 330.1 | D21: 320-13 | E21: SUBBASE GRANULAR | F21: M3 | G21: =+P.Detall!G28 -> 180 | H21: =+'320,1'!I55 -> 277788 | I21: =ROUND(H21*G21,0) -> 50001840 | J21: =+'320,1'!I19 -> 6525 | K21: =+J21*G21 -> 1174500 | L21: =+'320,1'!I29 -> 51700 | M21: =+L21*G21 -> 9306000 | N21: =+'320,1'!I36 -> 155125 | O21: =+N21*G21 -> 27922500 | P21: =+'320,1'!I45 -> 333 | Q21: =+P21*G21 -> 59940 | R21: =+J21+L21+N21+P21 -> 213683 | S21: =+R21*G21 -> 38462940 | T21: =+'320,1'!I53 -> 64105 | U21: =+T21*G21 -> 11538900 | V21: =+J21+L21+N21+P21+T21 -> 277788 | W21: =+J21/R21 -> 0.030535887 | X21: =+L21/R21 -> 0.24194718 | Y21: =+N21/R21 -> 0.72595855 | Z21: =+(P21/R21)*0.8 -> 0.0012467066 | AA21: =+(P21/R21)*0.2 -> 0.00031167664 | AB21: =+SUM(W21:AA21) -> 1 | AC21: =+W21*I21 -> 1526850.5 | AD21: =+X21*I21 -> 12097804 | AE21: =+Y21*I21 -> 36299263 | AF21: =+Z21*I21 -> 62337.622 | AG21: =+AA21*I21 -> 15584.406 | AH21: =+SUM(AC21:AG21) -> 50001840
G22: SUBTOTAL AFIRMADO Y SUBBASE | I22: =+SUM(I20:I21) -> 78303375 | K22: =+SUM(K20:K21) -> 1963170 | M22: =+SUM(M20:M21) -> 13493700 | O22: =+SUM(O20:O21) -> 44676000 | Q22: =+SUM(Q20:Q21) -> 100440 | S22: =+SUM(S20:S21) -> 60233310 | U22: =+SUM(U20:U21) -> 18070065 | W22: =+K22/S22 -> 0.032592763 | X22: =+M22/S22 -> 0.22402388 | Y22: =+O22/S22 -> 0.74171584 | Z22: =+(SUM(Z20:Z21)*((Q22/S22)))/SUM(Z20:AA21) -> 0.0013340127 | AA22: =+(SUM(AA20:AA21)*((Q22/S22)))/SUM(Z20:AA21) -> 0.00033350317 | AB22: =+SUM(W22:AA22) -> 1 | AC22: =+SUM(AC20:AC21) -> 2552123.5 | AD22: =+SUM(AD20:AD21) -> 17541825 | AE22: =+SUM(AE20:AE21) -> 58078855 | AF22: =+SUM(AF20:AF21) -> 104457.7 | AG22: =+SUM(AG20:AG21) -> 26114.426 | AH22: =+SUM(AH20:AH21) -> 78303375 | AI22: 1.169469e+08 | AJ22: 8.7959904e+08 | AK22: 2.1612283e+08 | AL22: 4782953.4 | AM22: 1195738.3
E23: No.3. PAVIMENTO
B24: 500.1 | D24: 500-13 | E24: PAVIMENTO DE CONCRETO HIDRÁULICO | F24: M3 | G24: =+P.Detall!G33 -> 54 | H24: =+'500,1'!I55 -> 753952 | I24: =ROUND(H24*G24,0) -> 40713408 | J24: =+'500,1'!I19 -> 9960 | K24: =+J24*G24 -> 537840 | L24: =+'500,1'!I29 -> 466225 | M24: =+L24*G24 -> 25176150 | N24: =+'500,1'!I36 -> 99280 | O24: =+N24*G24 -> 5361120 | P24: =+'500,1'!I45 -> 4498 | Q24: =+P24*G24 -> 242892 | R24: =+J24+L24+N24+P24 -> 579963 | S24: =+R24*G24 -> 31318002 | T24: =+'500,1'!I53 -> 173989 | U24: =+T24*G24 -> 9395406 | V24: =+J24+L24+N24+P24+T24 -> 753952 | W24: =+K24/S24 -> 0.017173509 | X24: =+M24/S24 -> 0.80388749 | Y24: =+O24/S24 -> 0.17118333 | Z24: =+(Q24/S24)*0.8 -> 0.0062045337 | AA24: =+(Q24/S24)*0.2 -> 0.0015511334 | AB24: =+SUM(W24:AA24) -> 1 | AC24: =+W24*I24 -> 699192.09 | AD24: =+X24*I24 -> 32728999 | AE24: =+Y24*I24 -> 6969456.9 | AF24: =+Z24*I24 -> 252607.71 | AG24: =+AA24*I24 -> 63151.928 | AH24: =+SUM(AC24:AG24) -> 40713408
G25: SUBTOTAL AFIRMADO Y SUBBASE: | I25: =+SUM(I24:I24) -> 40713408 | K25: =+SUM(K24:K24) -> 537840 | M25: =+SUM(M24:M24) -> 25176150 | O25: =+SUM(O24:O24) -> 5361120 | Q25: =+SUM(Q24:Q24) -> 242892 | S25: =+SUM(S24:S24) -> 31318002 | U25: =+SUM(U24:U24) -> 9395406 | W25: =+K25/S25 -> 0.017173509 | X25: =+M25/S25 -> 0.80388749 | Y25: =+O25/S25 -> 0.17118333 | Z25: =+(SUM(Z24)*((Q25/S25)))/SUM(Z24:AA24) -> 0.0062045337 | AA25: =+(SUM(AA24)*((Q25/S25)))/SUM(Z24:AA24) -> 0.0015511334 | AB25: =+SUM(W25:AA25) -> 1 | AC25: =+SUM(AC24) -> 699192.09 | AD25: =+SUM(AD24) -> 32728999 | AE25: =+SUM(AE24) -> 6969456.9 | AF25: =+SUM(AF24) -> 252607.71 | AG25: =+SUM(AG24) -> 63151.928 | AH25: =+SUM(AH24) -> 40713408 | AI25: 76235693 | AJ25: 3.568728e+09 | AK25: 9.8777143e+08 | AL25: 27499303 | AM25: 6874825.9
E26: No.4. ESTRUCTURAS Y DRENAJES
E27: EXCAVACIONES PARA ESTRUCTURAS:
B28: 600.1.1 | C28: 225P | D28: 600-13 | E28: EXCAVACIONES VARIAS SIN CLASIFICAR | F28: M3 | G28: =+P.Detall!G39 -> 952 | H28: =+'600,1,1'!I55 -> 15470 | I28: =ROUND(H28*G28,0) -> 14727440 | J28: =+'600,1,1'!I19 -> 7888 | K28: =+J28*G28 -> 7509376 | L28: =+'600,1,1'!I29 -> 0 | M28: =+L28*G28 -> 0 | N28: =+'600,1,1'!I36 -> 1613 | O28: =+N28*G28 -> 1535576 | P28: =+'600,1,1'!I45 -> 2399 | Q28: =+P28*G28 -> 2283848 | R28: =+J28+L28+N28+P28 -> 11900 | S28: =+R28*G28 -> 11328800 | T28: =+'600,1,1'!I53 -> 3570 | U28: =+T28*G28 -> 3398640 | V28: =+J28+L28+N28+P28+T28 -> 15470 | W28: =+K28/S28 -> 0.66285714 | X28: =+M28/S28 -> 0 | Y28: =+O28/S28 -> 0.13554622 | Z28: =+(Q28/S28)*0.2 -> 0.040319328 | AA28: =+(Q28/S28)*0.8 -> 0.16127731 | AB28: =+SUM(W28:AA28) -> 1 | AC28: =+W28*I28 -> 9762188.8 | AD28: =+X28*I28 -> 0 | AE28: =+Y28*I28 -> 1996248.8 | AF28: =+Z28*I28 -> 593800.48 | AG28: =+AA28*I28 -> 2375201.9 | AH28: =+SUM(AC28:AG28) -> 14727440
B29: 600.2.1 | D29: 600-13 | E29: EXCAVACIONES VARIAS EN ROCA EN SECO | F29: M3 | G29: =+P.Detall!G40 -> 238 | H29: =+'600,2,1'!I55 -> 85717 | I29: =ROUND(H29*G29,0) -> 20400646 | J29: =+'600,2,1'!I19 -> 33844 | K29: =+J29*G29 -> 8054872 | L29: =+'600,2,1'!I29 -> 25441 | M29: =+L29*G29 -> 6054958 | N29: =+'600,2,1'!I36 -> 1613 | O29: =+N29*G29 -> 383894 | P29: =+'600,2,1'!I45 -> 5038 | Q29: =+P29*G29 -> 1199044 | R29: =+J29+L29+N29+P29 -> 65936 | S29: =+R29*G29 -> 15692768 | T29: =+'600,2,1'!I53 -> 19781 | U29: =+T29*G29 -> 4707878 | V29: =+J29+L29+N29+P29+T29 -> 85717 | W29: =+K29/S29 -> 0.51328561 | X29: =+M29/S29 -> 0.38584385 | Y29: =+O29/S29 -> 0.024463116 | Z29: =+(Q29/S29)*0.2 -> 0.015281485 | AA29: =+(Q29/S29)*0.8 -> 0.06112594 | AB29: =+SUM(W29:AA29) -> 1 | AC29: =+W29*I29 -> 10471358 | AD29: =+X29*I29 -> 7871463.8 | AE29: =+Y29*I29 -> 499063.36 | AF29: =+Z29*I29 -> 311752.17 | AG29: =+AA29*I29 -> 1247008.7 | AH29: =+SUM(AC29:AG29) -> 20400646
B30: 600.2.2 | C30: 600.3 | D30: 600-13 | E30: EXCAVACIONES VARIAS EN ROCA BAJO AGUA | F30: M3 | G30: =+P.Detall!G41 -> 48 | H30: =+'6002,2'!I55 -> 126016 | I30: =ROUND(H30*G30,0) -> 6048768 | J30: =+'6002,2'!I19 -> 46982 | K30: =+J30*G30 -> 2255136 | L30: =+'6002,2'!I29 -> 25441 | M30: =+L30*G30 -> 1221168 | N30: =+'6002,2'!I36 -> 1613 | O30: =+N30*G30 -> 77424 | P30: =+'6002,2'!I45 -> 22899 | Q30: =+P30*G30 -> 1099152 | R30: =+J30+L30+N30+P30 -> 96935 | S30: =+R30*G30 -> 4652880 | T30: =+'6002,2'!I53 -> 29081 | U30: =+T30*G30 -> 1395888 | V30: =+J30+L30+N30+P30+T30 -> 126016 | W30: =+K30/S30 -> 0.4846753 | X30: =+M30/S30 -> 0.26245422 | Y30: =+O30/S30 -> 0.016640017 | Z30: =+(Q30/S30)*0.2 -> 0.047246093 | AA30: =+(Q30/S30)*0.8 -> 0.18898437 | AB30: =+SUM(W30:AA30) -> 1 | AC30: =+W30*I30 -> 2931688.4 | AD30: =+X30*I30 -> 1587524.7 | AE30: =+Y30*I30 -> 100651.6 | AF30: =+Z30*I30 -> 285780.65 | AG30: =+AA30*I30 -> 1143122.6 | AH30: =+SUM(AC30:AG30) -> 6048768
B31: 600.2.4 | C31: 600.5 | D31: 600-13 | E31: EXCAVACIONES VARIAS EN MATERIAL COMÚN BAJO AGUA | F31: M3 | G31: =+P.Detall!G42 -> 10 | H31: =+'600,2,4'!I55 -> 17713 | I31: =ROUND(H31*G31,0) -> 177130 | J31: =+'600,2,4'!I19 -> 10584 | K31: =+J31*G31 -> 105840 | L31: =+'600,2,4'!I29 -> 0 | M31: =+L31*G31 -> 0 | N31: =+'600,2,4'!I36 -> 1613 | O31: =+N31*G31 -> 16130 | P31: =+'600,2,4'!I45 -> 1428 | Q31: =+P31*G31 -> 14280 | R31: =+J31+L31+N31+P31 -> 13625 | S31: =+R31*G31 -> 136250 | T31: =+'600,2,4'!I53 -> 4088 | U31: =+T31*G31 -> 40880 | V31: =+J31+L31+N31+P31+T31 -> 17713 | W31: =+K31/S31 -> 0.77680734 | X31: =+M31/S31 -> 0 | Y31: =+O31/S31 -> 0.11838532 | Z31: =+(Q31/S31)*0.2 -> 0.020961468 | AA31: =+(Q31/S31)*0.8 -> 0.083845872 | AB31: =+SUM(W31:AA31) -> 1 | AC31: =+W31*I31 -> 137595.88 | AD31: =+X31*I31 -> 0 | AE31: =+Y31*I31 -> 20969.592 | AF31: =+Z31*I31 -> 3712.9048 | AG31: =+AA31*I31 -> 14851.619 | AH31: =+SUM(AC31:AG31) -> 177130
E32: ESTRUCTURAS DE CONCRETO:
B33: 630.1 | C33: 630.4 | D33: 630-13 | E33: CONCRETO CLASE C | F33: M3 | G33: =+P.Detall!G45 -> 30 | H33: =+'630,1'!I55 -> 805045 | I33: =ROUND(H33*G33,0) -> 24151350 | J33: =+'630,1'!I19 -> 24093 | K33: =+J33*G33 -> 722790 | L33: =+'630,1'!I29 -> 408757 | M33: =+L33*G33 -> 12262710 | N33: =+'630,1'!I36 -> 126440 | O33: =+N33*G33 -> 3793200 | P33: =+'630,1'!I45 -> 59975 | Q33: =+P33*G33 -> 1799250 | R33: =+J33+L33+N33+P33 -> 619265 | S33: =+R33*G33 -> 18577950 | T33: =+'630,1'!I53 -> 185780 | U33: =+T33*G33 -> 5573400 | V33: =+J33+L33+N33+P33+T33 -> 805045 | W33: =+K33/S33 -> 0.0389058 | X33: =+M33/S33 -> 0.66006798 | Y33: =+O33/S33 -> 0.20417753 | Z33: =+(Q33/S33)*0.8 -> 0.077478947 | AA33: =+(Q33/S33)*0.2 -> 0.019369737 | AB33: =+SUM(W33:AA33) -> 1 | AC33: =+W33*I33 -> 939627.58 | AD33: =+X33*I33 -> 15941533 | AE33: =+Y33*I33 -> 4931163.1 | AF33: =+Z33*I33 -> 1871221.2 | AG33: =+AA33*I33 -> 467805.29 | AH33: =+SUM(AC33:AG33) -> 24151350
B34: 630.2 | D34: 630-13 | E34: CONCRETO CLASE D | F34: M3 | G34: =+P.Detall!G46 -> 77 | H34: =+'630,2'!I55 -> 769874 | I34: =ROUND(H34*G34,0) -> 59280298 | J34: =+'630,2'!I19 -> 28263 | K34: =+J34*G34 -> 2176251 | L34: =+'630,2'!I29 -> 365049 | M34: =+L34*G34 -> 28108773 | N34: =+'630,2'!I36 -> 148920 | O34: =+N34*G34 -> 11466840 | P34: =+'630,2'!I45 -> 49979 | Q34: =+P34*G34 -> 3848383 | R34: =+J34+L34+N34+P34 -> 592211 | S34: =+R34*G34 -> 45600247 | T34: =+'630,2'!I53 -> 177663 | U34: =+T34*G34 -> 13680051 | V34: =+J34+L34+N34+P34+T34 -> 769874 | W34: =+K34/S34 -> 0.047724544 | X34: =+M34/S34 -> 0.61641712 | Y34: =+O34/S34 -> 0.25146443 | Z34: =+(Q34/S34)*0.8 -> 0.067515126 | AA34: =+(Q34/S34)*0.2 -> 0.016878781 | AB34: =+SUM(W34:AA34) -> 1 | AC34: =+W34*I34 -> 2829125.2 | AD34: =+X34*I34 -> 36541391 | AE34: =+Y34*I34 -> 14906886 | AF34: =+Z34*I34 -> 4002316.8 | AG34: =+AA34*I34 -> 1000579.2 | AH34: =+SUM(AC34:AG34) -> 59280298
B35: 630.3 | C35: 630.6 | D35: 630-13 | E35: CONCRETO CLASE F | F35: M3 | G35: =+P.Detall!G47 -> 14 | H35: =+'630,3'!I55 -> 594611 | I35: =ROUND(H35*G35,0) -> 8324554 | J35: =+'630,3'!I19 -> 20508 | K35: =+J35*G35 -> 287112 | L35: =+'630,3'!I29 -> 247914 | M35: =+L35*G35 -> 3470796 | N35: =+'630,3'!I36 -> 138992 | O35: =+N35*G35 -> 1945888 | P35: =+'630,3'!I45 -> 49979 | Q35: =+P35*G35 -> 699706 | R35: =+J35+L35+N35+P35 -> 457393 | S35: =+R35*G35 -> 6403502 | T35: =+'630,3'!I53 -> 137218 | U35: =+T35*G35 -> 1921052 | V35: =+J35+L35+N35+P35+T35 -> 594611 | W35: =+K35/S35 -> 0.044836716 | X35: =+M35/S35 -> 0.54201529 | Y35: =+O35/S35 -> 0.30387872 | Z35: =+(Q35/S35)*0.8 -> 0.087415417 | AA35: =+(Q35/S35)*0.2 -> 0.021853854 | AB35: =+SUM(W35:AA35) -> 1 | AC35: =+W35*I35 -> 373245.66 | AD35: =+X35*I35 -> 4512035.6 | AE35: =+Y35*I35 -> 2529654.8 | AF35: =+Z35*I35 -> 727694.36 | AG35: =+AA35*I35 -> 181923.59 | AH35: =+SUM(AC35:AG35) -> 8324554
B36: 630.4 | C36: 630.7 | D36: 630-13 | E36: CONCRETO CLASE G | F36: M3 | G36: =+P.Detall!G48 -> 139 | H36: =+'630,4'!I55 -> 336812 | I36: =ROUND(H36*G36,0) -> 46816868 | J36: =+'630,4'!I19 -> 2999 | K36: =+J36*G36 -> 416861 | L36: =+'630,4'!I29 -> 193134 | M36: =+L36*G36 -> 26845626 | N36: =+'630,4'!I36 -> 2978 | O36: =+N36*G36 -> 413942 | P36: =+'630,4'!I45 -> 59975 | Q36: =+P36*G36 -> 8336525 | R36: =+J36+L36+N36+P36 -> 259086 | S36: =+R36*G36 -> 36012954 | T36: =+'630,4'!I53 -> 77726 | U36: =+T36*G36 -> 10803914 | V36: =+J36+L36+N36+P36+T36 -> 336812 | W36: =+K36/S36 -> 0.011575307 | X36: =+M36/S36 -> 0.7454436 | Y36: =+O36/S36 -> 0.011494253 | Z36: =+(Q36/S36)*0.8 -> 0.18518947 | AA36: =+(Q36/S36)*0.2 -> 0.046297368 | AB36: =+SUM(W36:AA36) -> 1 | AC36: =+W36*I36 -> 541919.62 | AD36: =+X36*I36 -> 34899335 | AE36: =+Y36*I36 -> 538124.92 | AF36: =+Z36*I36 -> 8669991.1 | AG36: =+AA36*I36 -> 2167497.8 | AH36: =+SUM(AC36:AG36) -> 46816868
E37: SUMINISTROS:
B38: 640.1 | D38: 640-13 | E38: ACERO DE REFUERZO fy 412 Mpa | F38: KG | G38: =+P.Detall!G51 -> 14966 | H38: =+'640,1'!I55 -> 8870 | I38: =ROUND(H38*G38,0) -> 132748420 | J38: =+'640,1'!I19 -> 46 | K38: =+J38*G38 -> 688436 | L38: =+'640,1'!I29 -> 5877 | M38: =+L38*G38 -> 87955182 | N38: =+'640,1'!I36 -> 0 | O38: =+N38*G38 -> 0 | P38: =+'640,1'!I45 -> 900 | Q38: =+P38*G38 -> 13469400 | R38: =+J38+L38+N38+P38 -> 6823 | S38: =+R38*G38 -> 102113018 | T38: =+'640,1'!I53 -> 2047 | U38: =+T38*G38 -> 30635402 | V38: =+J38+L38+N38+P38+T38 -> 8870 | W38: =+K38/S38 -> 0.0067419024 | X38: =+M38/S38 -> 0.86135131 | Y38: =+O38/S38 -> 0 | Z38: =+(Q38/S38)*0.8 -> 0.10552543 | AA38: =+(Q38/S38)*0.2 -> 0.026381357 | AB38: =+SUM(W38:AA38) -> 1 | AC38: =+W38*I38 -> 894976.89 | AD38: =+X38*I38 -> 1.1434303e+08 | AE38: =+Y38*I38 -> 0 | AF38: =+Z38*I38 -> 14008334 | AG38: =+AA38*I38 -> 3502083.5 | AH38: =+SUM(AC38:AG38) -> 1.3274842e+08
B39: 610.1 | C39: 610.1 | D39: 610-13 | E39: RELLENO PARA ESTRUCTURAS CON RECEBO | F39: M3 | G39: =+P.Detall!G52 -> 271 | H39: =+'610,1'!I55 -> 78359 | I39: =ROUND(H39*G39,0) -> 21235289 | J39: =+'610,1'!I19 -> 3676 | K39: =+J39*G39 -> 996196 | L39: =+'610,1'!I29 -> 34925 | M39: =+L39*G39 -> 9464675 | N39: =+'610,1'!I36 -> 9680 | O39: =+N39*G39 -> 2623280 | P39: =+'610,1'!I45 -> 11995 | Q39: =+P39*G39 -> 3250645 | R39: =+J39+L39+N39+P39 -> 60276 | S39: =+R39*G39 -> 16334796 | T39: =+'610,1'!I53 -> 18083 | U39: =+T39*G39 -> 4900493 | V39: =+J39+L39+N39+P39+T39 -> 78359 | W39: =+K39/S39 -> 0.06098613 | X39: =+M39/S39 -> 0.57941801 | Y39: =+O39/S39 -> 0.1605946 | Z39: =+(Q39/S39)*0.8 -> 0.15920101 | AA39: =+(Q39/S39)*0.2 -> 0.039800252 | AB39: =+SUM(W39:AA39) -> 1 | AC39: =+W39*I39 -> 1295058.1 | AD39: =+X39*I39 -> 12304109 | AE39: =+Y39*I39 -> 3410272.7 | AF39: =+Z39*I39 -> 3380679.4 | AG39: =+AA39*I39 -> 845169.86 | AH39: =+SUM(AC39:AG39) -> 21235289
B40: 661.1 | C40: 661.1 | D40: 661-13 | E40: TUBERÍA DE CONCRETO REFORZADO 900 MM DIÁMETRO INTERIOR (TIPO 1) | F40: ML | G40: =+P.Detall!G53 -> 113 | H40: =+'661,1'!I55 -> 734009 | I40: =ROUND(H40*G40,0) -> 82943017 | J40: =+'661,1'!I19 -> 3999 | K40: =+J40*G40 -> 451887 | L40: =+'661,1'!I29 -> 376853 | M40: =+L40*G40 -> 42584389 | N40: =+'661,1'!I36 -> 168776 | O40: =+N40*G40 -> 19071688 | P40: =+'661,1'!I45 -> 14994 | Q40: =+P40*G40 -> 1694322 | R40: =+J40+L40+N40+P40 -> 564622 | S40: =+R40*G40 -> 63802286 | T40: =+'661,1'!I53 -> 169387 | U40: =+T40*G40 -> 19140731 | V40: =+J40+L40+N40+P40+T40 -> 734009 | W40: =+K40/S40 -> 0.0070826146 | X40: =+M40/S40 -> 0.667443 | Y40: =+O40/S40 -> 0.29891857 | Z40: =+(Q40/S40)*0.8 -> 0.021244656 | AA40: =+(Q40/S40)*0.2 -> 0.0053111639 | AB40: =+SUM(W40:AA40) -> 1 | AC40: =+W40*I40 -> 587453.42 | AD40: =+X40*I40 -> 55359736 | AE40: =+Y40*I40 -> 24793208 | AF40: =+Z40*I40 -> 1762095.8 | AG40: =+AA40*I40 -> 440523.96 | AH40: =+SUM(AC40:AG40) -> 82943017
E41: ELEMENTOS AUXILIARES DE CONDUCCIÓN:
B42: 660.1 | C42: 671.1 | D42: 660-13 | E42: CUNETA DE CONCRETO FUNDIDA EN EL LUGAR | F42: M3 | G42: =+P.Detall!G56 -> 46 | H42: =+'660,1'!I55 -> 814173 | I42: =ROUND(H42*G42,0) -> 37451958 | J42: =+'660,1'!I19 -> 1200 | K42: =+J42*G42 -> 55200 | L42: =+'660,1'!I29 -> 501817 | M42: =+L42*G42 -> 23083582 | N42: =+'660,1'!I36 -> 99280 | O42: =+N42*G42 -> 4566880 | P42: =+'660,1'!I45 -> 23990 | Q42: =+P42*G42 -> 1103540 | R42: =+J42+L42+N42+P42 -> 626287 | S42: =+R42*G42 -> 28809202 | T42: =+'660,1'!I53 -> 187886 | U42: =+T42*G42 -> 8642756 | V42: =+J42+L42+N42+P42+T42 -> 814173 | W42: =+K42/S42 -> 0.0019160545 | X42: =+M42/S42 -> 0.80125725 | Y42: =+O42/S42 -> 0.15852157 | Z42: =+(Q42/S42)*0.8 -> 0.030644098 | AA42: =+(Q42/S42)*0.2 -> 0.0076610244 | AB42: =+SUM(W42:AA42) -> 1 | AC42: =+W42*I42 -> 71759.991 | AD42: =+X42*I42 -> 30008653 | AE42: =+Y42*I42 -> 5936943.3 | AF42: =+Z42*I42 -> 1147681.5 | AG42: =+AA42*I42 -> 286920.36 | AH42: =+SUM(AC42:AG42) -> 37451958
B43: 672.1 | C43: 672.1 | D43: 672-13 | E43: BORDILLOS DE CONCRETO | F43: ML | G43: =+P.Detall!G57 -> 13 | H43: =+'672,1'!I55 -> 54457 | I43: =ROUND(H43*G43,0) -> 707941 | J43: =+'672,1'!I19 -> 187 | K43: =+J43*G43 -> 2431 | L43: =+'672,1'!I29 -> 37955 | M43: =+L43*G43 -> 493415 | N43: =+'672,1'!I36 -> 0 | O43: =+N43*G43 -> 0 | P43: =+'672,1'!I45 -> 3748 | Q43: =+P43*G43 -> 48724 | R43: =+J43+L43+N43+P43 -> 41890 | S43: =+R43*G43 -> 544570 | T43: =+'672,1'!I53 -> 12567 | U43: =+T43*G43 -> 163371 | V43: =+J43+L43+N43+P43+T43 -> 54457 | W43: =+K43/S43 -> 0.0044640726 | X43: =+M43/S43 -> 0.9060635 | Y43: =+O43/S43 -> 0 | Z43: =+(Q43/S43)*0.8 -> 0.071577942 | AA43: =+(Q43/S43)*0.2 -> 0.017894486 | AB43: =+SUM(W43:AA43) -> 1 | AC43: =+W43*I43 -> 3160.3 | AD43: =+X43*I43 -> 641439.5 | AE43: =+Y43*I43 -> 0 | AF43: =+Z43*I43 -> 50672.96 | AG43: =+AA43*I43 -> 12668.24 | AH43: =+SUM(AC43:AG43) -> 707941
E44: ELEMENTOS AUXILIARES DE DRENAJE:
B45: 673.1 | C45: 231.1 | D45: 673-13 | E45: GEOTEXTIL | F45: M2 | G45: =+P.Detall!G60 -> 765 | H45: =+'673,1'!I55 -> 11020 | I45: =ROUND(H45*G45,0) -> 8430300 | J45: =+'673,1'!I19 -> 0 | K45: =+J45*G45 -> 0 | L45: =+'673,1'!I29 -> 8077 | M45: =+L45*G45 -> 6178905 | N45: =+'673,1'!I36 -> 0 | O45: =+N45*G45 -> 0 | P45: =+'673,1'!I45 -> 400 | Q45: =+P45*G45 -> 306000 | R45: =+J45+L45+N45+P45 -> 8477 | S45: =+R45*G45 -> 6484905 | T45: =+'673,1'!I53 -> 2543 | U45: =+T45*G45 -> 1945395 | V45: =+J45+L45+N45+P45+T45 -> 11020 | W45: =+K45/S45 -> 0 | X45: =+M45/S45 -> 0.9528135 | Y45: =+O45/S45 -> 0 | Z45: =+(Q45/S45)*0.8 -> 0.037749204 | AA45: =+(Q45/S45)*0.2 -> 0.0094373009 | AB45: =+SUM(W45:AA45) -> 1 | AC45: =+W45*I45 -> 0 | AD45: =+X45*I45 -> 8032503.6 | AE45: =+Y45*I45 -> 0 | AF45: =+Z45*I45 -> 318237.11 | AG45: =+AA45*I45 -> 79559.278 | AH45: =+SUM(AC45:AG45) -> 8430300
B46: 673.2 | C46: 673.1 | D46: 673-13 | E46: MATERIAL GRANULAR FILTRANTE | F46: M3 | G46: =+P.Detall!G61 -> 235 | H46: =+'673,2'!I55 -> 206995 | I46: =ROUND(H46*G46,0) -> 48643825 | J46: =+'673,2'!I19 -> 750 | K46: =+J46*G46 -> 176250 | L46: =+'673,2'!I29 -> 51700 | M46: =+L46*G46 -> 12149500 | N46: =+'673,2'!I36 -> 99280 | O46: =+N46*G46 -> 23330800 | P46: =+'673,2'!I45 -> 7497 | Q46: =+P46*G46 -> 1761795 | R46: =+J46+L46+N46+P46 -> 159227 | S46: =+R46*G46 -> 37418345 | T46: =+'673,2'!I53 -> 47768 | U46: =+T46*G46 -> 11225480 | V46: =+J46+L46+N46+P46+T46 -> 206995 | W46: =+K46/S46 -> 0.0047102564 | X46: =+M46/S46 -> 0.32469368 | Y46: =+O46/S46 -> 0.62351234 | Z46: =+(Q46/S46)*0.8 -> 0.037666979 | AA46: =+(Q46/S46)*0.2 -> 0.0094167446 | AB46: =+SUM(W46:AA46) -> 1 | AC46: =+W46*I46 -> 229124.89 | AD46: =+X46*I46 -> 15794342 | AE46: =+Y46*I46 -> 30330025 | AF46: =+Z46*I46 -> 1832265.9 | AG46: =+AA46*I46 -> 458066.48 | AH46: =+SUM(AC46:AG46) -> 48643825
B47: 674.2 | C47: 674.2 | D47: 674-13 | E47: DREN HORIZONTAL DE LONGITUD MAYOR A DIEZ METROS | F47: ML | G47: =+P.Detall!G62 -> 113 | H47: =+'674,2'!I55 -> 93048 | I47: =ROUND(H47*G47,0) -> 10514424 | J47: =+'674,2'!I19 -> 49812 | K47: =+J47*G47 -> 5628756 | L47: =+'674,2'!I29 -> 12767 | M47: =+L47*G47 -> 1442671 | N47: =+'674,2'!I36 -> 0 | O47: =+N47*G47 -> 0 | P47: =+'674,2'!I45 -> 8996 | Q47: =+P47*G47 -> 1016548 | R47: =+J47+L47+N47+P47 -> 71575 | S47: =+R47*G47 -> 8087975 | T47: =+'674,2'!I53 -> 21473 | U47: =+T47*G47 -> 2426449 | V47: =+J47+L47+N47+P47+T47 -> 93048 | W47: =+K47/S47 -> 0.69594132 | X47: =+M47/S47 -> 0.17837234 | Y47: =+O47/S47 -> 0 | Z47: =+(Q47/S47)*0.8 -> 0.10054907 | AA47: =+(Q47/S47)*0.2 -> 0.025137269 | AB47: =+SUM(W47:AA47) -> 1 | AC47: =+W47*I47 -> 7317422.1 | AD47: =+X47*I47 -> 1875482.4 | AE47: =+Y47*I47 -> 0 | AF47: =+Z47*I47 -> 1057215.6 | AG47: =+AA47*I47 -> 264303.9 | AH47: =+SUM(AC47:AG47) -> 10514424
E48: ELEMENTOS AUXILIARES DE CONTENCIÓN
B49: 681.1 | C49: 681.1 | D49: 681-13 | E49: GAVIÓN | F49: M3 | G49: =+P.Detall!G66 -> 266 | H49: =+'681,1'!I55 -> 195286 | I49: =ROUND(H49*G49,0) -> 51946076 | J49: =+'681,1'!I19 -> 750 | K49: =+J49*G49 -> 199500 | L49: =+'681,1'!I29 -> 126285 | M49: =+L49*G49 -> 33591810 | N49: =+'681,1'!I36 -> 8191 | O49: =+N49*G49 -> 2178806 | P49: =+'681,1'!I45 -> 14994 | Q49: =+P49*G49 -> 3988404 | R49: =+J49+L49+N49+P49 -> 150220 | S49: =+R49*G49 -> 39958520 | T49: =+'681,1'!I53 -> 45066 | U49: =+T49*G49 -> 11987556 | V49: =+J49+L49+N49+P49+T49 -> 195286 | W49: =+K49/S49 -> 0.0049926774 | X49: =+M49/S49 -> 0.84066702 | Y49: =+O49/S49 -> 0.054526694 | Z49: =+(Q49/S49)*0.8 -> 0.079850885 | AA49: =+(Q49/S49)*0.2 -> 0.019962721 | AB49: =+SUM(W49:AA49) -> 1 | AC49: =+W49*I49 -> 259350 | AD49: =+X49*I49 -> 43669353 | AE49: =+Y49*I49 -> 2832447.8 | AF49: =+Z49*I49 -> 4147940.2 | AG49: =+AA49*I49 -> 1036985 | AH49: =+SUM(AC49:AG49) -> 51946076
G50: SUBTOTAL ESTRUCTURAS Y DRENAJES: | I50: =+SUM(I28:I49) -> 574548304 | K50: =+SUM(K28:K49) -> 29726894 | M50: =+SUM(M28:M49) -> 294908160 | O50: =+SUM(O28:O49) -> 71404348 | Q50: =+SUM(Q28:Q49) -> 45919566 | S50: =+SUM(S28:S49) -> 441958968 | U50: =+SUM(U28:U49) -> 132589336 | W50: =+K50/S50 -> 0.06726166 | X50: =+M50/S50 -> 0.66727498 | Y50: =+O50/S50 -> 0.1615633 | Z50: =+(SUM(Z28:Z49)*((Q50/S50)))/SUM(Z28:AA49) -> 0.063289601 | AA50: =+(SUM(AA28:AA49)*((Q50/S50)))/SUM(Z28:AA49) -> 0.040610465 | AB50: =+SUM(W50:AA50) -> 1 | AC50: =+SUM(AC28:AC49) -> 38645055 | AD50: =+SUM(AD28:AD49) -> 3.8338193e+08 | AE50: =+SUM(AE28:AE49) -> 92825659 | AF50: =+SUM(AF28:AF49) -> 44171392 | AG50: =+SUM(AG28:AG49) -> 15524271 | AH50: =+SUM(AH28:AH49) -> 574548304 | AI50: 3.1387792e+08 | AJ50: 2.9645595e+09 | AK50: 7.3497432e+08 | AL50: 2.573857e+08 | AM50: 94974527
E51: No.5. SEÑALIZACIÓN Y SEGURIDAD
B52: 700.3 | D52: 700-13 | E52: MARCA VIAL CON PINTURA EN FRIO | F52: M2 | G52: =+P.Detall!#REF! -> #REF! | H52: =+#REF! -> #REF! | I52: =ROUND(H52*G52,0) -> #REF! | J52: =+#REF! -> #REF! | K52: =+J52*G52 -> #REF! | L52: =+#REF! -> #REF! | M52: =+L52*G52 -> #REF! | N52: =+#REF! -> #REF! | O52: =+N52*G52 -> #REF! | P52: =+#REF! -> #REF! | Q52: =+P52*G52 -> #REF! | R52: =+J52+L52+N52+P52 -> #REF! | S52: =+R52*G52 -> #REF! | T52: =+#REF! -> #REF! | U52: =+T52*G52 -> #REF! | V52: =+J52+L52+N52+P52+T52 -> #REF! | W52: =+K52/S52 -> #REF! | X52: =+M52/S52 -> #REF! | Y52: =+O52/S52 -> #REF! | Z52: =+(Q52/S52)*0.8 -> #REF! | AA52: =+(Q52/S52)*0.2 -> #REF! | AB52: =+SUM(W52:AA52) -> #REF! | AC52: =+W52*I52 -> #REF! | AD52: =+X52*I52 -> #REF! | AE52: 0 | AF52: =+Z52*I52 -> #REF! | AG52: =+AA52*I52 -> #REF! | AH52: =+SUM(AC52:AG52) -> #REF!
B53: 700.1 | C53: 700.1 | D53: 700-13 | E53: LÍNEA DE DEMARCACIÓN CON PINTURA EN FRIO | F53: ML | G53: =+P.Detall!#REF! -> #REF! | H53: =+#REF! -> #REF! | I53: =ROUND(H53*G53,0) -> #REF! | J53: =+#REF! -> #REF! | K53: =+J53*G53 -> #REF! | L53: =+#REF! -> #REF! | M53: =+L53*G53 -> #REF! | N53: =+#REF! -> #REF! | O53: =+N53*G53 -> #REF! | P53: =+#REF! -> #REF! | Q53: =+P53*G53 -> #REF! | R53: =+J53+L53+N53+P53 -> #REF! | S53: =+R53*G53 -> #REF! | T53: =+#REF! -> #REF! | U53: =+T53*G53 -> #REF! | V53: =+J53+L53+N53+P53+T53 -> #REF! | W53: =+K53/S53 -> #REF! | X53: =+M53/S53 -> #REF! | Y53: =+O53/S53 -> #REF! | Z53: =+(Q53/S53)*0.8 -> #REF! | AA53: =+(Q53/S53)*0.2 -> #REF! | AB53: =+SUM(W53:AA53) -> #REF! | AC53: =+W53*I53 -> #REF! | AD53: =+X53*I53 -> #REF! | AE53: =+Y53*I53 -> #REF! | AF53: =+Z53*I53 -> #REF! | AG53: =+AA53*I53 -> #REF! | AH53: =+SUM(AC53:AG53) -> #REF!
B54: 701.1 | D54: 701-13 | E54: TACHA REFLECTIVA | F54: UND | G54: =+P.Detall!#REF! -> #REF! | H54: =+#REF! -> #REF! | I54: =ROUND(H54*G54,0) -> #REF! | J54: =+#REF! -> #REF! | K54: =+J54*G54 -> #REF! | L54: =+#REF! -> #REF! | M54: =+L54*G54 -> #REF! | N54: =+#REF! -> #REF! | O54: =+N54*G54 -> #REF! | P54: =+#REF! -> #REF! | Q54: =+P54*G54 -> #REF! | R54: =+J54+L54+N54+P54 -> #REF! | S54: =+R54*G54 -> #REF! | T54: =+#REF! -> #REF! | U54: =+T54*G54 -> #REF! | V54: =+J54+L54+N54+P54+T54 -> #REF! | W54: =+K54/S54 -> #REF! | X54: =+M54/S54 -> #REF! | Y54: =+O54/S54 -> #REF! | Z54: =+(Q54/S54)*0.8 -> #REF! | AA54: =+(Q54/S54)*0.2 -> #REF! | AB54: =+SUM(W54:AA54) -> #REF! | AC54: =+W54*I54 -> #REF! | AD54: =+X54*I54 -> #REF! | AE54: =+Y54*I54 -> #REF! | AF54: =+Z54*I54 -> #REF! | AG54: =+AA54*I54 -> #REF! | AH54: =+SUM(AC54:AG54) -> #REF!
B55: 710.1 | C55: 710.1.1 | D55: 701-13 | E55: SEÑALES VERTICAL DE TRANSITO TIPO I CON LÁMINA RETROREFLECTIVA TIPO I | F55: UND | G55: =+P.Detall!#REF! -> #REF! | H55: =+#REF! -> #REF! | I55: =ROUND(H55*G55,0) -> #REF! | J55: =+#REF! -> #REF! | K55: =+J55*G55 -> #REF! | L55: =+#REF! -> #REF! | M55: =+L55*G55 -> #REF! | N55: =+#REF! -> #REF! | O55: =+N55*G55 -> #REF! | P55: =+#REF! -> #REF! | Q55: =+P55*G55 -> #REF! | R55: =+J55+L55+N55+P55 -> #REF! | S55: =+R55*G55 -> #REF! | T55: =+#REF! -> #REF! | U55: =+T55*G55 -> #REF! | V55: =+J55+L55+N55+P55+T55 -> #REF! | W55: =+K55/S55 -> #REF! | X55: =+M55/S55 -> #REF! | Y55: =+O55/S55 -> #REF! | Z55: =+(Q55/S55)*0.2 -> #REF! | AA55: =+(Q55/S55)*0.8 -> #REF! | AB55: =+SUM(W55:AA55) -> #REF! | AC55: =+W55*I55 -> #REF! | AD55: =+X55*I55 -> #REF! | AE55: =+Y55*I55 -> #REF! | AF55: =+Z55*I55 -> #REF! | AG55: =+AA55*I55 -> #REF! | AH55: =+SUM(AC55:AG55) -> #REF!
B56: 710.2 | D56: 701-13 | E56: SEÑALES VERTICAL DE TRANSITO TIPO II CON LÁMINA RETROREFLECTIVA TIPO I | F56: UND | G56: =+P.Detall!#REF! -> #REF! | H56: =+#REF! -> #REF! | I56: =ROUND(H56*G56,0) -> #REF! | J56: =+#REF! -> #REF! | K56: =+J56*G56 -> #REF! | L56: =+#REF! -> #REF! | M56: =+L56*G56 -> #REF! | N56: =+#REF! -> #REF! | O56: =+N56*G56 -> #REF! | P56: =+#REF! -> #REF! | Q56: =+P56*G56 -> #REF! | R56: =+J56+L56+N56+P56 -> #REF! | S56: =+R56*G56 -> #REF! | T56: =+#REF! -> #REF! | U56: =+T56*G56 -> #REF! | V56: =+J56+L56+N56+P56+T56 -> #REF! | W56: =+K56/S56 -> #REF! | X56: =+M56/S56 -> #REF! | Y56: =+O56/S56 -> #REF! | Z56: =+(Q56/S56)*0.2 -> #REF! | AA56: =+(Q56/S56)*0.8 -> #REF! | AB56: =+SUM(W56:AA56) -> #REF! | AC56: =+W56*I56 -> #REF! | AD56: =+X56*I56 -> #REF! | AE56: =+Y56*I56 -> #REF! | AF56: =+Z56*I56 -> #REF! | AG56: =+AA56*I56 -> #REF! | AH56: =+SUM(AC56:AG56) -> #REF!
B57: 730.1 | D57: 730-13 | E57: DEFENSAS METÁLICAS | F57: ML | G57: =+P.Detall!#REF! -> #REF! | H57: =+#REF! -> #REF! | I57: =ROUND(H57*G57,0) -> #REF! | J57: =+#REF! -> #REF! | K57: =+J57*G57 -> #REF! | L57: =+#REF! -> #REF! | M57: =+L57*G57 -> #REF! | N57: =+#REF! -> #REF! | O57: =+N57*G57 -> #REF! | P57: =+#REF! -> #REF! | Q57: =+P57*G57 -> #REF! | R57: =+J57+L57+N57+P57 -> #REF! | S57: =+R57*G57 -> #REF! | T57: =+#REF! -> #REF! | U57: =+T57*G57 -> #REF! | V57: =+J57+L57+N57+P57+T57 -> #REF! | W57: =+K57/S57 -> #REF! | X57: =+M57/S57 -> #REF! | Y57: =+O57/S57 -> #REF! | Z57: =+(Q57/S57)*0.2 -> #REF! | AA57: =+(Q57/S57)*0.8 -> #REF! | AB57: =+SUM(W57:AA57) -> #REF! | AC57: =+W57*I57 -> #REF! | AD57: =+X57*I57 -> #REF! | AE57: =+Y57*I57 -> #REF! | AF57: =+Z57*I57 -> #REF! | AG57: =+AA57*I57 -> #REF! | AH57: =+SUM(AC57:AG57) -> #REF!
B58: 730.2 | C58: 730.2 | D58: 730-13 | E58: SECCIÓN FINAL DE DEFENSAS METÁLICAS | F58: UND | G58: =+P.Detall!#REF! -> #REF! | H58: =+#REF! -> #REF! | I58: =ROUND(H58*G58,0) -> #REF! | J58: =+#REF! -> #REF! | K58: =+J58*G58 -> #REF! | L58: =+#REF! -> #REF! | M58: =+L58*G58 -> #REF! | N58: =+#REF! -> #REF! | O58: =+N58*G58 -> #REF! | P58: =+#REF! -> #REF! | Q58: =+P58*G58 -> #REF! | R58: =+J58+L58+N58+P58 -> #REF! | S58: =+R58*G58 -> #REF! | T58: =+#REF! -> #REF! | U58: =+T58*G58 -> #REF! | V58: =+J58+L58+N58+P58+T58 -> #REF! | W58: =+K58/S58 -> #REF! | X58: =+M58/S58 -> #REF! | Y58: =+O58/S58 -> #REF! | Z58: =+(Q58/S58)*0.2 -> #REF! | AA58: =+(Q58/S58)*0.8 -> #REF! | AB58: =+SUM(W58:AA58) -> #REF! | AC58: =+W58*I58 -> #REF! | AD58: =+X58*I58 -> #REF! | AE58: =+Y58*I58 -> #REF! | AF58: =+Z58*I58 -> #REF! | AG58: =+AA58*I58 -> #REF! | AH58: =+SUM(AC58:AG58) -> #REF!
B59: 740.1 | C59: 740.1 | D59: 740-07 | E59: CAPTAFAROS | F59: UND | G59: =+P.Detall!#REF! -> #REF! | H59: =+#REF! -> #REF! | I59: =ROUND(H59*G59,0) -> #REF! | J59: =+#REF! -> #REF! | K59: =+J59*G59 -> #REF! | L59: =+#REF! -> #REF! | M59: =+L59*G59 -> #REF! | N59: =+#REF! -> #REF! | O59: =+N59*G59 -> #REF! | P59: =+#REF! -> #REF! | Q59: =+P59*G59 -> #REF! | R59: =+J59+L59+N59+P59 -> #REF! | S59: =+R59*G59 -> #REF! | T59: =+#REF! -> #REF! | U59: =+T59*G59 -> #REF! | V59: =+J59+L59+N59+P59+T59 -> #REF! | W59: =+K59/S59 -> #REF! | X59: =+M59/S59 -> #REF! | Y59: =+O59/S59 -> #REF! | Z59: =+(Q59/S59)*0.2 -> #REF! | AA59: =+(Q59/S59)*0.8 -> #REF! | AB59: =+SUM(W59:AA59) -> #REF! | AC59: =+W59*I59 -> #REF! | AD59: =+X59*I59 -> #REF! | AE59: =+Y59*I59 -> #REF! | AF59: =+Z59*I59 -> #REF! | AG59: =+AA59*I59 -> #REF! | AH59: =+SUM(AC59:AG59) -> #REF!
G60: SUBTOTAL SEÑALIZACIÓN Y SEGURIDAD: | I60: =+SUM(I52:I59) -> #REF! | K60: =+SUM(K52:K59) -> #REF! | M60: =+SUM(M52:M59) -> #REF! | O60: =+SUM(O52:O59) -> #REF! | Q60: =+SUM(Q52:Q59) -> #REF! | S60: =+SUM(S52:S59) -> #REF! | U60: =+SUM(U52:U59) -> #REF! | W60: =+K60/S60 -> #REF! | X60: =+M60/S60 -> #REF! | Y60: =+O60/S60 -> #REF! | Z60: =+(SUM(Z52:Z59)*((Q60/S60)))/SUM(Z52:AA59) -> #REF! | AA60: =+(SUM(AA52:AA59)*((Q60/S60)))/SUM(Z52:AA59) -> #REF! | AB60: =+SUM(W60:AA60) -> #REF! | AC60: =+SUM(AC52:AC59) -> #REF! | AD60: =+SUM(AD52:AD59) -> #REF! | AE60: =+SUM(AE52:AE59) -> #REF! | AF60: =+SUM(AF52:AF59) -> #REF! | AG60: =+SUM(AG52:AG59) -> #REF! | AH60: =+SUM(AH52:AH59) -> #REF! | AI60: 11522176 | AJ60: 7.151836e+08 | AK60: 0 | AL60: 4452781.5 | AM60: 14515413
E61: No.6. OBRAS VARIAS
B62: 800.1 | D62: 800-13 | E62: CERCA DE ALAMBRE DE PUAS CON POSTES DE MADERA | F62: ML | G62: =+P.Detall!#REF! -> #REF! | H62: =+#REF! -> #REF! | I62: =ROUND(H62*G62,0) -> #REF! | J62: =+#REF! -> #REF! | K62: =+J62*G62 -> #REF! | L62: =+#REF! -> #REF! | M62: =+L62*G62 -> #REF! | N62: =+#REF! -> #REF! | O62: =+N62*G62 -> #REF! | P62: =+#REF! -> #REF! | Q62: =+P62*G62 -> #REF! | R62: =+J62+L62+N62+P62 -> #REF! | S62: =+R62*G62 -> #REF! | T62: =+#REF! -> #REF! | U62: =+T62*G62 -> #REF! | V62: =+J62+L62+N62+P62+T62 -> #REF! | W62: =+K62/S62 -> #REF! | X62: =+M62/S62 -> #REF! | Y62: =+O62/S62 -> #REF! | Z62: =+(Q62/S62)*0.2 -> #REF! | AA62: =+(Q62/S62)*0.8 -> #REF! | AB62: =+SUM(W62:AA62) -> #REF! | AC62: =+W62*I62 -> #REF! | AD62: =+X62*I62 -> #REF! | AE62: =+Y62*I62 -> #REF! | AF62: =+Z62*I62 -> #REF! | AG62: =+AA62*I62 -> #REF! | AH62: =+SUM(AC62:AG62) -> #REF!
B63: 810.1 | D63: 810-13 | E63: PROTECCIÓN DE TALUDES CON BLOQUES DE CESPED | F63: M2 | G63: =+P.Detall!#REF! -> #REF! | H63: =+#REF! -> #REF! | I63: =ROUND(H63*G63,0) -> #REF! | J63: =+#REF! -> #REF! | K63: =+J63*G63 -> #REF! | L63: =+#REF! -> #REF! | M63: =+L63*G63 -> #REF! | N63: =+#REF! -> #REF! | O63: =+N63*G63 -> #REF! | P63: =+#REF! -> #REF! | Q63: =+P63*G63 -> #REF! | R63: =+J63+L63+N63+P63 -> #REF! | S63: =+R63*G63 -> #REF! | T63: =+#REF! -> #REF! | U63: =+T63*G63 -> #REF! | V63: =+J63+L63+N63+P63+T63 -> #REF! | W63: =+K63/S63 -> #REF! | X63: =+M63/S63 -> #REF! | Y63: =+O63/S63 -> #REF! | Z63: =+(Q63/S63)*0.8 -> #REF! | AA63: =+(Q63/S63)*0.2 -> #REF! | AB63: =+SUM(W63:AA63) -> #REF! | AC63: =+W63*I63 -> #REF! | AD63: =+X63*I63 -> #REF! | AE63: =+Y63*I63 -> #REF! | AF63: =+Z63*I63 -> #REF! | AG63: =+AA63*I63 -> #REF! | AH63: =+SUM(AC63:AG63) -> #REF!
G64: SUBTOTAL OBRAS VARIAS: | I64: =+SUM(I62:I63) -> #REF! | K64: =+SUM(K62:K63) -> #REF! | M64: =+SUM(M62:M63) -> #REF! | O64: =+SUM(O62:O63) -> #REF! | Q64: =+SUM(Q62:Q63) -> #REF! | S64: =+SUM(S62:S63) -> #REF! | U64: =+SUM(U62:U63) -> #REF! | W64: =+K64/S64 -> #REF! | X64: =+M64/S64 -> #REF! | Y64: =+O64/S64 -> #REF! | Z64: =+(SUM(Z62:Z63)*((Q64/S64)))/SUM(Z62:AA63) -> #REF! | AA64: =+(SUM(AA62:AA63)*((Q64/S64)))/SUM(Z62:AA63) -> #REF! | AB64: =+SUM(W64:AA64) -> #REF! | AC64: =+SUM(AC62:AC63) -> #REF! | AD64: =+SUM(AD62:AD63) -> #REF! | AE64: =+SUM(AE62:AE63) -> #REF! | AF64: =+SUM(AF62:AF63) -> #REF! | AG64: =+SUM(AG62:AG63) -> #REF! | AH64: =+SUM(AH62:AH63) -> #REF! | AI64: 2993476.2 | AJ64: 2.4320743e+08 | AK64: 0 | AL64: 19884511 | AM64: 10027700
E65: No.7. ESPECIFICACIONES PARTICULARES (OBRAS AMBIENTALES)
B66: P1 | D66: P1 | E66: CONFORMACION DE DEPÓSITO DE MATERIAL SOBRANTE | F66: M3 | G66: =+P.Detall!G79 -> 1339 | H66: =+'P1'!I55 -> 3335 | I66: =ROUND(H66*G66,0) -> 4465565 | J66: =+'P1'!I19 -> 2315 | K66: =+J66*G66 -> 3099785 | L66: =+'P1'!I29 -> 0 | M66: =+L66*G66 -> 0 | N66: =+'P1'!I36 -> 0 | O66: =+N66*G66 -> 0 | P66: =+'P1'!I45 -> 250 | Q66: =+P66*G66 -> 334750 | R66: =+J66+L66+N66+P66 -> 2565 | S66: =+R66*G66 -> 3434535 | T66: =+'P1'!I53 -> 770 | U66: =+T66*G66 -> 1031030 | V66: =+J66+L66+N66+P66+T66 -> 3335 | W66: =+K66/S66 -> 0.90253411 | X66: =+M66/S66 -> 0 | Y66: =+O66/S66 -> 0 | Z66: =+(Q66/S66)*0.2 -> 0.019493177 | AA66: =+(Q66/S66)*0.8 -> 0.07797271 | AB66: =+SUM(W66:AA66) -> 1 | AC66: =+W66*I66 -> 4030324.7 | AD66: =+X66*I66 -> 0 | AE66: =+Y66*I66 -> 0 | AF66: =+Z66*I66 -> 87048.051 | AG66: =+AA66*I66 -> 348192.2 | AH66: =+SUM(AC66:AG66) -> 4465565
D67: P2 | E67: PERNOS DE 1 PLG, INCLUYE PERFORACIÓN, ARMADO E INSTALACIÓN, LLENADO Y SUMINISTRO DE MATERIAL | F67: ML | G67: =+P.Detall!#REF! -> #REF! | H67: =+#REF! -> #REF! | I67: =ROUND(H67*G67,0) -> #REF! | J67: =+#REF! -> #REF! | K67: =+J67*G67 -> #REF! | L67: =+#REF! -> #REF! | M67: =+L67*G67 -> #REF! | N67: =+#REF! -> #REF! | O67: =+N67*G67 -> #REF! | P67: =+#REF! -> #REF! | Q67: =+P67*G67 -> #REF! | R67: =+J67+L67+N67+P67 -> #REF! | S67: =+R67*G67 -> #REF! | T67: =+#REF! -> #REF! | U67: =+T67*G67 -> #REF! | V67: =+J67+L67+N67+P67+T67 -> #REF! | W67: =+K67/S67 -> #REF! | X67: =+M67/S67 -> #REF! | Y67: =+O67/S67 -> #REF! | Z67: =+(Q67/S67)*0.8 -> #REF! | AA67: =+(Q67/S67)*0.2 -> #REF! | AB67: =+SUM(W67:AA67) -> #REF! | AC67: 0 | AD67: 0 | AE67: 0 | AF67: 0 | AG67: 0 | AH67: =+SUM(AC67:AG67) -> 0
G68: SUBTOTAL ESPECIFICACIONES PARTICULARES (OBRAS AMBIENTALES): | I68: =+SUM(I66:I67) -> #REF! | K68: =+SUM(K66:K67) -> #REF! | M68: =+SUM(M66:M67) -> #REF! | O68: =+SUM(O66:O67) -> #REF! | Q68: =+SUM(Q66:Q67) -> #REF! | S68: =+SUM(S66:S67) -> #REF! | U68: =+SUM(U66:U67) -> #REF! | W68: =+K68/S68 -> #REF! | X68: =+M68/S68 -> #REF! | Y68: =+O68/S68 -> #REF! | Z68: =+(SUM(Z66:Z67)*((Q68/S68)))/SUM(Z66:AA67) -> #REF! | AA68: =+(SUM(AA66:AA67)*((Q68/S68)))/SUM(Z66:AA67) -> #REF! | AB68: =+SUM(W68:AA68) -> #REF! | AC68: =+SUM(AC66:AC67) -> 4030324.7 | AD68: =+SUM(AD66:AD67) -> 0 | AE68: =+SUM(AE66:AE67) -> 0 | AF68: =+SUM(AF66:AF67) -> 87048.051 | AG68: =+SUM(AG66:AG67) -> 348192.2 | AH68: =+SUM(AH66:AH67) -> 4465565 | AI68: 1.6498952e+08 | AJ68: 0 | AK68: 0 | AL68: 3551806.7 | AM68: 14207227
E69: No.8. TRANSPORTE
B70: 900.1 | C70: 900.2 | D70: 900-13 | E70: TRANSPORTE DE MATERIALES PROVENIENTES DE LA EXCAVACIÓN DE LA EXPLANACIÓN, CANALES Y PRÉSTAMOS PARA DISTANCIAS MAYORES DE MIL METROS (1000 M), MEDIDO A PARTIR DE CIEN METROS (100M). | F70: M3-E | G70: =+P.Detall!G84 -> 363 | H70: =+P.Detall!H84 -> 1412 | I70: =ROUND(H70*G70,0) -> 512556 | J70: =+P.Detall!J84 -> 1086 | K70: =+J70*G70 -> 394218 | L70: =+P.Detall!L84 -> 0 | M70: =+L70*G70 -> 0 | N70: =+P.Detall!N84 -> 0 | O70: =+N70*G70 -> 0 | P70: =+P.Detall!P84 -> 0 | Q70: =+P70*G70 -> 0 | R70: =+P.Detall!R84 -> 1086 | S70: =+R70*G70 -> 394218 | T70: =+P.Detall!T84 -> 326 | U70: =+T70*G70 -> 118338 | V70: =+J70+L70+N70+P70+T70 -> 1412 | W70: =+K70/S70 -> 1 | X70: =+M70/S70 -> 0 | Y70: =+O70/S70 -> 0 | Z70: =+(Q70/S70)*0 -> 0 | AA70: =+(Q70/S70)*0 -> 0 | AB70: =+SUM(W70:AA70) -> 1 | AC70: =+W70*I70 -> 512556 | AD70: =+X70*I70 -> 0 | AE70: =+Y70*I70 -> 0 | AF70: =+Z70*I70 -> 0 | AG70: =+AA70*I70 -> 0 | AH70: =+SUM(AC70:AG70) -> 512556
G73: SUBTOTAL TRANSPORTE: | I73: =+SUM(I70:I72) -> 512556 | K73: =+SUM(K70:K72) -> 394218 | M73: =+SUM(M70:M72) -> 0 | O73: =+SUM(O70:O72) -> 0 | Q73: =+SUM(Q70:Q72) -> 0 | S73: =+SUM(S70:S72) -> 394218 | U73: =+SUM(U70:U72) -> 118338 | W73: =+K73/S73 -> 1 | X73: =+M73/S73 -> 0 | Y73: =+O73/S73 -> 0 | Z73: 0 | AA73: 0 | AB73: =+SUM(W73:AA73) -> 1 | AC73: =+SUM(AC70:AC72) -> 512556 | AD73: =+SUM(AD70:AD72) -> 0 | AE73: =+SUM(AE70:AE72) -> 0 | AF73: =+SUM(AF70:AF72) -> 0 | AG73: =+SUM(AG70:AG72) -> 0 | AH73: =+SUM(AH70:AH72) -> 512556 | AI73: 198823977 | AJ73: 0 | AK73: 0 | AL73: 0 | AM73: 0
Q74: =SUM(Q8:Q73)/2 -> #REF! | S74: =SUM(S8:S73)/2 -> #REF!
B76: A | C76: COSTO BÁSICO: | I76: =SUM(I8:I73)/2 -> #REF! | AC76: =+C76 -> COSTO BÁSICO: | AH76: =+SUM(AH8:AH73)/2 -> #REF!
B77: B | C77: FORMULACIÓN E IMPLEMENTACIÓN DE MANEJO AMBIENTAL | I77: =+P.Detall!I100 -> 8702581
B78: C | C78: IVA (19%) = (B x 0,19) | D78: IVA (16%) = (D x 0,16) | I78: =+ROUND(I77*0.19,0) -> 1653490
B79: D | C79: SUBTOTAL FORMULACIÓN E IMPLEMENTACIÓN DE MANEJO AMBIENTAL (B+C) | I79: =+I78+I77 -> 10356071 | AC79: =+C79 -> SUBTOTAL FORMULACIÓN E IMPLEMENTACIÓN DE MANEJO AMBIENTAL (B+C) | AH79: =+'Presup '!I98 -> 0 | AI79: 149794951
B80: E | C80: FORMULACIÓN E IMPLEMENTACIÓN PLAN DE MANEJO DE TRÁNSITO | I80: =+P.Detall!I103 -> 12565630
B81: F | C81: IVA (19%) = (E x 0,19) | D81: IVA (16%) = (D x 0,16) | I81: =ROUND(I80*0.19,0) -> 2387470
B82: G | C82: SUBTOTAL FORMULACIÓN E IMPLEMENTACIÓN PLAN DE MANEJO DE TRÁNSITO (E+F) | I82: =+I81+I80 -> 14953100 | AC82: =+C82 -> SUBTOTAL FORMULACIÓN E IMPLEMENTACIÓN PLAN DE MANEJO DE TRÁNSITO (E+F) | AH82: =+I82 -> 14953100 | AI82: 146662473
B83: H | C83: CARACTERIZACION VIAL | I83: =+'Presup '!I97 -> 0 | AC83: =+C83 -> CARACTERIZACION VIAL | AH83: =+I83 -> 0 | AI83: 3013913
B84: I | C84: =+'Presup '!D105 -> PROTOCOLO DE BIOSEGURIDAD
B85: J | AC85: =+C84 -> PROTOCOLO DE BIOSEGURIDAD | AH85: =+'Presup '!I105 -> 6707620 | AI85: 26330320
B86: K | C86: VALOR TOTAL | I86: =+I83+I82+I79+I76 -> #REF! | K86: =+I86/6.036 -> #REF!
AC87: =+'Presup '!C108 -> INTERVENTORIA: | AH87: =+'Presup '!I108 -> 0 | AI87: 1008964288
AG89: TOTAL | AH89: =+SUM(AH76:AH87) -> #REF!
F95: ING. CARLOS ANDRES PANTOJA AGREDA Ms.C.
F96: M.P. 52202-094144 NRÑ

Sheet FP 1
B2: =+'Presup '!B5 -> MEJORAMIENTO VÍA LA LAGUNA, SALINAS, LOS OLIVOS
B4: FACTOR PRESTACIONAL SALARIOS < 2 SMMLV
B6: 1 | C6: SALARIOS | E6: 1
B8: 2 | C8: PRESTACIONES SOCIALES | E8: =ROUND(SUM(D9:D21),2) -> 0.85
B9: 2.01 | C9: Cesantias 100.00%/12 Meses | D9: 0.083333333
B10: 2.02 | C10: Intereses de cesantías | D10: 0.01
B11: 2.03 | C11: Prima Anual 100.00%/12 Meses | D11: 0.083333333
B12: 2.04 | C12: Vacaciones | D12: 0.0417
B13: 2.05 | C13: Seguridad Social (salud) | D13: 0
B14: 2.06 | C14: Seguridad Social (pensión) | D14: 0.12
B15: 2.07 | C15: Aseguradora de Riesgos Laborales | D15: 0.0696
B16: 2.08 | C16: Caja de Compensación Familiar | D16: 0.04
B17: 2.09 | C17: ICBF | D17: 0
B18: 2.1 | C18: SENA | D18: 0
B19: 2.11 | C19: Subsidio de Transporte | D19: 0.12
B20: 2.12 | C20: Otros Subsidios (Transporte, prestaciones extralegales, incapacidades no cubiertas) | D20: 0.15
B21: 2.13 | C21: Dotación | D21: 0.13
C23: TOTAL FACTOR PRESTACIONAL | E23: =E6+E8 -> 1.85
B25: OBSERVACIÓN: Exoneración para empleadores de acuerdo con el artículo 65 de la Ley 1819 de 2016, para trabajadores que devenguen menos de 10 SMMLV. Salud, SENA e ICBF quedan en cero pesos para el empleador.
B35: =+'Presup '!F123 -> ING. JHONATAN STIVEN PANTOJA MORILLO
B36: =+'Presup '!F124 -> M.P. 111037-0520109 NRÑ

Sheet FP 2
B2: =+'Presup '!B5 -> MEJORAMIENTO VÍA LA LAGUNA, SALINAS, LOS OLIVOS
B4: FACTOR PRESTACIONAL SALARIOS > 2 SMMLV
B6: 1 | C6: SALARIOS | E6: 1
B8: 2 | C8: PRESTACIONES SOCIALES | E8: =ROUND(SUM(D9:D21),2) -> 0.73
B9: 2.01 | C9: Cesantias 100.00%/12 Meses | D9: 0.083333333
B10: 2.02 | C10: Intereses de cesantías | D10: 0.01
B11: 2.03 | C11: Prima Anual 100.00%/12 Meses | D11: 0.083333333
B12: 2.04 | C12: Vacaciones | D12: 0.0417
B13: 2.05 | C13: Seguridad Social (salud) | D13: 0
B14: 2.06 | C14: Seguridad Social (pensión) | D14: 0.12
B15: 2.07 | C15: Aseguradora de Riesgos Laborales | D15: 0.0696
B16: 2.08 | C16: Caja de Compensación Familiar | D16: 0.04
B17: 2.09 | C17: ICBF | D17: 0
B18: 2.1 | C18: SENA | D18: 0
B19: 2.11 | C19: Subsidio de Transporte | D19: 0
B20: 2.12 | C20: Otros Subsidios (Transporte, prestaciones extralegales, incapacidades no cubiertas) | D20: 0.15
B21: 2.13 | C21: Dotación | D21: 0.13
C23: TOTAL FACTOR PRESTACIONAL | E23: =E6+E8 -> 1.73
B25: OBSERVACIÓN: Exoneración para empleadores de acuerdo con el artículo 65 de la Ley 1819 de 2016, para trabajadores que devenguen menos de 10 SMMLV. Salud, SENA e ICBF quedan en cero pesos para el empleador.
B34: =+'FP 1'!B35 -> ING. JHONATAN STIVEN PANTOJA MORILLO
B35: =+'FP 1'!B36 -> M.P. 111037-0520109 NRÑ

Sheet AIU 
A1: REPUBLICA DE COLOMBIA
A2: DEPARTAMENTO DE NARIÑO
A3: =+'Presup '!B3 -> ALCALDÍA MUNICIPAL DE SAN LORENZO
A5: =+'Presup '!B5 -> MEJORAMIENTO VÍA LA LAGUNA, SALINAS, LOS OLIVOS
I6: F.P. < 2SMMLV | J6: ='FP 1'!E23 -> 1.85
I7: F.P. > 2SMMLV | J7: ='FP 2'!E23 -> 1.73
I8: 2 SMMLV | J8: =908526*2 -> 1817052
A9: DISCRIMINACION DETALLADA DEL AUI | D9: =+A5 -> MEJORAMIENTO VÍA LA LAGUNA, SALINAS, LOS OLIVOS | L9: =+C12-G17 -> -1.1411689e+08
A12: COSTO BÁSICO | C12: =+P.Detall!I99 -> 763014745 | F12: VALOR CONTRATO
A13: COSTO DIRECTO ESTIMADO DE OBRA (CD) | C13: =+P.Detall!S97 -> 5.4454281e+08 | F13: COSTO DIRECTO | G13: =C13 -> 5.4454281e+08 | H13: =100%-(H14+H15+H16) -> 0.38923292 | N13: LLEVAR A M.O.
A14: TERMINO ESTIMADO DE EJECUCIÓN DE OBRA | C14: 6 | E14: MESES | F14: A = | G14: =ROUND((G13*N14),0) -> 278134541 | H14: =G14/$G$13 -> 0.51076708 | N14: =G84 -> 0.51076708
F15: U = | G15: =ROUND((G13*N15),0) -> 27227141 | H15: =G15/$G$13 -> 0.050000001 | N15: 0.05
F16: I = | G16: =ROUND((G13*N16),0) -> 27227141 | H16: =G16/$G$13 -> 0.050000001 | N16: 0.05
A17: A. ADMINISTRACIÓN | F17: COSTO TOTAL | G17: =SUM(G13:G16) -> 8.7713164e+08 | H17: =SUM(H13:H16) -> 1 | I17: =+C12-G17 -> -1.1411689e+08 | L17: =O21 -> 15295219703 | N17: =SUM(N14:N16) -> 0.61076708 | O17: 15295219703
A18: 1. COSTOS MENSUALES DE PERSONAL | L18: =G17-L17 -> -1.4418088e+10
A19: # | B19: CARGO | C19: CATEGORÍA | D19: DEDICACIÓN MES | E19: TOPE MÁXIMO SALARIO | F19: FACTOR PRESTACIONAL | G19: SALARIO MÁS PRESTACIONES | H19: SALARIO MÁS PRESTACIONES
A20: A | D20: B | E20: C | F20: D | G20: E = A * B * C * D | H20: E = A * B * C * D | K20: MESES | L20: =+C14 -> 6 | O20: 1 | P20: =G17/O17 -> 0.057346782
A21: 1.1 PERSONAL PROFESIONAL (Ingenieros y Otros) | K21: % | L21: 0.4 | O21: =O17*O20 -> 15295219703
A22: 1 | B22: INGENIERO DIRECTOR DE OBRA | D22: 0.5 | E22: =+MdeObra!C29 -> 8160037 | F22: =IF(E22<$J$8,$J$6,$J$7) -> 1.73 | G22: =A22*D22*E22*F22 -> 7058432 | H22: =G22/$G$13 -> 0.012962125 | L22: 3200000 | M22: =+L22+L22*$L$21 -> 4480000 | N22: =+M22*F22 -> 7750400 | O22: =+N22/$G$13 -> 0.014232857
A23: 1 | B23: INGENIERO RESIDENTE DE OBRA | D23: 1 | E23: =+MdeObra!C31 -> 5094999 | F23: =IF(E23<$J$8,$J$6,$J$7) -> 1.73 | G23: =A23*D23*E23*F23 -> 8814348.3 | H23: =G23/$G$13 -> 0.016186695 | L23: 2200000 | M23: =+L23+L23*$L$21 -> 3080000 | N23: =+M23*F23 -> 5328400 | O23: =+N23/$G$13 -> 0.0097850892
A24: 1 | B24: INGENIERO AUXILIAR DE OBRA | D24: 1 | E24: =+MdeObra!C33 -> 3054989 | F24: =IF(E24<$J$8,$J$6,$J$7) -> 1.73 | G24: =A24*D24*E24*F24 -> 5285131 | H24: =G24/$G$13 -> 0.0097056298
A25: 1 | B25: INGENIERO ESPECIALISTA SISO | D25: 1 | E25: =+MdeObra!C37 -> 3054989 | F25: =IF(E25<$J$8,$J$6,$J$7) -> 1.73 | G25: =A25*D25*E25*F25 -> 5285131 | H25: =G25/$G$13 -> 0.0097056298
A26: 1 | B26: INGENIERO ESPECIALISTA EN VIAS | D26: 0.3 | E26: =+MdeObra!C30 -> 6120028 | F26: =IF(E26<$J$8,$J$6,$J$7) -> 1.73 | G26: =A26*D26*E26*F26 -> 3176294.5 | H26: =G26/$G$13 -> 0.0058329565 | L26: 2250000 | M26: =+L26+L26*$L$21 -> 3150000 | N26: =+M26*F26 -> 5449500 | O26: =+N26/$G$13 -> 0.010007478
A27: 1 | B27: INGENIERO ESPECIALISTA EN GEOTECNIA | D27: 0.3 | E27: =+MdeObra!C34 -> 6120028 | F27: =IF(E27<$J$8,$J$6,$J$7) -> 1.73 | G27: =A27*D27*E27*F27 -> 3176294.5 | H27: =G27/$G$13 -> 0.0058329565 | L27: 2250000 | M27: =+L27+L27*$L$21 -> 3150000 | N27: =+M27*F27 -> 5449500 | O27: =+N27/$G$13 -> 0.010007478
A28: 1 | B28: INGENIERO ESPECIALISTA EN ESTRUCTURAS | D28: 0.3 | E28: =+MdeObra!C35 -> 6120028 | F28: =IF(E28<$J$8,$J$6,$J$7) -> 1.73 | G28: =A28*D28*E28*F28 -> 3176294.5 | H28: =G28/$G$13 -> 0.0058329565 | L28: 2250000 | M28: =+L28+L28*$L$21 -> 3150000 | N28: =+M28*F28 -> 5449500 | O28: =+N28/$G$13 -> 0.010007478
A29: 1 | B29: INGENIERO RESIDENTE AMBIENTAL | D29: 1 | E29: =+MdeObra!C32 -> 3054989 | F29: =IF(E29<$J$8,$J$6,$J$7) -> 1.73 | G29: =A29*D29*E29*F29 -> 5285131 | H29: =G29/$G$13 -> 0.0097056298 | L29: 1700000 | M29: =+L29+L29*$L$21 -> 2380000 | N29: =+M29*F29 -> 4117400 | O29: =+N29/$G$13 -> 0.0075612053
A30: 1 | B30: TRABAJADOR SOCIAL | D30: 0.3 | E30: =+MdeObra!C38 -> 2040009 | F30: =IF(E30<$J$8,$J$6,$J$7) -> 1.73 | G30: =A30*D30*E30*F30 -> 1058764.7 | H30: =G30/$G$13 -> 0.0019443185 | L30: 900000 | M30: =+L30+L30*$L$21 -> 1260000 | N30: =+M30*F30 -> 2179800 | O30: =+N30/$G$13 -> 0.004002991
A32: 1.2 PERSONAL TÉCNICO Y PERSONAL AUXILIAR TÉCNICO
A33: 1 | B33: INSPECTOR DE OBRA CIVIL | D33: 1 | E33: =+MdeObra!C41 -> 2040009 | F33: =IF(E33<$J$8,$J$6,$J$7) -> 1.73 | G33: =A33*D33*E33*F33 -> 3529215.6 | H33: =G33/$G$13 -> 0.0064810617 | L33: 1200000 | M33: =+L33+L33*$L$21 -> 1680000 | N33: =+M33*F33 -> 2906400 | O33: =+N33/$G$13 -> 0.0053373214
A34: 1 | B34: TOPOGRAFO | D34: 0.5 | E34: =+MdeObra!C39 -> 2797950 | F34: =IF(E34<$J$8,$J$6,$J$7) -> 1.73 | G34: =A34*D34*E34*F34 -> 2420226.8 | H34: =G34/$G$13 -> 0.0044445114 | L34: 1400000 | M34: =+L34+L34*$L$21 -> 1960000 | N34: =+M34*F34 -> 3390800 | O34: =+N34/$G$13 -> 0.006226875
A35: 1 | B35: SECRETARIA | D35: 1 | E35: =+MdeObra!C42 -> 1014980 | F35: =IF(E35<$J$8,$J$6,$J$7) -> 1.85 | G35: =A35*D35*E35*F35 -> 1877713 | H35: =G35/$G$13 -> 0.0034482376 | L35: 589500 | M35: =+L35+L35*$L$21 -> 825300 | N35: =+M35*F35 -> 1526805 | O35: =+N35/$G$13 -> 0.0028038291
O36: =+N36/$G$13 -> 0
A37: 1.3 PERSONAL ADMINISTRATIVO | O37: =+N37/$G$13 -> 0
A38: 1 | B38: ALMACENISTA | D38: 1 | E38: =+MdeObra!C43 -> 1014980 | F38: =IF(E38<$J$8,$J$6,$J$7) -> 1.85 | G38: =A38*D38*E38*F38 -> 1877713 | H38: =G38/$G$13 -> 0.0034482376 | L38: 589500 | M38: =+L38+L38*$L$21 -> 825300 | N38: =+M38*F38 -> 1526805 | O38: =+N38/$G$13 -> 0.0028038291
A39: 1 | B39: CONTADOR | D39: 0.2 | E39: =+MdeObra!C40 -> 2040009 | F39: =IF(E39<$J$8,$J$6,$J$7) -> 1.73 | G39: =A39*D39*E39*F39 -> 705843.11 | H39: =G39/$G$13 -> 0.0012962123 | L39: 900000 | M39: =+L39+L39*$L$21 -> 1260000 | N39: =+M39*F39 -> 2179800 | O39: =+N39/$G$13 -> 0.004002991
A40: SUBTOTAL COSTOS MENSUALES DE PERSONAL (DIRECTOR, RESIDENTE, AUXILIAR) | G40: =SUM(G22:G24) -> 21157911 | H40: =SUM(H22:H24) -> 0.03885445
A41: SUBTOTAL COSTOS MENSUALES DEMÁS PERSONAL | G41: =+SUM(G25:G39) -> 31568622 | H41: =SUM(H25:H39) -> 0.057972708
A42: SUBTOTAL COSTOS MENSUALES DE PERSONAL | G42: =+G40+G41 -> 52726533 | H42: =+H40+H41 -> 0.096827158 | N42: =SUM(N22:N39) -> 47255110 | O42: =SUM(O22:O39) -> 0.086779421
A45: 2. GASTOS OPERACIONALES MENSUALES | G45: VALOR ($) | H45: VALOR ($) | L45: 0.01
A46: GASTOS DE OFICINA INCL. ADMINISTRACIÓN, SERVICIOS PÚBLICOS, COMUNICACIONES | G46: 612950 | H46: =G46/$G$13 -> 0.0011256232 | L46: 500000 | N46: =ROUND(L46+L46*$L$45,0) -> 505000 | O46: =+N46/$G$13 -> 0.00092738347
A47: CAMPAMENTO INCL. SERVICIOS PÚBLICOS PROVISIONALES EN AREA DE INFLUENCIA | G47: =+N47 -> 303000 | H47: =G47/$G$13 -> 0.00055643008 | L47: 300000 | N47: =ROUND(L47+L47*$L$45,0) -> 303000 | O47: =+N47/$G$13 -> 0.00055643008
A48: DOTACION (INCLUYE SEGURIDAD INDUSTRIAL) | G48: =+N48 -> 909000 | H48: =G48/$G$13 -> 0.0016692902 | L48: 900000 | N48: =ROUND(L48+L48*$L$45,0) -> 909000 | O48: =+N48/$G$13 -> 0.0016692902
A49: GASTOS OFICINA (PAPELERIA, FOTOCOPIAS, EQUIPOS DE COMPUTO Y OTROS) | G49: 3500000 | H49: =G49/$G$13 -> 0.0064274102 | L49: 3427500 | N49: =ROUND(L49+L49*$L$45,0) -> 3461775 | O49: =+N49/$G$13 -> 0.0063572137
A50: 1 | B50: VEHICULO Y/O TRANSPORTE | D50: 1 | E50: =+N50 -> 1818000 | G50: =+E50*D50 -> 1818000 | H50: =G50/$G$13 -> 0.0033385805 | J50: 1 | K50: =1800000 -> 1800000 | N50: =ROUND(J50*(K50+K50*$L$45),0) -> 1818000 | O50: =+N50/$G$13 -> 0.0033385805
A51: 1 | B51: EQUIPO DE TOPOGRAFÍA (incluye cadeneros) | D51: 1 | E51: =+N51 -> 1515000 | G51: =+E51*D51 -> 1515000 | H51: =G51/$G$13 -> 0.0027821504 | J51: 1 | K51: 1500000 | N51: =ROUND(J51*(K51+K51*$L$45),0) -> 1515000 | O51: =+N51/$G$13 -> 0.0027821504
A52: 1 | B52: ENSAYOS DE LABORATORIO | D52: 1 | E52: =+N52 -> 808000 | G52: =+E52*D52 -> 808000 | H52: =G52/$G$13 -> 0.0014838135 | J52: 1 | K52: 800000 | N52: =ROUND(J52*(K52+K52*$L$45),0) -> 808000 | O52: =+N52/$G$13 -> 0.0014838135
A53: SUBTOTAL GASTOS OPERACIONALES MENSUALES | B53: SUBTOTAL GASTOS OPERACIONALES MENSUALES | G53: =SUM(G46:G52) -> 9465950 | H53: =SUM(H46:H52) -> 0.017383298 | N53: =SUM(N46:N52) -> 9319775 | O53: =SUM(O46:O52) -> 0.017114862
A55: TOTAL COSTOS PERSONAL + GASTOS OPERACIONALES POR EL TÉRMINO DE EJECUCIÓN | G55: =(G40+G53)*C14 -> 1.8374317e+08 | H55: =(H40+H53)*C14 -> 0.33742649 | N55: =+(N53+N42)*$L$20 -> 339449310 | O55: =(O53+O42)*L20 -> 0.6233657
A56: TOTAL COSTOS PERSONAL + GASTOS OPERACIONALES POR EL TÉRMINO DE EJECUCIÓN EN PORCENTAJE DEL COSTO DIRECTO | G56: =G55/G13 -> 0.33742649 | H56: =H55 -> 0.33742649 | N56: =+N55/G13 -> 0.6233657 | O56: =+O55 -> 0.6233657
A58: 3. COSTOS DE LEGALIZACIÓN | B58: 3. IMPUESTOS Y GARANTÍAS
A59: 3.1 IMPUESTOS
A60: DESCRIPCIÓN | D60: VALOR BASE | F60: IMPUESTO | G60: VALOR ($) | H60: VALOR ($)
A61: CONTRIBUCIÓN ESPECIAL | D61: =+C12 -> 763014745 | F61: 0.05 | G61: =((D61*F61)) -> 38150737 | H61: =G61/$G$13 -> 0.070060125
A62: ICA | D62: =D61 -> 763014745 | F62: 0.006 | G62: =((D62*F62)) -> 4578088.5 | H62: =G62/$G$13 -> 0.0084072149
A63: ESTAMPILLA UNIVERSIDAD DE NARIÑO | D63: =D62 -> 763014745 | F63: 0.005 | G63: =((D63*F63)) -> 3815073.7 | H63: =G63/$G$13 -> 0.0070060125
A64: RETENCION EN LA FUENTE | D64: =D63 -> 763014745 | F64: 0.01 | G64: =((D64*F64)) -> 7630147.5 | H64: =G64/$G$13 -> 0.014012025
A65: ESTAMPILLA PRO CULTURA | D65: =D64 -> 763014745 | F65: 0.02 | G65: =((D65*F65)) -> 15260295 | H65: =G65/$G$13 -> 0.02802405
A66: ESTAMPILLA PRO PERSONAS MAYORES | D66: =D65 -> 763014745 | F66: 0.02 | G66: =((D66*F66)) -> 15260295 | H66: =G66/$G$13 -> 0.02802405
A67: FIC | D67: =D66 -> 763014745 | F67: 0.0025 | G67: =((D67*F67)) -> 1907536.9 | H67: =G67/$G$13 -> 0.0035030062
A68: APORTE PARAFISCALES | D68: =P.Detall!Q96 -> 49995430 | F68: 0.09 | G68: =((D68*F68)) -> 4499588.7 | H68: =G68/$G$13 -> 0.0082630577
A69: FINANCIACION | D69: 0 | F69: 1 | G69: =((D69*F69)) -> 0 | H69: =G69/$G$13 -> 0
A71: SUBTOTAL IMPUESTOS | G71: =SUM(G61:G69) -> 91101762 | H71: =SUM(H61:H69) -> 0.16729954
A72: 3,2 GARANTÍAS
A73: 3.2 GARANTIAS | C73: VR. BASE | D73: %ASEGURADO | E73: VIGENCIA AMPARO (MESES) | F73: TASA ASEGURADORA | G73: VALOR ($) | H73: VALOR ($)
A74: G.UNICA | B74: CUMPLIMIENTO | C74: =+C12 -> 763014745 | D74: 0.1 | E74: =C14 -> 6 | F74: 0.0025 | G74: =((((((C74*D74)*F74)/12)*E74))*1.16) -> 110637.14 | H74: =G74/$G$13 -> 0.00020317436
B75: BUEN MANEJO DE ANTICIPO | C75: =C74/10 -> 76301474 | D75: 1 | E75: =E74 -> 6 | F75: 0.0025 | G75: =((((((C75*D75)*F75)/12)*E75))*1.16) -> 110637.14 | H75: =G75/$G$13 -> 0.00020317436
A76: R.C.E. | B76: SALARIOS Y PRESTACIONES SOCIALES | C76: =C74 -> 763014745 | D76: 0.1 | E76: =E75*6+1 -> 37 | F76: 0.002 | G76: =((((((C76*D76)*F76)/12)*E76))*1.16) -> 545809.88 | H76: =G76/$G$13 -> 0.0010023268
B77: ESTABILIDAD Y CALIDAD DE LA OBRA | C77: =C76 -> 763014745 | D77: 0.3 | E77: =E75*8+4 -> 52 | F77: 0.002 | G77: =((((((C77*D77)*F77)/12)*E77))*1.16) -> 2301252.5 | H77: =G77/$G$13 -> 0.0042260267
B78: PREDIOS, LABORES Y OPERACIONES - VIGENCIA | C78: =C77 -> 763014745 | D78: 0.2 | E78: =E75 -> 6 | F78: 0.0025 | G78: =((((((C78*D78)*F78)/12)*E78))*1.16) -> 221274.28 | H78: =G78/$G$13 -> 0.00040634872
A79: SUBTOTAL GARANTÍAS | G79: =SUM(G74:G78) -> 3289610.9 | H79: =SUM(H74:H78) -> 0.006041051 | I79: 2765769
A81: TOTAL COSTOS DE LEGALIZACIÓN | G81: =G79+G71 -> 94391373 | H81: =H79+H71 -> 0.17334059
A82: TOTAL COSTOS DE LEGALIZACIÓN EN PORCENTAJE DEL COSTO DIRECTO | G82: =G81/G13 -> 0.17334059 | H82: =H81 -> 0.17334059
A84: A. ADMINISTRACIÓN (1 + 2 + 3) | G84: =G82+G56 -> 0.51076708 | H84: =H82+H56 -> 0.51076708
A85: I. IMPREVISTOS | G85: 0.05 | H85: 0.05
A86: U. UTILIDAD | G86: 0.05 | H86: 0.05
A88: A.I.U. (ADMINISTRACIÓN, IMPREVISTOS Y UTILIDAD) | G88: =SUM(G84:G86) -> 0.61076708 | H88: =SUM(H84:H86) -> 0.61076708 | K88: =H88/H91 -> 2.0358903
H91: 0.3
A95: =+'Presup '!F123 -> ING. JHONATAN STIVEN PANTOJA MORILLO
A96: =+'Presup '!F124 -> M.P. 111037-0520109 NRÑ
F98: =+'Presup '!F118:I118 -> ING. MIGUEL ANTONIO VILLACRES MARTINEZ.
F99: =+'Presup '!F119:I119 -> M.P. 52202-090508 NRÑ

Sheet Interv
A2: REPUBLICA DE COLOMBIA | I2: REPUBLICA DE COLOMBIA | K2: REPUBLICA DE COLOMBIA
A3: DEPARTAMENTO DE NARIÑO | I3: DEPARTAMENTO DE NARIÑO | K3: DEPARTAMENTO DE NARIÑO
A4: =+'Presup '!B3 -> ALCALDÍA MUNICIPAL DE SAN LORENZO | I4: =+A4 -> ALCALDÍA MUNICIPAL DE SAN LORENZO | K4: =+I4 -> ALCALDÍA MUNICIPAL DE SAN LORENZO
A6: =+'Presup '!B5 -> MEJORAMIENTO VÍA LA LAGUNA, SALINAS, LOS OLIVOS | I6: =+A6 -> MEJORAMIENTO VÍA LA LAGUNA, SALINAS, LOS OLIVOS | K6: =+I6 -> MEJORAMIENTO VÍA LA LAGUNA, SALINAS, LOS OLIVOS
A9: PRESUPUESTO INTERVENTORIA | D9: =+A6 -> MEJORAMIENTO VÍA LA LAGUNA, SALINAS, LOS OLIVOS | I9: ANALISIS FACTOR MULTIPLICADOR SALARIOS < 2 SMMLV | K9: ANALISIS FACTOR MULTIPLICADOR SALARIOS > 2 SMMLV
B11: PERSONAL PROFESIONAL
A12: CONCEPTO | B12: A | C12: B | D12: C | E12: D | F12: E | G12: F | I12: A. SUELDOS O SALARIOS | J12: 1 | K12: A. SUELDOS O SALARIOS | L12: 1
A13: Personal Profesional | B13: CANTIDAD | C13: SUELDO MES BÁSICO | D13: % DEDICACIÓN | E13: F.M. % | F13: VALOR MES | G13: No. DE MESES | H13: TOTAL PARCIAL | I13: B. PRESTACIONES SOCIALES | K13: B. PRESTACIONES SOCIALES
F14: (AxBxCxD) | H14: (ExF) | I14: SUB TOTAL B | J14: =SUM(J15:J27) -> 0.84796667 | K14: SUB TOTAL B | L14: =SUM(L15:L27) -> 0.72796667
A15: =+[20]MdeObra!A24 -> INGENIERO DIRECTOR DE OBRA | B15: 1 | C15: =+MdeObra!C29 -> 8160037 | D15: 1 | E15: =IF(C15<1817052,$J$53,$L$53)/100 -> 0.0223 | F15: =B15*C15*D15*E15 -> 181968.83 | G15: =+'AIU '!$C$14 -> 6 | H15: =ROUND((F15*G15),0) -> 1091813 | I15: Cesantias 100.00%/12 Meses | J15: ='FP 1'!D9 -> 0.083333333 | K15: ='FP 2'!C9 -> Cesantias 100.00%/12 Meses | L15: ='FP 2'!D9 -> 0.083333333
A16: =+[20]MdeObra!A26 -> INGENIERO RESIDENTE DE OBRA | B16: 1 | C16: =+MdeObra!C31 -> 5094999 | D16: 1 | E16: =IF(C16<1817052,$J$53,$L$53)/100 -> 0.0223 | F16: =B16*C16*D16*E16 -> 113618.48 | G16: =+'AIU '!$C$14 -> 6 | H16: =ROUND((F16*G16),0) -> 681711 | I16: Intereses de cesantías | J16: ='FP 1'!D10 -> 0.01 | K16: ='FP 2'!C10 -> Intereses de cesantías | L16: ='FP 2'!D10 -> 0.01
A17: =+[20]MdeObra!A28 -> INGENIERO AUXILIAR DE OBRA | B17: 1 | C17: =+MdeObra!C33 -> 3054989 | D17: 1 | E17: =IF(C17<1817052,$J$53,$L$53)/100 -> 0.0223 | F17: =B17*C17*D17*E17 -> 68126.255 | G17: =+'AIU '!$C$14 -> 6 | H17: =ROUND((F17*G17),0) -> 408758 | I17: Prima Anual 100.00%/12 Meses | J17: ='FP 1'!D11 -> 0.083333333 | K17: ='FP 2'!C11 -> Prima Anual 100.00%/12 Meses | L17: ='FP 2'!D11 -> 0.083333333
A18: =+[20]MdeObra!A25 -> INGENIERO ESPECIALISTA EN VIAS | B18: 1 | C18: =+MdeObra!C30 -> 6120028 | D18: 0.5 | E18: =IF(C18<1817052,$J$53,$L$53)/100 -> 0.0223 | F18: =B18*C18*D18*E18 -> 68238.312 | G18: =+'AIU '!$C$14 -> 6 | H18: =ROUND((F18*G18),0) -> 409430 | I18: Vacaciones | J18: ='FP 1'!D12 -> 0.0417 | K18: ='FP 2'!C12 -> Vacaciones | L18: ='FP 2'!D12 -> 0.0417
A19: ESPECIALISTA EN PAVIMENTOS | B19: 1 | C19: =+MdeObra!C36 -> 4853815 | D19: =+D18 -> 0.5 | E19: =IF(C19<1817052,$J$53,$L$53)/100 -> 0.0223 | F19: =B19*C19*D19*E19 -> 54120.037 | G19: =+'AIU '!$C$14 -> 6 | H19: =ROUND((F19*G19),0) -> 324720 | I19: Seguridad Social (salud) | J19: ='FP 1'!D13 -> 0 | K19: ='FP 2'!C13 -> Seguridad Social (salud) | L19: ='FP 2'!D13 -> 0
A20: =+[20]MdeObra!A29 -> INGENIERO ESPECIALISTA EN GEOTÉCNIA | B20: 1 | C20: =+MdeObra!C34 -> 6120028 | D20: =+D19 -> 0.5 | E20: =IF(C20<1817052,$J$53,$L$53)/100 -> 0.0223 | F20: =B20*C20*D20*E20 -> 68238.312 | G20: =+'AIU '!$C$14 -> 6 | H20: =ROUND((F20*G20),0) -> 409430 | I20: Seguridad Social (pensión) | J20: ='FP 1'!D14 -> 0.12 | K20: ='FP 2'!C14 -> Seguridad Social (pensión) | L20: ='FP 2'!D14 -> 0.12
A21: =+[20]MdeObra!A30 -> INGENIERO ESPECIALISTA EN ESTRUCTURAS | B21: 1 | C21: =+MdeObra!C35 -> 6120028 | D21: =+D20 -> 0.5 | E21: =IF(C21<1817052,$J$53,$L$53)/100 -> 0.0223 | F21: =B21*C21*D21*E21 -> 68238.312 | G21: =+'AIU '!$C$14 -> 6 | H21: =ROUND((F21*G21),0) -> 409430 | I21: Aseguradora de Riesgos Laborales | J21: ='FP 1'!D15 -> 0.0696 | K21: ='FP 2'!C15 -> Aseguradora de Riesgos Laborales | L21: ='FP 2'!D15 -> 0.0696
A22: =+[20]MdeObra!A27 -> INGENIERO RESIDENTE AMBIENTAL | B22: 1 | C22: =+MdeObra!C32 -> 3054989 | D22: 1 | E22: =IF(C22<1817052,$J$53,$L$53)/100 -> 0.0223 | F22: =B22*C22*D22*E22 -> 68126.255 | G22: =+'AIU '!$C$14 -> 6 | H22: =ROUND((F22*G22),0) -> 408758 | I22: Caja de Compensación Familiar | J22: ='FP 1'!D16 -> 0.04 | K22: ='FP 2'!C16 -> Caja de Compensación Familiar | L22: ='FP 2'!D16 -> 0.04
A23: =+[20]MdeObra!A32 -> INGENIERO ESPECIALISTA SISO | B23: 1 | C23: =+MdeObra!C37 -> 3054989 | D23: 0.5 | E23: =IF(C23<1817052,$J$53,$L$53)/100 -> 0.0223 | F23: =B23*C23*D23*E23 -> 34063.127 | G23: =+'AIU '!$C$14 -> 6 | H23: =ROUND((F23*G23),0) -> 204379 | I23: ICBF | J23: ='FP 1'!D17 -> 0 | K23: ='FP 2'!C17 -> ICBF | L23: ='FP 2'!D17 -> 0
A24: =+[20]MdeObra!A39 -> ABOGADO | B24: 1 | C24: =+MdeObra!C44 -> 3467011 | D24: 0.3 | E24: =IF(C24<1817052,$J$53,$L$53)/100 -> 0.0223 | F24: =B24*C24*D24*E24 -> 23194.304 | G24: =+'AIU '!$C$14 -> 6 | H24: =ROUND((F24*G24),0) -> 139166 | I24: SENA | J24: ='FP 1'!D18 -> 0 | K24: ='FP 2'!C18 -> SENA | L24: ='FP 2'!D18 -> 0
A25: =+[20]MdeObra!A33 -> TRABAJADOR SOCIAL | B25: 1 | C25: =+MdeObra!C38 -> 2040009 | D25: 0.5 | E25: =IF(C25<1817052,$J$53,$L$53)/100 -> 0.0223 | F25: =B25*C25*D25*E25 -> 22746.1 | G25: =+'AIU '!$C$14 -> 6 | H25: =ROUND((F25*G25),0) -> 136477 | I25: Subsidio de Transporte | J25: ='FP 1'!D19 -> 0.12 | K25: ='FP 2'!C19 -> Subsidio de Transporte | L25: ='FP 2'!D19 -> 0
A26: SUBTOTAL COSTO PERSONAL PROFESIONAL (1) | H26: =SUM(H15:H25) -> 4624072 | I26: Otros Subsidios (Transporte, prestaciones extralegales, incapacidades no cubiertas) | J26: ='FP 1'!D20 -> 0.15 | K26: ='FP 2'!C20 -> Otros Subsidios (Transporte, prestaciones extralegales, incapacidades no cubiertas) | L26: ='FP 2'!D20 -> 0.15
A27: PERSONAL TECNICO - ADMINISTRATIVO | I27: Dotación | J27: ='FP 1'!D21 -> 0.13 | K27: ='FP 2'!C21 -> Dotación | L27: ='FP 2'!D21 -> 0.13
A28: Personal Técnico | B28: CANTIDAD | C28: SUELDO MES BÁSICO | D28: % DEDICACIÓN | E28: F.M. % | F28: VALOR MES | G28: No. DE MESES | H28: TOTAL PARCIAL | I28: C.1 GASTOS GENERALES ADMINISTRACIÓN | K28: C.1 GASTOS GENERALES ADMINISTRACIÓN
F29: (AxBxCxD) | H29: (ExF) | I29: Capacitación del personal | J29: 0.01 | K29: Capacitación del personal | L29: =J29 -> 0.01
A30: =+[20]MdeObra!A36 -> INSPECTOR DE OBRA CIVIL | B30: 1 | C30: =+MdeObra!C41 -> 2040009 | D30: 1 | E30: =IF(C30<1817052,$J$53,$L$53)/100 -> 0.0223 | F30: =B30*C30*D30*E30 -> 45492.201 | G30: =+'AIU '!$C$14 -> 6 | H30: =ROUND((F30*G30),0) -> 272953 | I30: Servicios públicos e internet | J30: 0.01 | K30: Servicios públicos e internet | L30: =J30 -> 0.01
A31: CONDUCTOR | B31: 1 | C31: =+MdeObra!C46 -> 954684 | D31: 1 | E31: =IF(C31<1817052,$J$53,$L$53)/100 -> 0.0235 | F31: =B31*C31*D31*E31 -> 22435.074 | G31: =+'AIU '!$C$14 -> 6 | H31: =ROUND((F31*G31),0) -> 134610 | I31: Arriendo | J31: 0 | K31: Arriendo | L31: =J31 -> 0
A32: =+[20]MdeObra!A34 -> TOPOGRAFO | B32: 1 | C32: =+MdeObra!C39 -> 2797950 | D32: 0.75 | E32: =IF(C32<1817052,$J$53,$L$53)/100 -> 0.0223 | F32: =B32*C32*D32*E32 -> 46795.714 | G32: =+'AIU '!$C$14 -> 6 | H32: =ROUND((F32*G32),0) -> 280774 | I32: Gastos legales incluye impuestos y publicación en diario oficial | J32: 0.02 | K32: Gastos legales incluye impuestos y publicación en diario oficial | L32: =J32 -> 0.02
A33: =+[20]MdeObra!A40 -> CADENERO | B33: 2 | C33: =+MdeObra!C45 -> 1264350 | D33: =+D32 -> 0.75 | E33: =IF(C33<1817052,$J$53,$L$53)/100 -> 0.0235 | F33: =B33*C33*D33*E33 -> 44568.338 | G33: =+'AIU '!$C$14 -> 6 | H33: =ROUND((F33*G33),0) -> 267410 | I33: Gastos bancarios y financieros | J33: 0.01 | K33: Gastos bancarios y financieros | L33: =J33 -> 0.01
A34: =+[20]MdeObra!A37 -> SECRETARIA | B34: 1 | C34: =+MdeObra!C42 -> 1014980 | D34: 1 | E34: =IF(C34<1817052,$J$53,$L$53)/100 -> 0.0235 | F34: =B34*C34*D34*E34 -> 23852.03 | G34: =+'AIU '!$C$14 -> 6 | H34: =ROUND((F34*G34),0) -> 143112 | I34: Equipos de cómputo y software | J34: 0 | K34: Equipos de cómputo y software | L34: =J34 -> 0
A35: =+[20]MdeObra!A35 -> CONTADOR | B35: 1 | C35: =+MdeObra!C40 -> 2040009 | D35: 0.3 | E35: =IF(C35<1817052,$J$53,$L$53)/100 -> 0.0223 | F35: =B35*C35*D35*E35 -> 13647.66 | G35: =+'AIU '!$C$14 -> 6 | H35: =ROUND((F35*G35),0) -> 81886 | I35: Mantenimiento y reparación de oficinas | J35: 0.01 | K35: Mantenimiento y reparación de oficinas | L35: =J35 -> 0.01
A36: SUBTOTAL COSTO PERSONAL TÉCNICO (2) | H36: =SUM(H30:H35) -> 1180745 | I36: Vigilancia, aseo y cafetería | J36: 0.01 | K36: Vigilancia, aseo y cafetería | L36: =J36 -> 0.01
A37: OTROS COSTOS DIRECTOS | I37: Útiles, papelería y fotocopias | J37: 0 | K37: Útiles, papelería y fotocopias | L37: =J37 -> 0
A38: OTROS COSTOS DIRECTOS | D38: UND | E38: CANTIDAD | F38: VR. UNITARIO | H38: TOTAL | I38: Transporte y vehículos | J38: 0.08 | K38: Transporte y vehículos | L38: =J38 -> 0.08
A39: ENSAYOS DE LABORATORIO | D39: mes | E39: =+'AIU '!C14 -> 6 | F39: =2500000/2 -> 1250000 | H39: =E39*F39 -> 7500000 | I39: Revistas, publicaciones y asociaciones | J39: 0 | K39: Revistas, publicaciones y asociaciones | L39: =J39 -> 0
A40: TRANSPORTES AEREOS Y/O TERRESTRES | D40: mes | E40: =+E39 -> 6 | F40: =3500000/2 -> 1750000 | H40: =E40*F40 -> 10500000 | I40: Seguros oficina central | J40: 0 | K40: Seguros oficina central | L40: =J40 -> 0
A41: COMUNICACIONES | D41: mes | E41: =+E40 -> 6 | F41: =1500000/2 -> 750000 | H41: =E41*F41 -> 4500000 | I41: Relaciones y representaciones | J41: 0.01 | K41: Relaciones y representaciones | L41: =J41 -> 0.01
A42: OFICINA Y PUNTO DE ATENCION AL USUSARIO | D42: mes | E42: =+E41 -> 6 | F42: =2000000/2 -> 1000000 | H42: =E42*F42 -> 6000000 | I42: Primeros auxilios | J42: 0.01 | K42: Primeros auxilios | L42: =J42 -> 0.01
A43: VEHICULO > 2.000 CC | D43: mes | E43: =+E42 -> 6 | F43: =2760000/2 -> 1380000 | H43: =E43*F43 -> 8280000 | I43: Elaboración y preparación de ofertas | J43: 0.01 | K43: Elaboración y preparación de ofertas | L43: =J43 -> 0.01
A44: EQUIPO DE TOPOGRAFÍA | D44: mes | E44: =+E43 -> 6 | F44: =2000000/2 -> 1000000 | H44: =E44*F44 -> 6000000 | I44: C.2 COSTO PERSONAL NO FACTURABLE | K44: C.2 COSTO PERSONAL NO FACTURABLE
A45: SOFTWARE | D45: mes | E45: =+E44 -> 6 | F45: 1000000 | H45: =E45*F45 -> 6000000 | I45: Salarios del Personal Administrativo | J45: 0.01 | K45: Salarios del Personal Administrativo | L45: =J45 -> 0.01
A46: EDICIÓN DE INFORMES (INCLUYE REPRODUCCIÓN DOCUMENTOS Y FOTOGRAFÍAS) | D46: mes | E46: =+E45 -> 6 | F46: 600000 | H46: =E46*F46 -> 3600000 | I46: Prestaciones sociales del personal administrativo | J46: 0.01 | K46: Prestaciones sociales del personal administrativo | L46: =J46 -> 0.01
A47: SUBTOTAL OTROS COSTOS DIRECTOS (3) | H47: =SUM(H39:H46) -> 52380000 | I47: C.3 COSTOS PERFECCIONAMIENTO CONTRATO | K47: C.3 COSTOS PERFECCIONAMIENTO CONTRATO
A48: RESUMEN GENERAL | I48: Pólizas y Fianzas | J48: 0.15 | K48: Pólizas y Fianzas | L48: =J48 -> 0.15
A49: COSTO TOTAL (1+2+3) | H49: =H47+H36+H26 -> 58184817 | I49: SUB TOTAL C | J49: =SUM(J29:J48) -> 0.35 | K49: SUB TOTAL C | L49: =SUM(L29:L48) -> 0.35
A50: IVA 19% | H50: =ROUND((H49*0.19),0) -> 11055115
A51: PROTOCOLO DE BIOSEGURIDAD | H51: =+'[17]presup protocolo interv'!$F$43 -> 3598620
A52: VALOR TOTAL OFERTA | H52: =H49+H50+H51 -> 72838552 | I52: D. HONORARIOS (expresadas como porcentaje de 1) | J52: 0.15 | K52: D. HONORARIOS (expresadas como porcentaje de 1) | L52: =J52 -> 0.15
A53: VALOR OFERTA INTERVENTORÍA TÉCNICA, ADMINISTRATIVA, DE CONTROL PRESUPUESTAL, JURIDICA Y AMBIENTAL PARA EL: | H53: =H52 -> 72838552 | I53: FACTOR MULTIPLICADOR A+ B+ C + D | J53: =ROUND((+J12+J14+J49+J52),2) -> 2.35 | K53: FACTOR MULTIPLICADOR A+ B+ C + D | L53: =ROUND((+L12+L14+L49+L52),2) -> 2.23
A54: =+'Presup '!B5 -> MEJORAMIENTO VÍA LA LAGUNA, SALINAS, LOS OLIVOS
A60: =+'Presup '!F123 -> ING. JHONATAN STIVEN PANTOJA MORILLO
A61: =+'Presup '!F124 -> M.P. 111037-0520109 NRÑ
D63: =+'Presup '!F118 -> ING. MIGUEL ANTONIO VILLACRES MARTINEZ. | I63: =+D63 -> ING. MIGUEL ANTONIO VILLACRES MARTINEZ. | K63: =+D63 -> ING. MIGUEL ANTONIO VILLACRES MARTINEZ.
D64: =+'Presup '!F119 -> M.P. 52202-090508 NRÑ | I64: =+D64 -> M.P. 52202-090508 NRÑ | K64: =+D64 -> M.P. 52202-090508 NRÑ
H65: 464111805
H66: =H65-H53 -> 391273253

Sheet cargas interv
A1: =+Interv!A4 -> ALCALDÍA MUNICIPAL DE SAN LORENZO
A2: =+Interv!A6 -> MEJORAMIENTO VÍA LA LAGUNA, SALINAS, LOS OLIVOS
A4: PLAN DE CARGAS INTERVENTORIA
A6: ITEM | B6: ACTIVIDADES | D6: PERIODO 1 | H6: PERIODO 2 | L6: PERIODO 3 | P6: PERIODO 4 | T6: PERIODO 5 | X6: PERIODO 6 | AB6: PERIODO 7 | AF6: PERIODO 8
D7: SEM 1 | E7: SEM 2 | F7: SEM 3 | G7: SEM 4 | H7: SEM 1 | I7: SEM 2 | J7: SEM 3 | K7: SEM 4 | L7: SEM 1 | M7: SEM 2 | N7: SEM 3 | O7: SEM 4 | P7: SEM 1 | Q7: SEM 2 | R7: SEM 3 | S7: SEM 4 | T7: SEM 1 | U7: SEM 2 | V7: SEM 3 | W7: SEM 4 | X7: SEM 1 | Y7: SEM 2 | Z7: SEM 3 | AA7: SEM 4 | AB7: SEM 1 | AC7: SEM 2 | AD7: SEM 3 | AE7: SEM 4 | AF7: SEM 1 | AG7: SEM 2 | AH7: SEM 3 | AI7: SEM 4
A9: 1 | B9: PRELIMINARES E INICIACION DEL CONTRATO
A10: 1.1 | B10: Actividades tecnicas
A11: 1,1,1 | B11: Revision y analisis de planos
A12: 1,1,2 | B12: Revision y analisis de especificaciones
A13: 1,1,3 | B13: Coordinacion de planos
A14: 1,1,4 | B14: Programacion y preupuesto
A15: 1,1,5 | B15: Diseño y coordinacion de formatos
A16: 1.2 | B16: Actividades administrativas y financieras
A17: 1,2,1 | B17: Revisión del contrato de construcción de la vía
A18: 1,2,2 | B18: Revisión de pólizas
A19: 1,2,3 | B19: Revisión de reglamentos (seguridad industrial, trabajo, salud ocupacional)
A20: 1,2,4 | B20: Definición, flujo de documentos y correspondencia
A21: 1.3 | B21: Actividades de control
A22: 1,3,1 | B22: Revisión y Control APU, presupuesto, cantidades, gestion de gastos
A24: 2 | B24: DESARROLLO Y EJECUCIÓN DE LA OBRA
A25: 2.1 | B25: =+B10 -> Actividades tecnicas
A26: 2,1,1 | B26: Entrega de ajustes en planos
A27: 2,1,2 | B27: Verificación y cumplimiento de especificaciones
A28: 2,1,3 | B28: Revisión, cambios, ampliación, ajuste de especificaciones, planos del contratista
A29: 2,1,4 | B29: Verificación y seguimiento de recursos mínimos (ejes, niveles, distribucion, cerramientos)
A30: 2,1,5 | B30: Verificación de rendimientos, proyecciones periódicas mediante informes
A31: 2,1,6 | B31: Mediciones y revisiones de cantidades de obra
A32: 2,1,7 | B32: Control de programación, de presupuesto y avance de obra
A33: 2.2 | B33: =+B16 -> Actividades administrativas y financieras
A34: 2,2,1 | B34: Seguimiento del contrato
A35: 2,2,2 | B35: Seguimiento a proveedores
A36: 2,2,3 | B36: Informes
A37: 2,2,4 | B37: Informe Final
A38: 2,2,5 | B38: Trámite de cuentas
A39: 2,2,6 | B39: De control (cambios, adicion o disminucion de obras)
A40: 2.3 | B40: =+B21 -> Actividades de control
A41: 2,3,1 | B41: normas de seguridad
A42: 2,3,2 | B42: dotación e identificacion del personal
A43: 2,3,3 | B43: supervision recurso humano
A45: 3 | B45: RECIBO Y ENTREGA DE LA OBRA
A46: 3.1 | B46: =+B25 -> Actividades tecnicas
A47: 3,1,1 | B47: Coordinación de planos finales (detalles, instalaciones, redes, cajas, etc)
A48: 3,1,2 | B48: Entrega de obra (actas, documentos finales)
A49: 3.2 | B49: =+B33 -> Actividades administrativas y financieras
A50: 3,2,1 | B50: Revisión y aprobación de acta final de obra
A51: 3,2,2 | B51: Revisión y aprobación de pólizas
A52: 3,2,3 | B52: Coordinación y entrega de manuales de mantenimiento y operación
A53: 3,2,4 | B53: Trámite factura final de pago e ingreso de la obra, equipo, inventario de obra
A54: 3.3 | B54: =+B21 -> Actividades de control
A55: 3,3,1 | B55: Atencion de solicitudes varias
A56: 3,3,2 | B56: Liquidación final del contrato

Sheet PLMT
A2: REPUBLICA DE COLOMBIA
A3: DEPARTAMENTO DE NARIÑO
A4: =+'Presup '!B3 -> ALCALDÍA MUNICIPAL DE SAN LORENZO
A6: =+'Presup '!B5 -> MEJORAMIENTO VÍA LA LAGUNA, SALINAS, LOS OLIVOS
A8: PRESUPUESTO PLAN DE MANEJO DE TRANSITO | D8: =+A6 -> MEJORAMIENTO VÍA LA LAGUNA, SALINAS, LOS OLIVOS
A11: No. | B11: ACTIVIDAD | C11: UNIDAD | D11: CANTIDAD (1) | E11: PRECIO (2) | F11: CANTIDAD O TIEMPO DE UTILIZACIÓN (3) | G11: VALOR PARCIAL (1) * (2)*(3) = (4)
A12: A.2. | B12: SEÑALIZACIÓN Y MANEJO DE TRÁFICO (PMT)
A13: A.2.1 | B13: Aislamiento en polisombra | C13: Ml | D13: =+cant!J1071-150 -> 50 | E13: =+'A21'!I51 -> 9844 | F13: 1 | G13: =E13*D13*F13 -> 492200
A14: A.2.2 | B14: Señales preventivas (SP) manual de señalización de transito cap. 4 y 5 móvil | C14: Und | D14: 2 | E14: =+'A22'!I51 -> 203632 | F14: 1 | G14: =E14*D14*F14 -> 407264
A15: A.2.3 | B15: Señales reglamentarias (SR) manual de señalización de transito cap. 4 y 5 móvil | C15: Und | D15: 2 | E15: =+'A23'!I51 -> 203632 | F15: 1 | G15: =E15*D15*F15 -> 407264
A16: A.2.4 | B16: Señales Informativas (SI) manual de señalización de transito cap. 4 y 5 móvil | C16: Und | D16: 2 | E16: =+'A24'!I51 -> 203632 | F16: 1 | G16: =E16*D16*F16 -> 407264
A17: A.2.5 | B17: Barricadas metálica, manual de señalización de transito cap. 4 | C17: Und | D17: 2 | E17: =+'A25'!I51 -> 244347 | F17: 1 | G17: =E17*D17*F17 -> 488694
A18: A.2.6 | B18: Valla informativa | C18: Und | D18: 1 | E18: =+'A26'!I51 -> 1100346 | F18: 1 | G18: =E18*D18*F18 -> 1100346
A19: A.2.7 | B19: Cono anaranjado en material plástico | C19: Und | D19: 10 | E19: =+'A27'!I51 -> 55173 | F19: 1 | G19: =E19*D19*F19 -> 551730
A20: A.2.8 | B20: Barreras plásticas flexibles (Maletines) Altura 60cm x Largo 70cm x Ancho 40cm | C20: Und | D20: 6 | E20: =+'A28'!I51 -> 244347 | F20: 1 | G20: =E20*D20*F20 -> 1466082
A21: A.2.9 | B21: Paletas pare - siga. | C21: Und | D21: =+D17 -> 2 | E21: =+'A29'!I51 -> 50305 | F21: 1 | G21: =E21*D21*F21 -> 100610
A22: A.2.10 | B22: Señalizador (colombina), h= 1,3m | C22: Und | D22: 4 | E22: =+'A210'!I51 -> 43673 | F22: 1 | G22: =E22*D22*F22 -> 174692
A23: A.2.11 | B23: Cinta reflectiva de alta intensidad, | C23: ML | D23: =+cant!E15/10 -> 2020 | E23: =+'A211'!I51 -> 403 | F23: 1 | G23: =E23*D23*F23 -> 814060
B25: CARGO / OFICIO | C25: UNIDAD | D25: NUMERO DE MESES (1) | E25: PRECIO (2) | F25: CANTIDAD (3) | G25: VALOR PARCIAL (1) * (2)*(3) = (4)
A26: A.2.12 | B26: Paleteros - Pare y Siga | C26: mes | D26: =+D14 -> 2 | E26: =MdeObra!C24*1.65*30 -> 1538856 | F26: 2 | G26: =E26*D26*F26 -> 6155424
A28: Costo Directo Señalización y Manejo de Trafico | G28: =SUM(G13:G26) -> 12565630
E34: =+'Presup '!F118 -> ING. MIGUEL ANTONIO VILLACRES MARTINEZ.
E35: =+'Presup '!F119 -> M.P. 52202-090508 NRÑ
A36: =+'Presup '!F123 -> ING. JHONATAN STIVEN PANTOJA MORILLO
A37: =+'Presup '!F124 -> M.P. 111037-0520109 NRÑ

Sheet Equipo
A1: REPUBLICA DE COLOMBIA
A2: DEPARTAMENTO DE NARIÑO
A3: =+'Presup '!B3 -> ALCALDÍA MUNICIPAL DE SAN LORENZO
J4: 980657 | K4: =+(K5*J4)/J5 -> 96.618357
A5: =+'Presup '!B5 -> MEJORAMIENTO VÍA LA LAGUNA, SALINAS, LOS OLIVOS | J5: 1014980 | K5: 100
K6: =+K5-K4 -> 3.381643
A7: EQUIPO | B7: UNIDAD | C7: TARIFA 2021 | D7: TARIFA 2020 | G7: TARIFA 2012 | H7: TARIFA 2019 | K7: =+K6/100 -> 0.03381643
A8: ANDAMIAJE | B8: $/HORA | C8: =+ROUNDUP((D8*0.034)+D8,0) -> 45626 | D8: 44125
A9: ASPERSOR MANUAL | B9: $/HORA | C9: =+ROUNDUP((D9*0.034)+D9,0) -> 2068 | D9: =ROUND(H9,0) -> 2000 | F9: 2226 | H9: 2000
A10: BARREDORA MECÁNICA DE CEPILLO | B10: $/HORA | C10: =+ROUNDUP((D10*0.034)+D10,0) -> 87025 | D10: =ROUND(H10,0) -> 84163 | F10: 55650 | H10: 84163
A11: BOMBA DE INYECCIÓN DE LECHADA | B11: $/HORA | C11: =+ROUNDUP((D11*0.034)+D11,0) -> 21272 | D11: =ROUND(H11,0) -> 20572 | F11: 16695 | H11: 20572
A12: BOMBA PARA GATO DE TENSIONAMIENTO | B12: $/HORA | C12: =+ROUNDUP((D12*0.034)+D12,0) -> 36181 | D12: =ROUND(H12,0) -> 34991 | F12: 33390 | H12: 34991
A13: BOMBA DE CONCRETO | B13: $/HORA | C13: =+ROUNDUP((D13*0.034)+D13,0) -> 36881 | D13: =ROUND(H13,0) -> 35668 | F13: 55650 | H13: 35668
A14: BULDOZER D4 | B14: $/HORA | C14: =+ROUNDUP((D14*0.034)+D14,0) -> 103400 | D14: =ROUND(H14,0) -> 100000 | F14: 100170 | H14: 100000
A15: BULDOZER D6 | B15: $/HORA | C15: =+ROUNDUP((D15*0.034)+D15,0) -> 134420 | D15: =ROUND(H15,0) -> 130000 | F15: 105735 | H15: 130000
A16: BULDOZER D8 | B16: $/HORA | C16: =+ROUNDUP((D16*0.034)+D16,0) -> 155100 | D16: =ROUND(H16,0) -> 150000 | F16: 122430 | H16: 150000
A17: Buldozer Potencia al volante de 305 HP, motor de 2100 RPM, longitud de hoja 6,39m. | B17: $/HORA | C17: =+ROUNDUP((D17*0.034)+D17,0) -> 155100 | D17: =ROUND(H17,0) -> 150000 | H17: 150000
A18: CAMIÓN 350 | B18: $/HORA | C18: =+ROUNDUP((D18*0.034)+D18,0) -> 40338 | D18: =ROUND(H18,0) -> 39011 | F18: 38955 | H18: 39011
A19: CAMIONETA D-300 | B19: $/HORA | C19: =+ROUNDUP((D19*0.034)+D19,0) -> 33597 | D19: =ROUND(H19,0) -> 32492 | F19: 30051 | H19: 32492
A20: CAMIÓN DE SLURRY | B20: $/HORA | C20: =+ROUNDUP((D20*0.034)+D20,0) -> 124080 | D20: =ROUND(H20,0) -> 120000 | F20: 116865 | H20: 120000
A21: CARGADOR 920 O EQUIVALENTE | B21: $/HORA | C21: =+ROUNDUP((D21*0.034)+D21,0) -> 103400 | D21: =ROUND(H21,0) -> 100000 | F21: 89040 | H21: 100000
A22: CARGADOR 930 O EQUIVALENTE | B22: $/HORA | C22: =+ROUNDUP((D22*0.034)+D22,0) -> 113740 | D22: =ROUND(H22,0) -> 110000 | F22: 127200 | H22: 110000
A23: CARGADOR 966 O EQUIVALENTE | B23: $/HORA | C23: =+ROUNDUP((D23*0.034)+D23,0) -> 124080 | D23: =ROUND(H23,0) -> 120000 | F23: 116865 | H23: 120000
A24: CARROTANQUE DE AGUA 10000 LITROS | B24: $/HORA | C24: =+ROUNDUP((D24*0.034)+D24,0) -> 64625 | D24: =ROUND(H24,0) -> 62500 | F24: 46746 | H24: 62500
A25: CARROTANQUE IRRIGADOR DE ASFALTO | B25: $/HORA | C25: =+ROUNDUP((D25*0.034)+D25,0) -> 103400 | D25: =ROUND(H25,0) -> 100000 | F25: 83475 | H25: 100000
A26: CIZALLA MANUAL | B26: $/HORA | C26: =+ROUNDUP((D26*0.034)+D26,0) -> 1046 | D26: =ROUND(H26,0) -> 1011 | F26: 3339 | H26: 1011
A27: COMPACTADOR 1 - 3 TONELADAS | B27: $/HORA | C27: =+ROUNDUP((D27*0.034)+D27,0) -> 55285 | D27: =ROUND(H27,0) -> 53467 | F27: 50085 | H27: 53467
A28: COMPACTADOR MANUAL (RANA) | B28: $/HORA | C28: =+ROUNDUP((D28*0.034)+D28,0) -> 5170 | D28: =ROUND(H28,0) -> 5000 | F28: 8904 | H28: 5000
A29: COMPACTADOR MANUAL DE RODILLO | B29: $/HORA | C29: =+ROUNDUP((D29*0.034)+D29,0) -> 16799 | D29: =ROUND(H29,0) -> 16246 | F29: 16695 | H29: 16246
... A31: COMPACTADOR NEUMÁTICO | B31: $/HORA | C31: =+ROUNDUP((D31*0.034)+D31,0) -> 82720 | D31: =ROUND(H31,0) -> 80000 | F31: 77910 | H31: 80000
A32: VIBROCOMPACTADOR DYNAPACc (10 ton) | C32: =+ROUNDUP((D32*0.034)+D32,0) -> 103400 | D32: =ROUND(H32,0) -> 100000 | H32: 100000
A33: COMPRESOR 125 PIES 3 CON MARTILLO | B33: $/HORA | C33: =+ROUNDUP((D33*0.034)+D33,0) -> 80096 | D33: =ROUND(H33,0) -> 77462 | F33: 72345 | H33: 77462
A34: COMPRESOR 250 PIES3 2 MARTILLOS | B34: $/HORA | C34: =+ROUNDUP((D34*0.034)+D34,0) -> 95606 | D34: =ROUND(H34,0) -> 92462 | F34: 94605 | H34: 92462
A35: COMPRESOR (BARRIDO Y SOPLADO) | B35: $/HORA | C35: =+ROUNDUP((D35*0.034)+D35,0) -> 64586 | D35: =ROUND(H35,0) -> 62462 | F35: 72345 | H35: 62462
A36: COMPRESOR PARA PENETRAR ROCA | B36: $/HORA | C36: =+ROUNDUP((D36*0.034)+D36,0) -> 82720 | D36: =ROUND(H36,0) -> 80000 | F36: 72345 | H36: 80000
A37: CORTADORA DE PAVIMENTO | B37: $/HORA | C37: =+ROUNDUP((D37*0.034)+D37,0) -> 12408 | D37: =ROUND(H37,0) -> 12000 | F37: 11130 | H37: 12000
A38: DIFERENCIAL DE 2 TON. | B38: $/HORA | C38: =+ROUNDUP((D38*0.034)+D38,0) -> 3749 | D38: =ROUND(H38,0) -> 3625 | F38: 5008.5 | H38: 3625
A39: DIFERENCIAL DE 3 TON | B39: $/HORA | C39: =+ROUNDUP((D39*0.034)+D39,0) -> 4660 | D39: =ROUND(H39,0) -> 4506 | F39: 7234.5 | H39: 4506
A40: EQUIPO DE CONTROL (BANDAS SONORAS REDUCE VELOCIDAD) (TERMOHIGOMETROS, TERMÓMETROS, GALGAS) | B40: $/HORA | C40: =+ROUNDUP((D40*0.034)+D40,0) -> 3619 | D40: =ROUND(H40,0) -> 3500 | F40: 1669.5 | H40: 3500
A41: EQUIPO DE OXICORTE | B41: $/HORA | C41: =+ROUNDUP((D41*0.034)+D41,0) -> 16067 | D41: =ROUND(H41,0) -> 15538 | F41: 28938 | H41: 15538
A42: EQUIPO DE PERFORACIÓN (TRACKDRILL) | B42: $/HORA | C42: =+ROUNDUP((D42*0.034)+D42,0) -> 124080 | D42: =ROUND(H42,0) -> 120000 | F42: 122430 | H42: 120000
A43: EQUIPO DE PINTURA (COMPRESOR) | B43: $/HORA | C43: =+ROUNDUP((D43*0.034)+D43,0) -> 7238 | D43: =ROUND(H43,0) -> 7000 | F43: 13912.5 | H43: 7000
A44: EQUIPO DE SOLDADURA 250 AMP | B44: $/HORA | C44: =+ROUNDUP((D44*0.034)+D44,0) -> 10574 | D44: =ROUND(H44,0) -> 10226 | F44: 21147 | H44: 10226.046
... A90: TARIFA DE TRANSPORTE EN AFIRMADO | B90: M³-KM | C90: =+ROUNDUP((D90*0.034)+D90,0) -> 1241 | D90: =ROUND(H90,0) -> 1200 | F90: 1001.7 | H90: 1200
A91: TARIFA DE TRANSPORTE DE SUBBASE | B91: M³-KM | C91: =+ROUNDUP((D91*0.034)+D91,0) -> 1241 | D91: =ROUND(H91,0) -> 1200 | H91: 1200
A92: TARIFA DE TRANSPORTE DE AFIRMADO | B92: M³-KM | C92: =+ROUNDUP((D92*0.034)+D92,0) -> 1241 | D92: =ROUND(H92,0) -> 1200 | H92: 1200
A93: TARIFA DE TRANSPORTE DE CONCRETO | B93: M³-KM | C93: =+ROUNDUP((D93*0.034)+D93,0) -> 1241 | D93: =ROUND(H93,0) -> 1200 | H93: 1200
A94: TARIFA DE TRANSPORTE DE ARENA | B94: M³-KM | C94: =+ROUNDUP((D94*0.034)+D94,0) -> 1241 | D94: =ROUND(H94,0) -> 1200 | H94: 1200
A95: TARIFA DE TRANSPORTE DE AGREGADO PARA CONCRETO | B95: M³-KM | C95: =+ROUNDUP((D95*0.034)+D95,0) -> 1241 | D95: =ROUND(H95,0) -> 1200 | H95: 1200
A96: TARIFA DE TRANSPORTE DE MATERIAL DE EXCAVACIÓN MAYOR A 1KM | B96: M³-KM | C96: =+ROUNDUP((D96*0.034)+D96,0) -> 1241 | D96: =ROUND(H96,0) -> 1200 | H96: 1200
A97: TARIFA DE TRANSPORTE DE MATERIAL PARA CICLÓPEO | B97: M³-KM | C97: =+ROUNDUP((D97*0.034)+D97,0) -> 1241 | D97: =ROUND(H97,0) -> 1200 | H97: 1200
A98: TARIFA DE TRANSPORTE CAMABAJA | B98: $/HORA | C98: =+ROUNDUP((D98*0.034)+D98,0) -> 217140 | D98: =ROUND(H98,0) -> 210000 | F98: 200340 | H98: 210000
A99: TARIFA DE TRANSPORTE ESTRUCTURA METÁLICA EN OBRA | B99: KG | C99: =+ROUNDUP((D99*0.034)+D99,0) -> 321 | D99: =ROUND(H99,0) -> 310 | F99: 1001.7 | H99: 310
A100: TARIFA DE TRANSPORTE PARA BACHEO (MEZCLAS Y DERRUMBES) | B100: M³-KM | C100: =+ROUNDUP((D100*0.034)+D100,0) -> 1551 | D100: =ROUND(H100,0) -> 1500 | F100: 1224.3 | H100: 1500
A101: TARIFA DE TRANSPORTE DE ESTRUCTURAS METÁLICAS | B101: KG-KM | C101: =+ROUNDUP((D101*0.034)+D101,0) -> 0 | D101: =ROUND(H101,0) -> 0 | F101: 2.12 | H101: 0.32
A102: TERMINADORA DE ASFALTO (FINISHER) | B102: $/HORA | C102: =+ROUNDUP((D102*0.034)+D102,0) -> 206800 | D102: =ROUND(H102,0) -> 200000 | F102: 116865 | H102: 200000
A103: VEHÍCULO DELINEADOR | B103: $/HORA | C103: =+ROUNDUP((D103*0.034)+D103,0) -> 155100 | D103: =ROUND(H103,0) -> 150000 | E103: SEGÚN INVIAS | F103: 94605 | H103: 150000
A104: VIBRADOR DE CONCRETO | B104: $/HORA | C104: =+ROUNDUP((D104*0.034)+D104,0) -> 15510 | D104: =ROUND(H104,0) -> 15000 | F104: 13356 | H104: 15000
A105: VIBROCOMPACTADOR 10 TON | B105: $/HORA | C105: =+ROUNDUP((D105*0.034)+D105,0) -> 103400 | D105: =ROUND(H105,0) -> 100000 | F105: 83475 | H105: 100000
A106: VOLQUETA 7 M3 | B106: $/HORA | C106: =+ROUNDUP((D106*0.034)+D106,0) -> 71647 | D106: =ROUND(H106,0) -> 69291 | F106: 52311 | H106: 69291
A110: =+#REF! -> #REF!
A111: =+#REF! -> #REF!

Sheet Materiales
A1: REPUBLICA DE COLOMBIA
A2: DEPARTAMENTO DE NARIÑO
A3: =+Equipo!A3 -> ALCALDÍA MUNICIPAL DE SAN LORENZO
A5: =+'Presup '!B5 -> MEJORAMIENTO VÍA LA LAGUNA, SALINAS, LOS OLIVOS | E5: Precios
E6: INVIAS
A7: MATERIALES | B7: UNIDAD | C7: PRECIO 2021 | D7: PRECIO 2020 | E7: 2019-02 | F7: 2019-01 | H7: 1.1 | I7: PRECIO 2013
A8: ACERO A-36 PARA ESTRUCTURA METÁLICA | B8: KG | C8: =+ROUNDUP((D8*0.034)+D8,0)+1200 -> 5071 | D8: =+ROUND(E8,0) -> 3743 | E8: =2493+1250 -> 3743 | F8: 2448.744 | G8: =+F8/E8 -> 0.65421962 | H8: =MAX(E8:F8)*$H$7 -> 4117.3 | I8: 2700 | J8: =+E8/I8 -> 1.3862963
A9: ACERO A-37 | B9: KG | C9: =+ROUNDUP((D9*0.034)+D9,0)+1200 -> 5416 | D9: =+ROUND(E9,0) -> 4077 | E9: =2827+1250 -> 4077 | F9: 2448.744 | G9: =+F9/E9 -> 0.60062399 | H9: =MAX(E9:F9)*$H$7 -> 4484.7 | I9: 2600 | J9: =+E9/I9 -> 1.5680769
A10: ACERO A-40 | B10: KG | C10: =+ROUNDUP((D10*0.034)+D10,0)+1200 -> 4840 | D10: =+ROUND(E10,0) -> 3520 | E10: =2270+1250 -> 3520 | F10: 2229.388 | G10: =+F10/E10 -> 0.63334887 | H10: =MAX(E10:F10)*$H$7 -> 3872 | I10: 2600 | J10: =+E10/I10 -> 1.3538462
A11: ACERO PDR-60 | B11: KG | C11: =+ROUNDUP((D11*0.034)+D11,0)+1200 -> 5336 | D11: =+ROUND(E11,0) -> 4000 | E11: =2750+1250 -> 4000 | F11: 2887.9884 | G11: =+F11/E11 -> 0.7219971 | H11: =MAX(E11:F11)*$H$7 -> 4400 | I11: =2600*1.15 -> 2990 | J11: =+E11/I11 -> 1.3377926 | K11: 3230
A12: ADOQUÍN E= 10 cm | B12: M² | C12: =+ROUNDUP((D12*0.034)+D12,0) -> 59063 | D12: =+ROUND(E12,0) -> 57120 | E12: 57120 | F12: 48000 | G12: =+F12/E12 -> 0.84033613 | H12: =MAX(E12:F12)*$H$7 -> 62832 | I12: 54600 | J12: =+E12/I12 -> 1.0461538
A13: ADOQUÍN GRAMA 10x20x6 | B13: U | C13: =+ROUNDUP((D13*0.034)+D13,0) -> 749 | D13: =+ROUND(E13,0) -> 724 | E13: 724 | F13: 840 | G13: =+F13/E13 -> 1.160221 | H13: =MAX(E13:F13)*$H$7 -> 924 | I13: 1100 | J13: =+E13/I13 -> 0.65818182
A14: ADOQUÍN COLOR 10x20x6 | B14: U | C14: =+ROUNDUP((D14*0.034)+D14,0) -> 874 | D14: =+ROUND(E14,0) -> 845 | E14: 845 | F14: 770 | G14: =+F14/E14 -> 0.9112426 | H14: =MAX(E14:F14)*$H$7 -> 929.5 | I14: 2300 | J14: =+E14/I14 -> 0.3673913
A15: AGREGADO PARA CONCRETO HIDRÁULICO 1" EN PLANTA | B15: M³ | C15: =+ROUNDUP((D15*0.034)+D15,0) -> 62040 | D15: =+ROUND(E15,0) -> 60000 | E15: 60000 | F15: 60000 | G15: =+F15/E15 -> 1 | H15: =MAX(E15:F15)*$H$7 -> 66000 | I15: 41000 | J15: =+E15/I15 -> 1.4634146
A16: AGREGADO PARA TRATAMIENTO SUPERF. DOBLE | B16: M³ | C16: =+ROUNDUP((D16*0.034)+D16,0) -> 77550 | D16: =+ROUND(E16,0) -> 75000 | E16: 75000 | F16: 75000 | G16: =+F16/E16 -> 1 | H16: =MAX(E16:F16)*$H$7 -> 82500 | I16: 45000 | J16: =+E16/I16 -> 1.6666667
A17: AGREGADO PARA TRATAMIENTO SUPERF. SIMPLE | B17: M³ | C17: =+ROUNDUP((D17*0.034)+D17,0) -> 77550 | D17: =+ROUND(E17,0) -> 75000 | E17: 75000 | F17: 75000 | G17: =+F17/E17 -> 1 | H17: =MAX(E17:F17)*$H$7 -> 82500 | I17: 45000 | J17: =+E17/I17 -> 1.6666667
A18: AGREGADO PÉTREO PARA MEZCLAS ASFÁLTICAS 3/4 EN PLANTA | B18: M³ | C18: =+ROUNDUP((D18*0.034)+D18,0) -> 72380 | D18: =+ROUND(E18,0) -> 70000 | E18: 70000 | F18: 70000 | G18: =+F18/E18 -> 1 | H18: =MAX(E18:F18)*$H$7 -> 77000 | I18: 45000 | J18: =+E18/I18 -> 1.5555556
A19: AGREGADO PÉTREO PARA TRITURAR (CRUDO) | B19: M³ | C19: =+ROUNDUP((D19*0.034)+D19,0) -> 25850 | D19: =+ROUND(E19,0) -> 25000 | E19: 25000 | F19: 25000 | G19: =+F19/E19 -> 1 | H19: =MAX(E19:F19)*$H$7 -> 27500 | I19: 16400 | J19: =+E19/I19 -> 1.5243902
A20: AGREGADOS SELECCIONADOS (TAMAÑO MÁXIMO 1") (BANDAS SONORAS REDUCE VELOCIDAD) | B20: M³ | C20: =+ROUNDUP((D20*0.034)+D20,0) -> 62040 | D20: =+ROUND(E20,0) -> 60000 | E20: 60000 | F20: 60000 | G20: =+F20/E20 -> 1 | H20: =MAX(E20:F20)*$H$7 -> 66000 | I20: 40000 | J20: =+E20/I20 -> 1.5
A21: AGREGADO TIPO LA1 (LECHADAS) | B21: M³ | C21: =+ROUNDUP((D21*0.034)+D21,0) -> 39300 | D21: =+ROUND(E21,0) -> 38007 | E21: 38007 | F21: 37334.617 | G21: =+F21/E21 -> 0.98230897 | H21: =MAX(E21:F21)*$H$7 -> 41807.7 | I21: 39900 | J21: =+E21/I21 -> 0.95255639
A22: AGREGADO TIPO LA2 (LECHADAS) | B22: M³ | C22: =+ROUNDUP((D22*0.034)+D22,0) -> 40830 | D22: =+ROUND(E22,0) -> 39487 | E22: 39487 | F22: 38787.568 | G22: =+F22/E22 -> 0.98228704 | H22: =MAX(E22:F22)*$H$7 -> 43435.7 | I22: 42000 | J22: =+E22/I22 -> 0.94016667
A23: AGREGADO TIPO LA3 (LECHADAS) | B23: M³ | C23: =+ROUNDUP((D23*0.034)+D23,0) -> 41287 | D23: =+ROUND(E23,0) -> 39929 | E23: 39929 | F23: 39221.851 | G23: =+F23/E23 -> 0.98228985 | H23: =MAX(E23:F23)*$H$7 -> 43921.9 | I23: 44100 | J23: =+E23/I23 -> 0.9054195
... A28: ALAMBRE NEGRO PARA AMARRE | B28: KG | C28: =+ROUNDUP((D28*0.034)+D28,0) -> 4964 | D28: =+ROUND(E28,0) -> 4800 | E28: 4800 | F28: 4800 | G28: =+F28/E28 -> 1 | H28: =MAX(E28:F28)*$H$7 -> 5280 | I28: 3000 | J28: =+E28/I28 -> 1.6
A29: ALMOHADILLAS DE NEOPRENO DUREZA 60 (35cm*45cm*5cm CON 2 LÁMINAS DE 3mm) | B29: U | C29: =+ROUNDUP((D29*0.034)+D29,0) -> 362986 | D29: =+ROUND(E29,0) -> 351050 | E29: 351050 | G29: =+F29/E29 -> 0 | H29: =MAX(E29:F29)*$H$7 -> 386155 | I29: 386400 | J29: =+E29/I29 -> 0.90851449
A30: AMORTIGUADORES (PARA DEFENSAS METÁLICAS) | B30: U | C30: =+ROUNDUP((D30*0.034)+D30,0) -> 32361 | D30: =+ROUND(E30,0) -> 31296 | E30: 31296 | G30: =+F30/E30 -> 0 | H30: =MAX(E30:F30)*$H$7 -> 34425.6 | I30: 28700 | J30: =+E30/I30 -> 1.090453
A31: ADITIVO (RETARDANTE PLASTIFICANTE REDUCTOR DE FRAGUADO) (SIKAMENT R100) | B31: KG | C31: =+ROUNDUP((D31*0.034)+D31,0) -> 5796 | D31: =+ROUND(E31,0) -> 5605 | E31: 5605 | F31: 6232 | G31: =+F31/E31 -> 1.1118644 | H31: =MAX(E31:F31)*$H$7 -> 6855.2 | I31: 10400 | J31: =+E31/I31 -> 0.53894231
A32: ANTISOL | B32: KG | C32: =+ROUNDUP((D32*0.034)+D32,0) -> 5433 | D32: =+ROUND(E32,0) -> 5254 | E32: 5254 | F32: 5254 | G32: =+F32/E32 -> 1 | H32: =MAX(E32:F32)*$H$7 -> 5779.4 | I32: 7800 | J32: =+E32/I32 -> 0.67358974
A33: ARBOL DE 1.2 m | B33: U | C33: =+ROUNDUP((D33*0.034)+D33,0) -> 20680 | D33: =+ROUND(E33,0) -> 20000 | E33: 20000 | F33: 2000 | G33: =+F33/E33 -> 0.1 | H33: =MAX(E33:F33)*$H$7 -> 22000 | I33: 23100 | J33: =+E33/I33 -> 0.86580087
A34: ARBOL DE 0,6 m | B34: U | C34: =+ROUNDUP((D34*0.034)+D34,0) -> 15510 | D34: =+ROUND(E34,0) -> 15000 | E34: 15000 | F34: 2000 | G34: =+F34/E34 -> 0.13333333 | H34: =MAX(E34:F34)*$H$7 -> 16500 | I34: 11600 | J34: =+E34/I34 -> 1.2931034
A35: ARENA DE SELLO (FINA) (PARA ADOQUINES) | B35: M³ | C35: =+ROUNDUP((D35*0.034)+D35,0) -> 41360 | D35: =+ROUND(E35,0) -> 40000 | E35: 40000 | F35: 40000 | G35: =+F35/E35 -> 1 | H35: =MAX(E35:F35)*$H$7 -> 44000 | I35: 36800 | J35: =+E35/I35 -> 1.0869565
A36: ARENA DE SOPORTE (MEDIA) (PARA ADOQUINES) | B36: M³ | C36: =+ROUNDUP((D36*0.034)+D36,0) -> 51700 | D36: =+ROUND(E36,0) -> 50000 | E36: 50000 | F36: 50000 | G36: =+F36/E36 -> 1 | H36: =MAX(E36:F36)*$H$7 -> 55000 | I36: 36800 | J36: =+E36/I36 -> 1.3586957
A37: ARENA LAVADA | B37: M³ | C37: =+ROUNDUP((D37*0.034)+D37,0) -> 46758 | D37: =+ROUND(E37,0) -> 45220 | E37: 45220 | F37: 45220 | G37: =+F37/E37 -> 1 | H37: =MAX(E37:F37)*$H$7 -> 49742 | I37: 36800 | J37: =+E37/I37 -> 1.2288043
A38: ASFALTO LIQUIDO RC-250/MC-70 | B38: KG | C38: =+ROUNDUP((D38*0.034)+D38,0) -> 4609 | D38: =+ROUND(E38,0) -> 4457 | E38: 4457 | F38: 4457 | G38: =+F38/E38 -> 1 | H38: =MAX(E38:F38)*$H$7 -> 4902.7 | I38: 2100 | J38: =+E38/I38 -> 2.122381
A39: BARRAS DE TRANSFERENCIA DE CARGA 1" | B39: KG | C39: =+ROUNDUP((D39*0.034)+D39,0) -> 3495 | D39: =+ROUND(E39,0) -> 3380 | E39: 3380 | G39: =+F39/E39 -> 0 | H39: =MAX(E39:F39)*$H$7 -> 3718 | I39: 3800 | J39: =+E39/I39 -> 0.88947368
A40: BARRAS DE UNIÓN 1/2" Y CANASTILLA | B40: KG | C40: =+ROUNDUP((D40*0.034)+D40,0) -> 3340 | D40: =+ROUND(E40,0) -> 3230 | E40: 3230 | F40: 3230 | G40: =+F40/E40 -> 1 | H40: =MAX(E40:F40)*$H$7 -> 3553 | I40: =4000*1.15 -> 4600 | J40: =+E40/I40 -> 0.70217391
A41: BARRA DE ACERO HELICOIDAL | B41: ML | C41: =+ROUNDUP((D41*0.034)+D41,0) -> 108994 | D41: 105410
A42: BIOMANTO | B42: M² | C42: =+ROUNDUP((D42*0.034)+D42,0) -> 5823 | D42: =+ROUND(E42,0) -> 5631 | E42: 5631 | F42: 5531.6249 | G42: =+F42/E42 -> 0.98235215 | H42: =MAX(E42:F42)*$H$7 -> 6194.1 | I42: 5800 | J42: =+E42/I42 -> 0.97086207
A43: BOLSACRETO DE 1 m3 | B43: U | C43: =+ROUNDUP((D43*0.034)+D43,0) -> 28633 | D43: =+ROUND(E43,0) -> 27691 | E43: 27691 | F43: 27691.3 | G43: =+F43/E43 -> 1.0000108 | H43: =MAX(E43:F43)*$H$7 -> 30460.43 | I43: 19700 | J43: =+E43/I43 -> 1.4056345
A44: CAL | B44: KG | C44: =+ROUNDUP((D44*0.034)+D44,0) -> 1342 | D44: =+ROUND(E44,0) -> 1297 | E44: 1297 | F44: 1297.1 | G44: =+F44/E44 -> 1.0000771 | H44: =MAX(E44:F44)*$H$7 -> 1426.81 | I44: 800 | J44: =+E44/I44 -> 1.62125
A45: CAMISAS Y FORMALETA PARA ANILLOS CAISSON | B45: ML | C45: =+ROUNDUP((D45*0.034)+D45,0) -> 32670 | D45: =+ROUND(E45,0) -> 31595 | E45: 31595 | F45: 31036.014 | G45: =+F45/E45 -> 0.98230776 | H45: =MAX(E45:F45)*$H$7 -> 34754.5 | I45: 36800 | J45: =+E45/I45 -> 0.85855978
A46: CAPTAFARO METÁLICO | B46: U | C46: =+ROUNDUP((D46*0.034)+D46,0) -> 6153 | D46: =+ROUND(E46,0) -> 5950 | E46: 5950 | F46: 8200 | G46: =+F46/E46 -> 1.3781513 | H46: =MAX(E46:F46)*$H$7 -> 9020 | I46: 11200 | J46: =+E46/I46 -> 0.53125
A47: CEMENTO ASFALTICO 60-70 | B47: KG | C47: =+ROUNDUP((D47*0.034)+D47,0) -> 1551 | D47: =+ROUND(E47,0) -> 1500 | E47: 1500 | F47: 1500 | G47: =+F47/E47 -> 1 | H47: =MAX(E47:F47)*$H$7 -> 1650 | I47: 2300 | J47: =+E47/I47 -> 0.65217391
A48: CEMENTO ASFALTICO 80-100 | B48: KG | C48: =+ROUNDUP((D48*0.034)+D48,0) -> 1132 | D48: =+ROUND(E48,0) -> 1094 | E48: 1094 | F48: 1074.216 | G48: =+F48/E48 -> 0.9819159 | H48: =MAX(E48:F48)*$H$7 -> 1203.4 | I48: 2300 | J48: =+E48/I48 -> 0.47565217
A49: CEMENTO ASFALTICO MODIFICADO CON POLÍMEROS TIPO I | B49: KG | C49: =+ROUNDUP((D49*0.034)+D49,0) -> 2749 | D49: =+ROUND(E49,0) -> 2658 | E49: 2658 | F49: 2611.3432 | G49: =+F49/E49 -> 0.98244666 | H49: =MAX(E49:F49)*$H$7 -> 2923.8 | I49: 2700 | J49: =+E49/I49 -> 0.98444444
A50: CEMENTO ASFALTICO MODIFICADO CON POLÍMEROS TIPO II | B50: KG | C50: =+ROUNDUP((D50*0.034)+D50,0) -> 2749 | D50: =+ROUND(E50,0) -> 2658 | E50: 2658 | F50: 2611.3432 | G50: =+F50/E50 -> 0.98244666 | H50: =MAX(E50:F50)*$H$7 -> 2923.8 | I50: 2900 | J50: =+E50/I50 -> 0.91655172
A51: CEMENTO ASFALTICO MODIFICADO CON POLÍMEROS TIPO III | B51: KG | C51: =+ROUNDUP((D51*0.034)+D51,0) -> 2774 | D51: =+ROUND(E51,0) -> 2682 | E51: 2682 | F51: 2634.1071 | G51: =+F51/E51 -> 0.98214285 | H51: =MAX(E51:F51)*$H$7 -> 2950.2 | I51: 3100 | J51: =+E51/I51 -> 0.86516129
A52: CEMENTO ASFALTICO MODIFICADO CON POLÍMEROS TIPO IV | B52: KG | C52: =+ROUNDUP((D52*0.034)+D52,0) -> 2774 | D52: =+ROUND(E52,0) -> 2682 | E52: 2682 | F52: 2634.1071 | G52: =+F52/E52 -> 0.98214285 | H52: =MAX(E52:F52)*$H$7 -> 2950.2 | I52: 3100 | J52: =+E52/I52 -> 0.86516129
A53: CEMENTO GRIS | B53: KG | C53: =+ROUNDUP((D53*0.034)+D53,0) -> 558 | D53: =+ROUND(E53,0) -> 539 | E53: 539 | F53: 470 | G53: =+F53/E53 -> 0.87198516 | H53: =MAX(E53:F53)*$H$7 -> 592.9 | I53: =600*1.02 -> 612 | J53: =+E53/I53 -> 0.88071895 | L53: =+D52*50 -> 134100
A54: CESPEDONES | B54: M² | C54: =+ROUNDUP((D54*0.034)+D54,0) -> 22748 | D54: =+ROUND(E54,0) -> 22000 | E54: 22000 | F54: 21420 | G54: =+F54/E54 -> 0.97363636 | H54: =MAX(E54:F54)*$H$7 -> 24200 | I54: 5300 | J54: =+E54/I54 -> 4.1509434
A55: CICATRIZANTE (PARA REMOCIÓN DE ESPECIES VEGETALES) (ÍTEM 201.9) | B55: KG | C55: =+ROUNDUP((D55*0.034)+D55,0) -> 9856 | D55: =+ROUND(E55,0) -> 9531 | E55: 9531 | F55: 9361.9475 | G55: =+F55/E55 -> 0.98226288 | H55: =MAX(E55:F55)*$H$7 -> 10484.1 | I55: 8800 | J55: =+E55/I55 -> 1.0830682
A56: CINTILLA DE POLIURETANO (SIKAROD) (PAVIMENTOS DE CONCRETO HIDRÁULICO) (ÍTEM 500) | B56: ML | C56: =+ROUNDUP((D56*0.034)+D56,0) -> 948 | D56: =+ROUND(E56,0) -> 916 | E56: 916 | F56: 916 | G56: =+F56/E56 -> 1 | H56: =MAX(E56:F56)*$H$7 -> 1007.6 | I56: 600 | J56: =+E56/I56 -> 1.5266667
A57: CINTA SIKA PVC 0,22 (SELLO PARA JUNTA DE PUENTES) (ÍTEM 642.2) | B57: ML | C57: =+ROUNDUP((D57*0.034)+D57,0) -> 35093 | D57: =+ROUND(E57,0) -> 33939 | E57: 33939 | F57: 33938.8 | G57: =+F57/E57 -> 0.99999411 | H57: =MAX(E57:F57)*$H$7 -> 37332.9 | I57: 37000 | J57: =+E57/I57 -> 0.91727027
A58: CONCRETO CLASE A | B58: M³ | C58: =+ROUNDUP((D58*0.034)+D58,0) -> 395529 | D58: =+ROUND(E58,0) -> 382523 | E58: 382523 | F58: 382523.12 | G58: =+F58/E58 -> 1.0000003 | H58: =MAX(E58:F58)*$H$7 -> 420775.43 | I58: 399000 | J58: =+E58/I58 -> 0.95870426 | K58: CONCRETO HIDRÁLICO PARA PAVIMENTO
A59: CONCRETO CLASE B | B59: M³ | C59: =+ROUNDUP((D59*0.034)+D59,0) -> 382285 | D59: =+ROUND(E59,0) -> 369714 | E59: 369714 | F59: 369713.96 | G59: =+F59/E59 -> 0.99999989 | H59: =MAX(E59:F59)*$H$7 -> 406685.4 | I59: 378000 | J59: =+E59/I59 -> 0.97807937 | L59: Kg
A60: CONCRETO CLASE C | B60: M³ | C60: =+ROUNDUP((D60*0.034)+D60,0) -> 369040 | D60: =+ROUND(E60,0) -> 356905 | E60: 356905 | F60: 356904.8 | G60: =+F60/E60 -> 0.99999944 | H60: =MAX(E60:F60)*$H$7 -> 392595.5 | I60: 357000 | J60: =+E60/I60 -> 0.99973389 | L60: Cemento | M60: Arena | N60: Grava | O60: Agua
A61: CONCRETO CLASE D (TREMIE) | B61: M³ | C61: =+ROUNDUP((D61*0.034)+D61,0) -> 342438 | D61: =+ROUND(E61,0) -> 331177 | E61: 331177 | F61: 331177 | G61: =+F61/E61 -> 1 | H61: =MAX(E61:F61)*$H$7 -> 364294.7 | I61: 336000 | J61: =+E61/I61 -> 0.98564583 | K61: Volumen: | L61: =50*9.1 -> 455 | M61: 0.47 | N61: 0.772 | O61: 22
A62: CONCRETO HIDRÁULICO PARA PAVIMENTO MR-43 | B62: M³ | C62: =+ROUNDUP((D62*0.034)+D62,0) -> 430066 | D62: =+ROUND(E62,0) -> 415924 | E62: 415924 | F62: 415914.52 | G62: =+F62/E62 -> 0.99997721 | H62: =MAX(E62:F62)*$H$7 -> 457516.4 | I62: 367500 | J62: =+E62/I62 -> 1.131766 | K62: Precio: | L62: =+D52 -> 2682 | M62: =+D37 -> 45220 | N62: =+D15 -> 60000 | O62: =+D25 -> 42
A63: CORDÓN DETONANTE | B63: ML | C63: =+ROUNDUP((D63*0.034)+D63,0) -> 1804 | D63: =+ROUND(E63,0) -> 1744 | E63: 1744 | F63: 1743.76 | G63: =+F63/E63 -> 0.99986239 | H63: =MAX(E63:F63)*$H$7 -> 1918.4 | I63: 4700 | J63: =+E63/I63 -> 0.37106383 | K63: Cto.4000 psi: | L63: =+L61*L62 -> 1220310 | M63: =+M61*M62 -> 21253.4 | N63: =+N61*N62 -> 46320 | O63: =+O61*O62 -> 924 | P63: =+L63+M63+N63+O63 -> 1288807.4
A64: COSTAL DE FIBRA O FIQUE | B64: M² | C64: =+ROUNDUP((D64*0.034)+D64,0) -> 3608 | D64: =+ROUND(E64,0) -> 3489 | E64: 3489 | F64: 3489.08 | G64: =+F64/E64 -> 1.0000229 | H64: =MAX(E64:F64)*$H$7 -> 3837.988 | I64: 900 | J64: =+E64/I64 -> 3.8766667
A65: CUÑAS PARA EL TENSIONAMIENTO (ACERO DE PREESFUERZO) (ÍTEM 641) | B65: U | C65: =+ROUNDUP((D65*0.034)+D65,0) -> 11187 | D65: =+ROUND(E65,0) -> 10819 | E65: 10819 | F65: 10627.961 | G65: =+F65/E65 -> 0.98234227 | H65: =MAX(E65:F65)*$H$7 -> 11900.9 | I65: 14700 | J65: =+E65/I65 -> 0.73598639
A66: DISOLVENTE PARA PIINTURA TRÁFICO (ACRÍLICO) | B66: GALÓN | C66: =+ROUNDUP((D66*0.034)+D66,0) -> 36190 | D66: =+ROUND(E66,0) -> 35000 | E66: 35000 | F66: 35000 | G66: =+F66/E66 -> 1 | H66: =MAX(E66:F66)*$H$7 -> 38500 | I66: 25440 | J66: =+E66/I66 -> 1.3757862
A67: DUCTOS PARA TENSIONIMIENTO (ACERO DE PREESFUERZO) (ÍTEM 641) | B67: ML | C67: =+ROUNDUP((D67*0.034)+D67,0) -> 11273 | D67: =+ROUND(E67,0) -> 10902 | E67: 10902 | F67: 10708.859 | G67: =+F67/E67 -> 0.98228391 | H67: =MAX(E67:F67)*$H$7 -> 11992.2 | I67: 14600 | J67: =+E67/I67 -> 0.74671233
A68: EMULSIÓN CRM-m | B68: LT | C68: =+ROUNDUP((D68*0.034)+D68,0) -> 2034 | D68: =+ROUND(E68,0) -> 1967 | E68: 1967 | F68: 1101 | G68: =+F68/E68 -> 0.55973564 | H68: =MAX(E68:F68)*$H$7 -> 2163.7 | I68: 2500 | J68: =+E68/I68 -> 0.7868
A69: EMULSIÓN MODIFICADA CON POLÍMEROS CRMM | B69: LT | C69: =+ROUNDUP((D69*0.034)+D69,0) -> 2034 | D69: =+ROUND(E69,0) -> 1967 | E69: 1967 | F69: 1435 | G69: =+F69/E69 -> 0.72953737 | H69: =MAX(E69:F69)*$H$7 -> 2163.7 | I69: 2800 | J69: =+E69/I69 -> 0.7025
A70: EMULSIÓN CRL-0 | B70: LT | C70: =+ROUNDUP((D70*0.034)+D70,0) -> 1527 | D70: =+ROUND(E70,0) -> 1476 | E70: 1476 | F70: 1183 | G70: =+F70/E70 -> 0.80149051 | H70: =MAX(E70:F70)*$H$7 -> 1623.6 | I70: 2100 | J70: =+E70/I70 -> 0.70285714
A71: EMULSIÓN CRL-1 | B71: LT | C71: =+ROUNDUP((D71*0.034)+D71,0) -> 1243 | D71: =+ROUND(E71,0) -> 1202 | E71: 1202 | F71: 961 | G71: =+F71/E71 -> 0.79950083 | H71: =MAX(E71:F71)*$H$7 -> 1322.2 | I71: 2100 | J71: =+E71/I71 -> 0.57238095
A72: EMULSIÓN CRL-1h | B72: LT | C72: =+ROUNDUP((D72*0.034)+D72,0) -> 1391 | D72: =+ROUND(E72,0) -> 1345 | E72: 1345 | F72: 1115 | G72: =+F72/E72 -> 0.82899628 | H72: =MAX(E72:F72)*$H$7 -> 1479.5 | I72: 2100 | J72: =+E72/I72 -> 0.64047619
A73: EMULSIÓN CRL-1hm | B73: LT | C73: =+ROUNDUP((D73*0.034)+D73,0) -> 1793 | D73: =+ROUND(E73,0) -> 1734 | E73: 1734 | F73: 1435 | G73: =+F73/E73 -> 0.82756632 | H73: =MAX(E73:F73)*$H$7 -> 1907.4 | I73: 2300 | J73: =+E73/I73 -> 0.75391304
A74: EMULSIÓN CRR-1 | B74: LT | C74: =+ROUNDUP((D74*0.034)+D74,0) -> 1199 | D74: =+ROUND(E74,0) -> 1159 | E74: 1159 | F74: 921 | G74: =+F74/E74 -> 0.79465056 | H74: =MAX(E74:F74)*$H$7 -> 1274.9 | I74: 2300 | J74: =+E74/I74 -> 0.50391304
A75: EMULSIÓN CRR-2 | B75: LT | C75: =+ROUNDUP((D75*0.034)+D75,0) -> 1289 | D75: =+ROUND(E75,0) -> 1246 | E75: 1246 | F75: 990 | G75: =+F75/E75 -> 0.79454254 | H75: =MAX(E75:F75)*$H$7 -> 1370.6 | I75: 2300 | J75: =+E75/I75 -> 0.54173913
... A78: ESFERAS REFLECTIVAS | B78: KG | C78: =+ROUNDUP((D78*0.034)+D78,0) -> 5170 | D78: =+ROUND(E78,0) -> 5000 | E78: 5000 | F78: 5000 | G78: =+F78/E78 -> 1 | H78: =MAX(E78:F78)*$H$7 -> 5500 | I78: 4876 | J78: =+E78/I78 -> 1.0254307
A79: ESTACAS, PINTURA, TACHUELA, HILO | B79: GLOBAL | C79: =+ROUNDUP((D79*0.034)+D79,0) -> 621 | D79: =+ROUND(E79,0) -> 600 | E79: 600 | G79: =+F79/E79 -> 0 | H79: =MAX(E79:F79)*$H$7 -> 660 | I79: 377 | J79: =+E79/I79 -> 1.5915119
A80: EXPLOSIVOS 75% (INDUGEL) | B80: LB | C80: =+ROUNDUP((D80*0.034)+D80,0) -> 17527 | D80: =+ROUND(E80,0) -> 16950 | E80: 16950 | F80: 8348.89 | G80: =+F80/E80 -> 0.49255988 | H80: =MAX(E80:F80)*$H$7 -> 18645 | I80: 24100 | J80: =+E80/I80 -> 0.7033195
A81: FORMALETA (GAVIONES, BORDILLOS, CUNETAS) | B81: M² | C81: =+ROUNDUP((D81*0.034)+D81,0) -> 4870 | D81: =+ROUND(E81,0) -> 4709 | E81: 4709 | F81: 4625.4225 | G81: =+F81/E81 -> 0.98225153 | H81: =MAX(E81:F81)*$H$7 -> 5179.9 | I81: 6300 | J81: =+E81/I81 -> 0.74746032
A82: FORMALETA CONCRETO CLASE A,B Y C | B82: M² | C82: =+ROUNDUP((D82*0.034)+D82,0) -> 16855 | D82: 16300 | E82: 15552 | G82: =+F82/E82 -> 0 | H82: =MAX(E82:F82)*$H$7 -> 17107.2 | I82: 16300 | J82: =+E82/I82 -> 0.95411043
A83: FORMALETA PARA BARANDA DE CONCRETO | B83: ML | C83: =+ROUNDUP((D83*0.034)+D83,0) -> 19346 | D83: =+ROUND(E83,0) -> 18709 | E83: 18709 | F83: 18377.514 | G83: =+F83/E83 -> 0.98228198 | H83: =MAX(E83:F83)*$H$7 -> 20579.9 | I83: 23100 | J83: =+E83/I83 -> 0.80991342
A84: FORMALETA PARA MUROS DE CONTENCIÓN (CONCRETOS D, E Y G) | B84: M² | C84: =+ROUNDUP((D84*0.034)+D84,0) -> 5933 | D84: =+ROUND(E84,0) -> 5737 | E84: 5737 | F84: 5635.7779 | G84: =+F84/E84 -> 0.98235626 | H84: =MAX(E84:F84)*$H$7 -> 6310.7 | I84: 12600 | J84: =+E84/I84 -> 0.45531746
A85: FULMINANTES | B85: U | C85: =+ROUNDUP((D85*0.034)+D85,0) -> 1181 | D85: =+ROUND(E85,0) -> 1142 | E85: 1142 | F85: 1141.68 | G85: =+F85/E85 -> 0.99971979 | H85: =MAX(E85:F85)*$H$7 -> 1256.2 | I85: 1000 | J85: =+E85/I85 -> 1.142
A86: FUNDENTE | B86: KG | C86: =+ROUNDUP((D86*0.034)+D86,0) -> 23460 | D86: =+ROUND(E86,0) -> 22688 | E86: 22688 | F86: 22286.107 | G86: =+F86/E86 -> 0.9822861 | H86: =MAX(E86:F86)*$H$7 -> 24956.8 | I86: 27300 | J86: =+E86/I86 -> 0.83106227
A87: GAS PROPANO | B87: KG | C87: =+ROUNDUP((D87*0.034)+D87,0) -> 4205 | D87: =+ROUND(E87,0) -> 4066 | E87: 4066 | F87: 4007.77 | G87: =+F87/E87 -> 0.9856788 | H87: =MAX(E87:F87)*$H$7 -> 4472.6 | I87: 2500 | J87: =+E87/I87 -> 1.6264
A88: GEOTEXTIL T2500 O SIMILAR | B88: M² | C88: =+ROUNDUP((D88*0.034)+D88,0) -> 7343 | D88: =+ROUND(E88,0) -> 7101 | E88: 7101 | F88: 7100.73 | G88: =+F88/E88 -> 0.99996198 | H88: =MAX(E88:F88)*$H$7 -> 7811.1 | I88: 5500 | J88: =+E88/I88 -> 1.2910909
A89: GEOTEXTIL NT 1600 O SIMILAR | B89: M² | C89: =+ROUNDUP((D89*0.034)+D89,0) -> 5057 | D89: =+ROUND(E89,0) -> 4890 | E89: =+E90 -> 4890 | F89: 4109 | G89: =+F89/E89 -> 0.8402863 | H89: =MAX(E89:F89)*$H$7 -> 5379 | I89: 3400 | J89: =+E89/I89 -> 1.4382353
A90: GEOTEXTIL NT REPAV 450 | B90: M² | C90: =+ROUNDUP((D90*0.034)+D90,0) -> 5057 | D90: =+ROUND(E90,0) -> 4890 | E90: 4890 | F90: 4109 | G90: =+F90/E90 -> 0.8402863 | H90: =MAX(E90:F90)*$H$7 -> 5379 | I90: 3600 | J90: =+E90/I90 -> 1.3583333
A91: GEOTEXTIL T 2100 O SIMILAR | B91: M² | C91: =+ROUNDUP((D91*0.034)+D91,0) -> 6319 | D91: =+ROUND(E91,0) -> 6111 | E91: 6111 | F91: 6110.65 | G91: =+F91/E91 -> 0.99994273 | H91: =MAX(E91:F91)*$H$7 -> 6722.1 | I91: 4600 | J91: =+E91/I91 -> 1.3284783
A92: GEOTEXTIL NT 1800 O SIMILAR | B92: M² | C92: =+ROUNDUP((D92*0.034)+D92,0) -> 6607 | D92: =+ROUND(E92,0) -> 6389 | E92: 6389 | F92: 6389.11 | G92: =+F92/E92 -> 1.0000172 | H92: =MAX(E92:F92)*$H$7 -> 7028.021 | I92: 4600 | J92: =+E92/I92 -> 1.388913
A93: GRAPAS | B93: KG | C93: =+ROUNDUP((D93*0.034)+D93,0) -> 7383 | D93: =+ROUND(E93,0) -> 7140 | E93: 7140 | F93: 7735 | G93: =+F93/E93 -> 1.0833333 | H93: =MAX(E93:F93)*$H$7 -> 8508.5 | I93: 5088 | J93: =+E93/I93 -> 1.4033019
A94: IMPRIMANTE CONCRETO | B94: KG | C94: =+ROUNDUP((D94*0.034)+D94,0) -> 13011 | D94: =+ROUND(E94,0) -> 12583 | E94: 12583 | F94: 8728 | G94: =+F94/E94 -> 0.69363427 | H94: =MAX(E94:F94)*$H$7 -> 13841.3 | I94: 65600 | J94: =+E94/I94 -> 0.19181402
A95: LECHADA PARA DUCTOS (ACERO DE PREESFUERZO) | B95: LT | C95: =+ROUNDUP((D95*0.034)+D95,0) -> 804 | D95: =+ROUND(E95,0) -> 777 | E95: 777 | F95: 745.89795 | G95: =+F95/E95 -> 0.95997162 | H95: =MAX(E95:F95)*$H$7 -> 854.7 | I95: 1600 | J95: =+E95/I95 -> 0.485625
A96: LECHADA PARA PERNOS DE ANCLAJE | B96: ML | C96: =+ROUNDUP((D96*0.034)+D96,0) -> 36133 | D96: 34944
A97: LISTÓN EN GUADUA PARA EMPRADIZAR | B97: ML | C97: =+ROUNDUP((D97*0.034)+D97,0) -> 931 | D97: =+ROUND(E97,0) -> 900 | E97: 900 | F97: 375 | G97: =+F97/E97 -> 0.41666667 | H97: =MAX(E97:F97)*$H$7 -> 990 | I97: 1900 | J97: =+E97/I97 -> 0.47368421
A98: MALLA PARA GAVIONES (2 m3) CALIBRE 12 | B98: U | C98: =+ROUNDUP((D98*0.034)+D98,0) -> 82573 | D98: =+ROUND(E98,0) -> 79857 | E98: 79857.116 | F98: 78443.591 | G98: =+F98/E98 -> 0.98229931 | H98: =MAX(E98:F98)*$H$7 -> 87842.828 | I98: 50400 | J98: =+E98/I98 -> 1.5844666
A99: MATERIAL DE AFIRMADO | B99: M³ | C99: =+ROUNDUP((D99*0.034)+D99,0) -> 31020 | D99: =+ROUND(E99,0) -> 30000 | E99: 30000 | F99: 30000 | G99: =+F99/E99 -> 1 | H99: =MAX(E99:F99)*$H$7 -> 33000 | I99: 30000 | J99: =+E99/I99 -> 1
A100: MATERIAL DE AFIRMADO DE LA ZONA | B100: M³ | C100: =+ROUNDUP((D100*0.034)+D100,0) -> 31020 | D100: =+ROUND(E100,0) -> 30000 | E100: 30000 | F100: 30000 | G100: =+F100/E100 -> 1 | H100: =MAX(E100:F100)*$H$7 -> 33000 | I100: 11600 | J100: =+E100/I100 -> 2.5862069
A101: MATERIAL DE BASE | B101: M³ | C101: =+ROUNDUP((D101*0.034)+D101,0) -> 41360 | D101: =+ROUND(E101,0) -> 40000 | E101: 40000 | F101: 47600 | G101: =+F101/E101 -> 1.19 | H101: =MAX(E101:F101)*$H$7 -> 52360 | I101: 33000 | J101: =+E101/I101 -> 1.2121212
A102: MATERIAL DE BASE (GRADACIÓN 1) | B102: M³ | C102: =+ROUNDUP((D102*0.034)+D102,0) -> 41360 | D102: =+ROUND(E102,0) -> 40000 | E102: 40000 | F102: 47600 | G102: =+F102/E102 -> 1.19 | H102: =MAX(E102:F102)*$H$7 -> 52360 | I102: 35000 | J102: =+E102/I102 -> 1.1428571
A103: MATERIAL DE BASE (GRADACIÓN 2) | B103: M³ | C103: =+ROUNDUP((D103*0.034)+D103,0) -> 41360 | D103: =+ROUND(E103,0) -> 40000 | E103: 40000 | F103: 47600 | G103: =+F103/E103 -> 1.19 | H103: =MAX(E103:F103)*$H$7 -> 52360 | I103: 35000 | J103: =+E103/I103 -> 1.1428571
A104: MATERIAL DE BASE (GRADACIÓN 3) | B104: M³ | C104: =+ROUNDUP((D104*0.034)+D104,0) -> 41360 | D104: =+ROUND(E104,0) -> 40000 | E104: 40000 | F104: 47600 | G104: =+F104/E104 -> 1.19 | H104: =MAX(E104:F104)*$H$7 -> 52360 | I104: 35000 | J104: =+E104/I104 -> 1.1428571
A105: MATERIAL DE SUB- BASE PARA BACHEO | B105: M³ | C105: =+ROUNDUP((D105*0.034)+D105,0) -> 25850 | D105: =+ROUND(E105,0) -> 25000 | E105: 25000 | F105: 40000 | G105: =+F105/E105 -> 1.6 | H105: =MAX(E105:F105)*$H$7 -> 44000 | I105: 28000 | J105: =+E105/I105 -> 0.89285714
A106: MATERIAL DE SUB- BASE CBR=20% | B106: M³ | C106: =+ROUNDUP((D106*0.034)+D106,0) -> 39292 | D106: =+ROUND(E106,0) -> 38000 | E106: 38000 | F106: 38000 | G106: =+F106/E106 -> 1 | H106: =MAX(E106:F106)*$H$7 -> 41800 | I106: 25000 | J106: =+E106/I106 -> 1.52
A107: MATERIAL DE SUB- BASE CBR=30% | B107: M³ | C107: =+ROUNDUP((D107*0.034)+D107,0) -> 40326 | D107: =+ROUND(E107,0) -> 39000 | E107: 39000 | F107: 39000 | G107: =+F107/E107 -> 1 | H107: =MAX(E107:F107)*$H$7 -> 42900 | I107: 25000 | J107: =+E107/I107 -> 1.56
...

Sheet MdeObra
A1: =+'Presup '!B1 -> REPUBLICA DE COLOMBIA
A2: =+'Presup '!B2 -> DEPARTAMENTO DE NARIÑO
A3: =+'Presup '!B3 -> ALCALDÍA MUNICIPAL DE SAN LORENZO
A5: =+'Presup '!B5 -> MEJORAMIENTO VÍA LA LAGUNA, SALINAS, LOS OLIVOS
A6: MANO DE OBRA
A7: ADMINISTRACIÓN | B7: % | C7: 0.2
A8: IMPREVISTOS | B8: % | C8: 0.05
A9: UTILIDAD | B9: % | C9: 0.05
A10: PRESTACIONES | B10: % | C10: 1.85 | H10: salario min | P10: DIA
A11: DISTANCIA ACARREO 1 | B11: KM | C11: 5
A12: DISTANCIA SUMINISTRO (MATERIAL DE LA ZONA) | B12: KM | C12: 10 | G12: DIRECTOR | H12: =+Equipo!J5 -> 1014980 | I12: 8 | J12: =ROUND(H12*I12,0) -> 8119840 | M12: =ROUND(J12/10000,0) -> 812 | N12: 10000 | O12: =+N12*M12 -> 8120000 | P12: =+F29/30 -> 272001.24
A13: DISTANCIA SUMINISTRO AFIRMADO | B13: KM | C13: 35 | G13: ESPECIALISTA | H13: =+H12 -> 1014980 | I13: 6 | J13: =ROUND(H13*I13,0) -> 6089880 | M13: =ROUND(J13/10000,0) -> 609 | N13: 10000 | O13: =+N13*M13 -> 6090000 | P13: =+F30/30 -> 204000.93
A14: DISTANCIA SUMINISTRO BASES SUB BASES AFIRMADOS | B14: KM | C14: 38 | G14: RESIDENTE | H14: =+H13 -> 1014980 | I14: 5 | J14: =ROUND(H14*I14,0) -> 5074900 | M14: =ROUND(J14/10000,0) -> 507 | N14: 10000 | O14: =+N14*M14 -> 5070000 | P14: =+F31/30 -> 169833.29
A15: DISTANCIA DE SUMINISTRO CONCRETOS | B15: KM | C15: =C14 -> 38 | G15: AMBIENTAL | H15: =+H14 -> 1014980 | I15: 3 | J15: =ROUND(H15*I15,0) -> 3044940 | M15: =ROUND(J15/10000,0) -> 304 | N15: 10000 | O15: =+N15*M15 -> 3040000 | P15: =+F32/30 -> 101832.98
A16: DISTANCIA DE SUMINISTRO MEZCLAS ASFÁLTICAS | B16: KM | C16: =C15 -> 38 | G16: AUX RES | H16: =+H15 -> 1014980 | I16: 3 | J16: =ROUND(H16*I16,0) -> 3044940 | M16: =ROUND(J16/10000,0) -> 304 | N16: 10000 | O16: =+N16*M16 -> 3040000 | P16: =+F33/30 -> 101832.98
A17: DISTANCIA DE SUMINISTRO ARENA | B17: KM | C17: 50 | G17: TOPOGRAFO | H17: =+H16 -> 1014980 | I17: 2 | J17: =ROUND(H17*I17,0) -> 2029960 | M17: =ROUND(J17/10000,0) -> 203 | N17: 10000 | O17: =+N17*M17 -> 2030000 | P17: =+F39/30 -> 93265
A18: CADENERO | B18: DÍA | C18: =ROUND(F18,0) -> 42145 | E18: 72192 | F18: =+E18/$C$10*1.08 -> 42144.519 | G18: TRABAJADOR SOCIAL | H18: =+H17 -> 1014980 | I18: 2 | J18: =ROUND(H18*I18,0) -> 2029960 | M18: =ROUND(J18/10000,0) -> 203 | N18: 10000 | O18: =+N18*M18 -> 2030000 | P18: =+F38/30 -> 68000.31
A19: INSPECTOR DE FABRICACIÓN Y MONTAJE | B19: DÍA | C19: =ROUND(F19,0) -> 98876 | E19: 169371 | F19: =+E19/$C$10*1.08 -> 98876.043 | G19: CONTADOR | H19: =+H18 -> 1014980 | I19: 2 | J19: =ROUND(H19*I19,0) -> 2029960 | M19: =ROUND(J19/10000,0) -> 203 | N19: 10000 | O19: =+N19*M19 -> 2030000 | P19: =+F40/30 -> 68000.31
A20: OFICIAL EXPERTO EN EXPLOSIVOS | B20: DÍA | C20: =ROUND(F20,0) -> 77805 | E20: 133277 | F20: =+E20/$C$10*1.08 -> 77804.951 | G20: INSPECTOR | H20: =+H19 -> 1014980 | I20: 2 | J20: =ROUND(H20*I20,0) -> 2029960 | M20: =ROUND(J20/10000,0) -> 203 | N20: 10000 | O20: =+N20*M20 -> 2030000 | P20: =+F41/30 -> 68000.31
A21: OBREROS | B21: DÍA | C21: =ROUND(F21,0) -> 32419 | E21: 55532 | F21: =+E21/$C$10*1.08 -> 32418.681 | G21: SECRETARIA | H21: =+H20 -> 1014980 | I21: 1 | J21: =ROUND(H21*I21,0) -> 1014980 | M21: =ROUND(J21/10000,0) -> 101 | N21: 10000 | O21: =+N21*M21 -> 1010000 | P21: =+F42/30 -> 33832.667
A22: OFICIAL | B22: DÍA | C22: =ROUND(F22,0) -> 64837 | E22: 111064 | F22: =+E22/$C$10*1.08 -> 64837.362 | G22: ALMACENISTA | H22: =+H21 -> 1014980 | I22: 1 | J22: =ROUND(H22*I22,0) -> 1014980 | M22: =ROUND(J22/10000,0) -> 101 | N22: 10000 | O22: =+N22*M22 -> 1010000 | P22: =+F43/30 -> 33832.667
A23: OFICIAL EXPERTO EN DESMONTAJE | B23: DÍA | C23: =ROUND(F23,0) -> 68394 | E23: 117156 | F23: =+E23/$C$10*1.08 -> 68393.773
A24: PALETEROS | B24: DÍA | C24: =ROUND(F24,0) -> 31088 | E24: 53253 | F24: =+E24/$C$10*1.08 -> 31088.238
A25: RASTRILLEROS | B25: DÍA | C25: =ROUND(F25,0) -> 46632 | E25: 79879 | F25: =+E25/$C$10*1.08 -> 46632.065
A26: SOLDADOR | B26: DÍA | C26: =ROUND(F26,0) -> 62176 | E26: 106506 | F26: =+E26/$C$10*1.08 -> 62176.476
A27: TOPÓGRAFO | B27: DÍA | C27: =ROUND(F27,0) -> 93265 | E27: 159759 | F27: =+E27/$C$10*1.08 -> 93264.714 | G27: =+H12/30 -> 33832.667
A29: INGENIERO DIRECTOR DE OBRA | B29: MES | C29: =ROUND(F29,0) -> 8160037 | D29: =+O12 -> 8120000 | E29: =+D29/$D$42 -> 8.039604 | F29: =+E29*$G$27*30 -> 8160037.2 | G29: DIRECTOR | H29: 6890000
A30: INGENIERO ESPECIALISTA EN VIAS | B30: MES | C30: =ROUND(F30,0) -> 6120028 | D30: =+O13 -> 6090000 | E30: =+D30/$D$42 -> 6.029703 | F30: =+E30*$G$27*30 -> 6120027.9 | G30: ESPECIALISTA | H30: 4830000
A31: INGENIERO RESIDENTE DE OBRA | B31: MES | C31: =ROUND(F31,0) -> 5094999 | D31: =+O14 -> 5070000 | E31: =+D31/$D$42 -> 5.019802 | F31: =+E31*$G$27*30 -> 5094998.6 | G31: RESIDENTE | H31: 3450000 | Q31: =+F27 -> 93264.714
A32: INGENIERO RESIDENTE AMBIENTAL | B32: MES | C32: =ROUND(F32,0) -> 3054989 | D32: =+O15 -> 3040000 | E32: =+D32/$D$42 -> 3.009901 | F32: =+E32*$G$27*30 -> 3054989.3 | G32: AMBIENTAL | H32: 2070000 | Q32: =+Q31*C10 -> 172539.72
A33: INGENIERO AUXILIAR DE OBRA | B33: MES | C33: =ROUND(F33,0) -> 3054989 | D33: =+O16 -> 3040000 | E33: =+D33/$D$42 -> 3.009901 | F33: =+E33*$G$27*30 -> 3054989.3 | G33: AUX RES | H33: 2070000
A34: INGENIERO ESPECIALISTA EN GEOTÉCNIA | B34: MES | C34: =ROUND(F34,0) -> 6120028 | D34: =+D30 -> 6090000 | E34: =+D34/$D$42 -> 6.029703 | F34: =+E34*$G$27*30 -> 6120027.9 | G34: TOPOGRAFO | H34: 1380000
A35: INGENIERO ESPECIALISTA EN ESTRUCTURAS | B35: MES | C35: =ROUND(F35,0) -> 6120028 | D35: =+D30 -> 6090000 | E35: =+D35/$D$42 -> 6.029703 | F35: =+E35*$G$27*30 -> 6120027.9 | G35: TRABAJADOR SOCIAL | H35: 1380000
A36: INGENIERO ESPECIALISTA EN PAVIMENTOS | B36: MES | C36: =ROUND(F36,0) -> 4853815 | D36: 4830000 | E36: =+D36/$D$42 -> 4.7821782 | F36: =+E36*$G$27*30 -> 4853815.2
A37: INGENIERO ESPECIALISTA SISO | B37: MES | C37: =ROUND(F37,0) -> 3054989 | D37: =+D32 -> 3040000 | E37: =+D37/$D$42 -> 3.009901 | F37: =+E37*$G$27*30 -> 3054989.3
A38: TRABAJADOR SOCIAL | B38: MES | C38: =ROUND(F38,0) -> 2040009 | D38: =+O18 -> 2030000 | E38: =+D38/$D$42 -> 2.009901 | F38: =+E38*$G$27*30 -> 2040009.3 | G38: CONTADOR | H38: 1380000
A39: TOPOGRAFO | B39: MES | C39: =ROUND(F39,0) -> 2797950 | D39: =+C27*30 -> 2797950 | F39: =+D39 -> 2797950 | G39: INSPECTOR | H39: 1380000
A40: CONTADOR | B40: MES | C40: =ROUND(F40,0) -> 2040009 | D40: =+O19 -> 2030000 | E40: =+D40/$D$42 -> 2.009901 | F40: =+E40*$G$27*30 -> 2040009.3 | G40: SECRETARIA | H40: 690000
A41: INSPECTOR DE OBRA CIVIL | B41: MES | C41: =ROUND(F41,0) -> 2040009 | D41: =+O20 -> 2030000 | E41: =+D41/$D$42 -> 2.009901 | F41: =+E41*$G$27*30 -> 2040009.3 | G41: ALMACENISTA | H41: 690000
A42: SECRETARIA | B42: MES | C42: =ROUND(F42,0) -> 1014980 | D42: =+O21 -> 1010000 | E42: =+D42/$D$42 -> 1 | F42: =+E42*$G$27*30 -> 1014980
A43: ALMACENISTA | B43: MES | C43: =ROUND(F43,0) -> 1014980 | D43: =+O22 -> 1010000 | E43: =+D43/$D$42 -> 1 | F43: =+E43*$G$27*30 -> 1014980
A44: ABOGADO | B44: MES | C44: =ROUND(F44,0) -> 3467011 | D44: 3450000 | E44: =+D44/$D$42 -> 3.4158416 | F44: =+E44*$G$27*30 -> 3467010.9
A45: CADENERO | B45: MES | C45: =ROUND(F45,0) -> 1264350 | D45: =+C18*30 -> 1264350 | F45: =+D45 -> 1264350
A46: CONDUCTOR | B46: MES | C46: =ROUND(F46,0) -> 954684 | D46: 950000 | E46: =+D46/$D$42 -> 0.94059406 | F46: =+E46*$G$27*30 -> 954684.16
A50: =+'Presup '!F118 -> ING. MIGUEL ANTONIO VILLACRES MARTINEZ.
A51: =+'Presup '!F119 -> M.P. 52202-090508 NRÑ

Sheet CRONOG
A1: =+'Presup '!B1 -> REPUBLICA DE COLOMBIA
A2: =+'Presup '!B2 -> DEPARTAMENTO DE NARIÑO
A3: =+'Presup '!B3 -> ALCALDÍA MUNICIPAL DE SAN LORENZO
A5: =+'Presup '!B5 -> MEJORAMIENTO VÍA LA LAGUNA, SALINAS, LOS OLIVOS
A9: CRONOGRAMA DE OBRA
A11: ACTIVIDADES | E11: Valor Actualizado | F11: % Sobre Valor del Contrato | G11: MES 1 | H11: MES 2 | I11: MES 3 | M11: MES 4 | Q11: MES 5 | U11: MES 6 | Y11: MES 7 | AC11: MES 8 | AG11: MES 9 | AH11: MES 10 | AI11: PERIODOS
I12: SEMANA 1 | J12: SEMANA 2 | K12: SEMANA 3 | L12: SEMANA 4 | M12: SEMANA 5 | N12: SEMANA 6 | O12: SEMANA 7 | P12: SEMANA 8 | Q12: SEMANA 9 | R12: SEMANA 10 | S12: SEMANA 11 | T12: SEMANA 12 | U12: SEMANA 13 | V12: SEMANA 14 | W12: SEMANA 15 | X12: SEMANA 16 | Y12: SEMANA 17 | Z12: SEMANA 18 | AA12: SEMANA 19 | AB12: SEMANA 20 | AC12: SEMANA 21 | AD12: SEMANA 22 | AE12: SEMANA 23 | AF12: SEMANA 24 | AI12: 24
A14: =+P.Detall!E12 -> No.1. EXPLANACIÓN | E14: =+'Presup '!I24 -> 54623901 | F14: =+E14/$E$45 -> #REF!
K15: =+'%'!$E2 -> 0.00090527692 | L15: =+'%'!$E3 -> 0.0018105538 | M15: =+'%'!$E4 -> 0.0027158308 | N15: =+'%'!$E5 -> 0.0036211077 | O15: =+'%'!$E6 -> 0.0045263846 | P15: =+'%'!$E7 -> 0.0054316615 | Q15: =+'%'!$E8 -> 0.0063369384 | R15: =+'%'!$E9 -> 0.0072422154 | S15: =+'%'!$E10 -> 0.0081474923 | T15: =+'%'!$E11 -> 0.0090527692 | U15: =+'%'!$E12 -> 0.0099580461 | V15: =+'%'!$E13 -> 0.010863323
K16: =+K15*$E$45 -> #REF! | L16: =+L15*$E$45 -> #REF! | M16: =+M15*$E$45 -> #REF! | N16: =+N15*$E$45 -> #REF! | O16: =+O15*$E$45 -> #REF! | P16: =+P15*$E$45 -> #REF! | Q16: =+Q15*$E$45 -> #REF! | R16: =+R15*$E$45 -> #REF! | ... V16: =+V15*$E$45 -> #REF!
A17: =+P.Detall!E26 -> No.2. AFIRMADO Y SUBBASE | E17: =+'Presup '!I30 -> 78303375 | F17: =+E17/$E$45 -> #REF!
E18: =SUM('[21]PRESUPUESTO DE OBRA'!I8:I9) -> #REF! | R18: =+'%'!$E22 -> 0.0022493721 | S18: =+'%'!$E23 -> 0.0044987442 | T18: =+'%'!$E24 -> 0.0067481163 | U18: =+'%'!$E25 -> 0.0089974884 | V18: =+'%'!$E26 -> 0.011246861 | W18: =+'%'!$E27 -> 0.013496233 | X18: =+'%'!$E28 -> 0.015745605 | Y18: =+'%'!$E29 -> 0.017994977 | Z18: =+'%'!$E30 -> 0.020244349
A19: OTRAS PARTIDAS DE PAGO | R19: =ROUNDDOWN(R18*$E$45,0) -> #REF! | S19: =ROUND(S18*$E$45,0) -> #REF! | T19: =ROUND(T18*$E$45,0) -> #REF! | U19: =ROUND(U18*$E$45,0) -> #REF! | V19: =ROUND(V18*$E$45,0) -> #REF! | W19: =ROUND(W18*$E$45,0) -> #REF! | X19: =ROUND(X18*$E$45,0) -> #REF! | Y19: =ROUND(Y18*$E$45,0) -> #REF! | Z19: =ROUND(Z18*$E$45,0) -> #REF!
A20: =+P.Detall!E32 -> No.3. PAVIMENTO PLACA HUELLA | E20: =+'Presup '!I35 -> 40713408 | F20: =+E20/$E$45 -> #REF!
Y21: =+'%'!$E40 -> 0.0011695486 | Z21: =+'%'!$E41 -> 0.0023390972 | AA21: =+'%'!$E42 -> 0.0035086459 | AB21: =+'%'!$E43 -> 0.0046781945 | AC21: =+'%'!$E48 -> 0.010525938
Y22: =ROUND(Y21*$E$45,0) -> #REF! | Z22: =ROUND(Z21*$E$45,0) -> #REF! | AA22: =ROUND(AA21*$E$45,0) -> #REF! | AB22: =ROUND(AB21*$E$45,0) -> #REF! | AC22: =ROUND(AC21*$E$45,0) -> #REF!
A23: =+P.Detall!E37 -> No.4. ESTRUCTURAS Y DRENAJES | E23: =+'Presup '!I68 -> 574548304 | F23: =+E23/$E$45 -> #REF!
U24: =+'%'!$E58 -> 0.0043433395 | V24: =+'%'!$E59 -> 0.0086866789 | W24: =+'%'!$E60 -> 0.013030018 | X24: =+'%'!$E61 -> 0.017373358 | Y24: =+'%'!$E62 -> 0.021716697 | Z24: =+'%'!$E63 -> 0.026060037 | AA24: =+'%'!$E64 -> 0.030403376 | AB24: =+'%'!$E65 -> 0.034746716 | AC24: =+'%'!$E70 -> 0.056463413 | AD24: =+'%'!$E75 -> 0.07818011
U25: =ROUND(U24*$E$45,0) -> #REF! | V25: =ROUND(V24*$E$45,0) -> #REF! | W25: =ROUND(W24*$E$45,0) -> #REF! | X25: =ROUND(X24*$E$45,0) -> #REF! | Y25: =ROUND(Y24*$E$45,0) -> #REF! | Z25: =ROUND(Z24*$E$45,0) -> #REF! | AA25: =ROUND(AA24*$E$45,0) -> #REF! | AB25: =ROUND(AB24*$E$45,0) -> #REF! | ... AD25: =ROUND(AD24*$E$45,0) -> #REF!
A26: =+P.Detall!E72 -> No.5. MANTENIMIENTO VIA
A28: =+P.Detall!E78 -> No.6. ESPECIFICACIONES PARTICULARES (OBRAS AMBIENTALES) | E28: =+'Presup '!I78 -> 4465565 | F28: =+E28/$E$45 -> #REF!
K29: =+'%'!$E122 -> 1.3270293e-05 | L29: =+'%'!$E123 -> 2.6540585e-05 | M29: =+'%'!$E124 -> 3.9810878e-05 | N29: =+'%'!$E125 -> 5.308117e-05 | O29: =+'%'!$E126 -> 6.6351463e-05 | P29: =+'%'!$E127 -> 7.9621755e-05 | Q29: =+'%'!$E128 -> 9.2892048e-05 | R29: =+'%'!$E129 -> 0.00010616234 | S29: =+'%'!$E130 -> 0.00011943263 | T29: =+'%'!$E131 -> 0.00013270293 | U29: =+'%'!$E132 -> 0.00014597322 | V29: =+'%'!$E133 -> 0.00015924351 | W29: =+'%'!$E134 -> 0.0001725138 | X29: =+'%'!$E135 -> 0.0001857841 | Y29: =+'%'!$E136 -> 0.00019905439 | Z29: =+'%'!$E137 -> 0.00021232468 | AA29: =+'%'!$E138 -> 0.00022559497 | AB29: =+'%'!$E139 -> 0.00023886527 | AC29: =+'%'!$E144 -> 0.00030521673 | AD29: =+'%'!$E149 -> 0.00037156819 | AE29: =+'%'!$E150 -> 0.00038483848
K30: =ROUNDDOWN(K29*$E$45,0) -> #REF! | L30: =ROUNDDOWN(L29*$E$45,0) -> #REF! | M30: =ROUND(M29*$E$45,0) -> #REF! | N30: =ROUND(N29*$E$45,0) -> #REF! | O30: =ROUND(O29*$E$45,0) -> #REF! | P30: =ROUND(P29*$E$45,0) -> #REF! | Q30: =ROUND(Q29*$E$45,0) -> #REF! | R30: =ROUND(R29*$E$45,0) -> #REF! | S30: =ROUND(S29*$E$45,0) -> #REF! | T30: =ROUND(T29*$E$45,0) -> #REF! | ... AE30: =ROUND(AE29*$E$45,0) -> #REF!
A31: =+P.Detall!E83 -> No.7. TRANSPORTE | E31: =+'Presup '!I83 -> 512556 | F31: =+E31/$E$45 -> #REF!
K32: =+'%'!$E156 -> 1.5231596e-06 | L32: =+'%'!$E157 -> 3.0463191e-06 | M32: =+'%'!$E158 -> 4.5694787e-06 | N32: =+'%'!$E159 -> 6.0926383e-06 | O32: =+'%'!$E160 -> 7.6157978e-06 | P32: =+'%'!$E161 -> 9.1389574e-06 | Q32: =+'%'!$E162 -> 1.0662117e-05 | R32: =+'%'!$E163 -> 1.2185277e-05 | S32: =+'%'!$E164 -> 1.3708436e-05 | T32: =+'%'!$E165 -> 1.5231596e-05 | U32: =+'%'!$E166 -> 1.6754755e-05 | V32: =+'%'!$E167 -> 1.8277915e-05 | W32: =+'%'!$E168 -> 1.9801074e-05 | X32: =+'%'!$E169 -> 2.1324234e-05 | Y32: =+'%'!$E170 -> 2.2847394e-05 | Z32: =+'%'!$E171 -> 2.4370553e-05 | AA32: =+'%'!$E172 -> 2.5893713e-05 | AB32: =+'%'!$E173 -> 2.7416872e-05 | AC32: =+'%'!$E178 -> 3.503267e-05 | AD32: =+'%'!$E183 -> 4.2648468e-05 | AE32: =+'%'!$E184 -> 4.4171627e-05
K33: =ROUND(K32*$E$45,0) -> #REF! | L33: =ROUND(L32*$E$45,0) -> #REF! | M33: =ROUND(M32*$E$45,0) -> #REF! | N33: =ROUND(N32*$E$45,0) -> #REF! | O33: =ROUND(O32*$E$45,0) -> #REF! | P33: =ROUND(P32*$E$45,0) -> #REF! | Q33: =ROUND(Q32*$E$45,0) -> #REF! | R33: =ROUND(R32*$E$45,0) -> #REF! | ... AE33: =ROUND(AE32*$E$45,0) -> #REF!
A34: PLANES DE MANEJO | E34: =+'Presup '!I98+'Presup '!I101 -> 0 | F34: =+E34/$E$45 -> #REF!
K35: =+'%'!$E189 -> 0 | L35: =+'%'!$E190 -> 0 | M35: =+'%'!$E191 -> 0 | N35: =+'%'!$E192 -> 0 | O35: =+'%'!$E193 -> 0 | P35: =+'%'!$E194 -> 0 | Q35: =+'%'!$E195 -> 0 | R35: =+'%'!$E196 -> 0 | S35: =+'%'!$E197 -> 0 | T35: =+'%'!$E198 -> 0 | U35: =+'%'!$E199 -> 0 | V35: =+'%'!$E200 -> 0 | W35: =+'%'!$E201 -> 0 | X35: =+'%'!$E202 -> 0 | Y35: =+'%'!$E203 -> 0 | Z35: =+'%'!$E204 -> 0 | AA35: =+'%'!$E205 -> 0 | AB35: =+'%'!$E206 -> 0 | AC35: =+'%'!$E211 -> 0 | AD35: =+'%'!$E216 -> 0 | AE35: =+'%'!$E217 -> 0 | AF35: =+'%'!$E218 -> 0
K36: =ROUNDDOWN(K35*$E$45,0) -> #REF! | L36: =ROUNDDOWN(L35*$E$45,0) -> #REF! | M36: =ROUNDDOWN(M35*$E$45,0) -> #REF! | N36: =ROUND(N35*$E$45,0) -> #REF! | O36: =ROUND(O35*$E$45,0) -> #REF! | P36: =ROUND(P35*$E$45,0) -> #REF! | Q36: =ROUND(Q35*$E$45,0) -> #REF! | R36: =ROUND(R35*$E$45,0) -> #REF! | S36: =ROUND(S35*$E$45,0) -> #REF! | T36: =ROUND(T35*$E$45,0) -> #REF! | U36: =ROUND(U35*$E$45,0) -> #REF! | ... AF36: =ROUND(AF35*$E$45,0) -> #REF!
A37: =+'Presup '!D97 -> CARACTERIZACIÓN VIAL | E37: =+'CARACTERIZACIÓN VIAL'!H34 -> 13707816 | F37: =+E37/$E$45 -> #REF!
I38: =+'%'!E225 -> 0.0011813276 | J38: =+'%'!E226 -> 0.0023626552 | K38: =+'%'!E227 -> 0.0035439828 | L38: =+'%'!E228 -> 0.0047253103 | M38: =+'%'!E229 -> 0.0059066379
I39: =ROUNDDOWN(I38*$E$45,0) -> #REF! | J39: =ROUND(J38*$E$45,0) -> #REF! | K39: =ROUND(K38*$E$45,0) -> #REF! | L39: =ROUND(L38*$E$45,0) -> #REF! | M39: =ROUND(M38*$E$45,0) -> #REF!
A40: =+'Presup '!D105 -> PROTOCOLO DE BIOSEGURIDAD | F40: =+'FL F'!F44:F47 -> #VALUE!
A41: PROCESO CONTRACTUAL
A42: PROCESO DE LIQUIDACIÓN
B45: TOTAL CONSTRUCCIÓN: | E45: =+E37+E34+E31+E28+#REF!+#REF!+E23+E20+E17+E14 -> #REF! | F45: =+F37+F34+F31+F28+#REF!+#REF!+F23+F20+F17+F14 -> #REF! | I45: =+I38+I35+I32+I29+I26+#REF!+I24+I21+I18+I15 -> #REF! | J45: =+J38+J35+J32+J29+J26+#REF!+J24+J21+J18+J15 -> #REF! | K45: =+K38+K35+K32+K29+K26+#REF!+K24+K21+K18+K15 -> #REF! | L45: =+L38+L35+L32+L29+L26+#REF!+L24+L21+L18+L15 -> #REF! | M45: =+M38+M35+M32+M29+M26+#REF!+M24+M21+M18+M15 -> #REF! | N45: =+N38+N35+N32+N29+N26+#REF!+N24+N21+N18+N15 -> #REF! | O45: =+O38+O35+O32+O29+O26+#REF!+O24+O21+O18+O15 -> #REF! | P45: =+P38+P35+P32+P29+P26+#REF!+P24+P21+P18+P15 -> #REF! | ... AF45: =+AF38+AF35+AF32+AF29+AF26+#REF!+AF24+AF21+AF18+AF15 -> #REF!
I46: =+I33+I30+I27+#REF!+I25+I22+I19+I16+I39+I36 -> #REF! | J46: =+J33+J30+J27+#REF!+J25+J22+J19+J16+J39+J36 -> #REF! | K46: =+K33+K30+K27+#REF!+K25+K22+K19+K16+K39+K36 -> #REF! | L46: =+L33+L30+L27+#REF!+L25+L22+L19+L16+L39+L36 -> #REF! | M46: =+M33+M30+M27+#REF!+M25+M22+M19+M16+M39+M36 -> #REF! | N46: =+N33+N30+N27+#REF!+N25+N22+N19+N16+N39+N36 -> #REF! | O46: =+O33+O30+O27+#REF!+O25+O22+O19+O16+O39+O36 -> #REF! | P46: =+P33+P30+P27+#REF!+P25+P22+P19+P16+P39+P36 -> #REF! | ... AF46: =+AF33+AF30+AF27+#REF!+AF25+AF22+AF19+AF16+AF39+AF36 -> #REF!
F48: Aprox. Val./mes
B49: TOTAL INTERVENTORIA: | E49: =+'Presup '!I108 -> 0 | F49: 1 | I49: =+$F$49/$AI$12 -> 0.041666667 | J49: =+$F$49/$AI$12 -> 0.041666667 | K49: =+$F$49/$AI$12 -> 0.041666667 | L49: =+$F$49/$AI$12 -> 0.041666667 | M49: =+$F$49/$AI$12 -> 0.041666667 | N49: =+$F$49/$AI$12 -> 0.041666667 | O49: =+$F$49/$AI$12 -> 0.041666667 | P49: =+$F$49/$AI$12 -> 0.041666667 | ... AF49: =+$F$49/$AI$12 -> 0.041666667
I50: =(I49*$E$49) -> 0 | J50: =(J49*$E$49) -> 0 | K50: =(K49*$E$49) -> 0 | L50: =(L49*$E$49) -> 0 | M50: =(M49*$E$49) -> 0 | N50: =(N49*$E$49) -> 0 | O50: =(O49*$E$49) -> 0 | P50: =(P49*$E$49) -> 0 | ... AF50: =(AF49*$E$49) -> 0
B52: TOTAL | E52: =+E45+E49 -> #REF! | F52: 1 | I52: =I53/$E$52 -> #REF! | J52: =J53/$E$52 -> #REF! | K52: =K53/$E$52 -> #REF! | L52: =L53/$E$52 -> #REF! | M52: =M53/$E$52 -> #REF! | N52: =N53/$E$52 -> #REF! | O52: =O53/$E$52 -> #REF! | P52: =P53/$E$52 -> #REF! | ... AF52: =AF53/$E$52 -> #REF!
I53: =+I50+I46 -> #REF! | J53: =+J50+J46 -> #REF! | K53: =+K50+K46 -> #REF! | L53: =+L50+L46 -> #REF! | M53: =+M50+M46 -> #REF! | N53: =+N50+N46 -> #REF! | O53: =+O50+O46 -> #REF! | P53: =+P50+P46 -> #REF! | ... AF53: =+AF50+AF46 -> #REF!
E55: INVERSIÓN MENSUAL | F55: % | I55: =+I52 -> #REF! | J55: =+J52 -> #REF! | K55: =+K52 -> #REF! | L55: =+L52 -> #REF! | M55: =+M52 -> #REF! | N55: =+N52 -> #REF! | O55: =+O52 -> #REF! | P55: =+P52 -> #REF! | ... AF55: =+AF52 -> #REF!
F56: MILES DE PESOS | I56: =+I53 -> #REF! | J56: =+J53 -> #REF! | K56: =+K53 -> #REF! | L56: =+L53 -> #REF! | M56: =+M53 -> #REF! | N56: =+N53 -> #REF! | O56: =+O53 -> #REF! | P56: =+P53 -> #REF! | ... AF56: =+AF53 -> #REF!
E57: INVERSIÓN ACUMULADA | F57: % | I57: =+I55 -> #REF! | J57: =+J55+I57 -> #REF! | K57: =+K55+J57 -> #REF! | L57: =+L55+K57 -> #REF! | M57: =+M55+L57 -> #REF! | N57: =+N55+M57 -> #REF! | O57: =+O55+N57 -> #REF! | P57: =+P55+O57 -> #REF! | Q57: =+Q55+P57 -> #REF! | ... AB57: =+AB55+AA57 -> #REF! | AC57: =+AC55+#REF! -> #REF! | AD57: =+AD55+#REF! -> #REF! | AE57: =+AE55+AD57 -> #REF! | AF57: =+AF55+AE57 -> #REF!
F58: MILES DE PESOS | I58: =+I56 -> #REF! | J58: =+J56+I58 -> #REF! | K58: =+K56+J58 -> #REF! | L58: =+L56+K58 -> #REF! | M58: =+M56+L58 -> #REF! | N58: =+N56+M58 -> #REF! | O58: =+O56+N58 -> #REF! | P58: =+P56+O58 -> #REF! | Q58: =+Q56+P58 -> #REF! | ... AB58: =+AB56+AA58 -> #REF! | AC58: =+AC56+#REF! -> #REF! | AD58: =+AD56+#REF! -> #REF! | AE58: =+AE56+AD58 -> #REF! | AF58: =+AF56+AE58 -> #REF! | AI58: =+E52-AF58 -> #REF!
A62: =+'Presup '!F123 -> ING. JHONATAN STIVEN PANTOJA MORILLO
A63: =+'Presup '!F124 -> M.P. 111037-0520109 NRÑ
I65: =+'Presup '!F118 -> ING. MIGUEL ANTONIO VILLACRES MARTINEZ. | M65: =+I65 -> ING. MIGUEL ANTONIO VILLACRES MARTINEZ. | Q65: =+I65 -> ING. MIGUEL ANTONIO VILLACRES MARTINEZ. | U65: =+I65 -> ING. MIGUEL ANTONIO VILLACRES MARTINEZ. | Y65: =+I65 -> ING. MIGUEL ANTONIO VILLACRES MARTINEZ. | AC65: =+#REF! -> #REF! | AD65: =+#REF! -> #REF!
I66: =+'Presup '!F119 -> M.P. 52202-090508 NRÑ | M66: =+I66 -> M.P. 52202-090508 NRÑ | Q66: =+I66 -> M.P. 52202-090508 NRÑ | U66: =+I66 -> M.P. 52202-090508 NRÑ | Y66: =+I66 -> M.P. 52202-090508 NRÑ | AC66: =+#REF! -> #REF! | AD66: =+#REF! -> #REF!

Sheet FL F
A1: =+'Presup '!B1 -> REPUBLICA DE COLOMBIA
A2: =+'Presup '!B2 -> DEPARTAMENTO DE NARIÑO
A3: =+'Presup '!B3 -> ALCALDÍA MUNICIPAL DE SAN LORENZO
A5: =+'Presup '!B5 -> MEJORAMIENTO VÍA LA LAGUNA, SALINAS, LOS OLIVOS
A9: FLUJO DE FONDOS
A11: ACTIVIDADES | E11: Valor Actualizado | F11: % Sobre Valor del Contrato | G11: MES 1 | H11: MES 2 | I11: MES 3 | M11: MES 4 | Q11: MES 5 | U11: MES 6 | Y11: MES 7 | AC11: MES 8 | AG11: MES 9 | AK11: MES 10 | AO11: MES 11 | AP11: MES 12 | AQ11: PERIODOS
I12: SEMANA 1 | J12: SEMANA 2 | K12: SEMANA 3 | L12: SEMANA 4 | M12: SEMANA 5 | N12: SEMANA 6 | O12: SEMANA 7 | P12: SEMANA 8 | Q12: SEMANA 9 | R12: SEMANA 10 | S12: SEMANA 11 | T12: SEMANA 12 | U12: SEMANA 13 | V12: SEMANA 14 | W12: SEMANA 15 | X12: SEMANA 16 | Y12: SEMANA 17 | Z12: SEMANA 18 | AA12: SEMANA 19 | AB12: SEMANA 20 | AC12: SEMANA 21 | AD12: SEMANA 22 | AE12: SEMANA 23 | AF12: SEMANA 24 | AG12: SEMANA 25 | AH12: SEMANA 26 | AI12: SEMANA 27 | AJ12: SEMANA 28 | AK12: SEMANA 29 | AL12: SEMANA 30 | AM12: SEMANA 31 | AN12: SEMANA 32 | AQ12: 32
A14: =+CRONOG!A14 -> No.1. EXPLANACIÓN | E14: =+'Presup '!I24 -> 54623901 | F14: =+E14/$E$49 -> 0.0706116
K15: =+'%'!$E2 -> 0.00090527692 | L15: =+'%'!$E3 -> 0.0018105538 | M15: =+'%'!$E4 -> 0.0027158308 | N15: =+'%'!$E5 -> 0.0036211077 | O15: =+'%'!$E6 -> 0.0045263846 | P15: =+'%'!$E7 -> 0.0054316615 | Q15: =+'%'!$E8 -> 0.0063369384 | R15: =+'%'!$E9 -> 0.0072422154 | S15: =+'%'!$E10 -> 0.0081474923 | T15: =+'%'!$E11 -> 0.0090527692 | U15: =+'%'!$E12 -> 0.0099580461 | V15: =+'%'!$E13 -> 0.010863323
K16: =+K15*$E$49 -> 700306.42 | L16: =+L15*$E$49 -> 1400612.8 | M16: =+M15*$E$49 -> 2100919.3 | N16: =+N15*$E$49 -> 2801225.7 | O16: =+O15*$E$49 -> 3501532.1 | P16: =+P15*$E$49 -> 4201838.5 | Q16: =+Q15*$E$49 -> 4902145 | R16: =+R15*$E$49 -> 5602451.4 | ... V16: =+V15*$E$49 -> 8403677.1
A17: =+CRONOG!A17 -> No.2. AFIRMADO Y SUBBASE | E17: =+'Presup '!I30 -> 78303375 | F17: =+E17/$E$49 -> 0.10122174
E18: =SUM('[21]PRESUPUESTO DE OBRA'!I8:I9) -> #REF! | R18: =+'%'!$E22 -> 0.0022493721 | S18: =+'%'!$E23 -> 0.0044987442 | T18: =+'%'!$E24 -> 0.0067481163 | U18: =+'%'!$E25 -> 0.0089974884 | V18: =+'%'!$E26 -> 0.011246861 | W18: =+'%'!$E27 -> 0.013496233 | X18: =+'%'!$E28 -> 0.015745605 | Y18: =+'%'!$E29 -> 0.017994977 | Z18: =+'%'!$E30 -> 0.020244349
A19: OTRAS PARTIDAS DE PAGO | R19: =ROUNDDOWN(R18*$E$49,0) -> 1740075 | S19: =ROUND(S18*$E$49,0) -> 3480150 | T19: =ROUND(T18*$E$49,0) -> 5220225 | U19: =ROUND(U18*$E$49,0) -> 6960300 | V19: =ROUND(V18*$E$49,0) -> 8700375 | W19: =ROUND(W18*$E$49,0) -> 10440450 | X19: =ROUND(X18*$E$49,0) -> 12180525 | Y19: =ROUND(Y18*$E$49,0) -> 13920600 | Z19: =ROUND(Z18*$E$49,0) -> 15660675
A20: =+CRONOG!A20 -> No.3. PAVIMENTO PLACA HUELLA | E20: =+'Presup '!I35 -> 40713408 | F20: =+E20/$E$49 -> 0.052629688
Y21: =+'%'!$E40 -> 0.0011695486 | Z21: =+'%'!$E41 -> 0.0023390972 | AA21: =+'%'!$E42 -> 0.0035086459 | AB21: =+'%'!$E43 -> 0.0046781945 | AC21: =+'%'!$E44 -> 0.0058477431 | AD21: =+'%'!$E45 -> 0.0070172917 | AE21: =+'%'!$E46 -> 0.0081868404 | AF21: =+'%'!$E47 -> 0.009356389 | AG21: =+'%'!$E48 -> 0.010525938
Y22: =ROUNDDOWN(Y21*$E$49,0) -> 904742 | Z22: =ROUND(Z21*$E$49,0) -> 1809485 | AA22: =ROUND(AA21*$E$49,0) -> 2714227 | AB22: =ROUND(AB21*$E$49,0) -> 3618970 | AC22: =ROUND(AC21*$E$49,0) -> 4523712 | AD22: =ROUND(AD21*$E$49,0) -> 5428454 | AE22: =ROUND(AE21*$E$49,0) -> 6333197 | AF22: =ROUND(AF21*$E$49,0) -> 7237939 | AG22: =ROUND(AG21*$E$49,0) -> 8142682
A23: =+CRONOG!A23 -> No.4. ESTRUCTURAS Y DRENAJES | E23: =+'Presup '!I68 -> 574548304 | F23: =+E23/$E$49 -> 0.74271105
U24: =+'%'!$E58 -> 0.0043433395 | V24: =+'%'!$E59 -> 0.0086866789 | W24: =+'%'!$E60 -> 0.013030018 | X24: =+'%'!$E61 -> 0.017373358 | Y24: =+'%'!$E62 -> 0.021716697 | Z24: =+'%'!$E63 -> 0.026060037 | AA24: =+'%'!$E64 -> 0.030403376 | AB24: =+'%'!$E65 -> 0.034746716 | AC24: =+'%'!$E66 -> 0.039090055 | AD24: =+'%'!$E67 -> 0.043433395 | AE24: =+'%'!$E68 -> 0.047776734 | AF24: =+'%'!$E69 -> 0.052120074 | AG24: =+'%'!$E70 -> 0.056463413 | AH24: =+'%'!$E71 -> 0.060806753 | AI24: =+'%'!$E72 -> 0.065150092 | AJ24: =+'%'!$E73 -> 0.069493432 | AK24: =+'%'!$E74 -> 0.073836771 | AL24: =+'%'!$E75 -> 0.07818011
U25: =ROUNDDOWN(U24*$E$49,0) -> 3359931 | V25: =ROUND(V24*$E$49,0) -> 6719863 | W25: =ROUND(W24*$E$49,0) -> 10079795 | X25: =ROUND(X24*$E$49,0) -> 13439726 | Y25: =ROUND(Y24*$E$49,0) -> 16799658 | Z25: =ROUND(Z24*$E$49,0) -> 20159590 | AA25: =ROUND(AA24*$E$49,0) -> 23519521 | AB25: =ROUND(AB24*$E$49,0) -> 26879453 | AC25: =ROUND(AC24*$E$49,0) -> 30239384 | ... AL25: =ROUND(AL24*$E$49,0) -> 60478769
AL27: =+'%'!E86 -> 0 | AM27: =+'%'!E87 -> 0 | AN27: =+'%'!E88 -> 0
AL28: =ROUNDDOWN(AL27*$E$49,0) -> 0 | AM28: =ROUND(AM27*$E$49,0) -> 0 | AN28: =ROUND(AN27*$E$49,0) -> 0
AH30: =+'%'!$E104 -> 0 | AI30: =+'%'!$E105 -> 0 | AJ30: =+'%'!$E106 -> 0 | AK30: =+'%'!$E107 -> 0 | AL30: =+'%'!$E108 -> 0 | AM30: =+'%'!$E109 -> 0
AH31: =ROUND(AH30*$E$49,0) -> 0 | AI31: =ROUND(AI30*$E$49,0) -> 0 | AJ31: =ROUND(AJ30*$E$49,0) -> 0 | AK31: =ROUND(AK30*$E$49,0) -> 0 | AL31: =ROUND(AL30*$E$49,0) -> 0 | AM31: =ROUND(AM30*$E$49,0) -> 0
A32: =+CRONOG!A28 -> No.6. ESPECIFICACIONES PARTICULARES (OBRAS AMBIENTALES) | E32: =+'Presup '!I78 -> 4465565 | F32: =+E32/$E$49 -> 0.0057725772
K33: =+'%'!$E122 -> 1.3270293e-05 | L33: =+'%'!$E123 -> 2.6540585e-05 | M33: =+'%'!$E124 -> 3.9810878e-05 | N33: =+'%'!$E125 -> 5.308117e-05 | O33: =+'%'!$E126 -> 6.6351463e-05 | P33: =+'%'!$E127 -> 7.9621755e-05 | Q33: =+'%'!$E128 -> 9.2892048e-05 | R33: =+'%'!$E129 -> 0.00010616234 | S33: =+'%'!$E130 -> 0.00011943263 | T33: =+'%'!$E131 -> 0.00013270293 | U33: =+'%'!$E132 -> 0.00014597322 | V33: =+'%'!$E133 -> 0.00015924351 | W33: =+'%'!$E134 -> 0.0001725138 | X33: =+'%'!$E135 -> 0.0001857841 | Y33: =+'%'!$E136 -> 0.00019905439 | Z33: =+'%'!$E137 -> 0.00021232468 | AA33: =+'%'!$E138 -> 0.00022559497 | AB33: =+'%'!$E139 -> 0.00023886527 | AC33: =+'%'!$E140 -> 0.00025213556 | AD33: =+'%'!$E141 -> 0.00026540585 | AE33: =+'%'!$E142 -> 0.00027867614 | AF33: =+'%'!$E143 -> 0.00029194644 | AG33: =+'%'!$E144 -> 0.00030521673 | AH33: =+'%'!$E145 -> 0.00031848702 | AI33: =+'%'!$E146 -> 0.00033175731 | AJ33: =+'%'!$E147 -> 0.00034502761 | AK33: =+'%'!$E148 -> 0.0003582979 | AL33: =+'%'!$E149 -> 0.00037156819 | AM33: =+'%'!$E150 -> 0.00038483848
K34: =ROUNDDOWN(K33*$E$49,0) -> 10265 | L34: =ROUND(L33*$E$49,0) -> 20531 | M34: =ROUND(M33*$E$49,0) -> 30797 | N34: =ROUND(N33*$E$49,0) -> 41063 | O34: =ROUND(O33*$E$49,0) -> 51328 | P34: =ROUND(P33*$E$49,0) -> 61594 | Q34: =ROUND(Q33*$E$49,0) -> 71860 | R34: =ROUND(R33*$E$49,0) -> 82125 | S34: =ROUND(S33*$E$49,0) -> 92391 | ... AM34: =ROUND(AM33*$E$49,0) -> 297704
A35: =+CRONOG!A31 -> No.7. TRANSPORTE | E35: =+'Presup '!I83 -> 512556 | F35: =+E35/$E$49 -> 0.00066257441
K36: =+'%'!$E156 -> 1.5231596e-06 | L36: =+'%'!$E157 -> 3.0463191e-06 | M36: =+'%'!$E158 -> 4.5694787e-06 | N36: =+'%'!$E159 -> 6.0926383e-06 | O36: =+'%'!$E160 -> 7.6157978e-06 | P36: =+'%'!$E161 -> 9.1389574e-06 | Q36: =+'%'!$E162 -> 1.0662117e-05 | R36: =+'%'!$E163 -> 1.2185277e-05 | S36: =+'%'!$E164 -> 1.3708436e-05 | T36: =+'%'!$E165 -> 1.5231596e-05 | U36: =+'%'!$E166 -> 1.6754755e-05 | V36: =+'%'!$E167 -> 1.8277915e-05 | W36: =+'%'!$E168 -> 1.9801074e-05 | X36: =+'%'!$E169 -> 2.1324234e-05 | Y36: =+'%'!$E170 -> 2.2847394e-05 | Z36: =+'%'!$E171 -> 2.4370553e-05 | AA36: =+'%'!$E172 -> 2.5893713e-05 | AB36: =+'%'!$E173 -> 2.7416872e-05 | AC36: =+'%'!$E174 -> 2.8940032e-05 | AD36: =+'%'!$E175 -> 3.0463191e-05 | AE36: =+'%'!$E176 -> 3.1986351e-05 | AF36: =+'%'!$E177 -> 3.350951e-05 | AG36: =+'%'!$E178 -> 3.503267e-05 | AH36: =+'%'!$E179 -> 3.655583e-05 | AI36: =+'%'!$E180 -> 3.8078989e-05 | AJ36: =+'%'!$E181 -> 3.9602149e-05 | AK36: =+'%'!$E182 -> 4.1125308e-05 | AL36: =+'%'!$E183 -> 4.2648468e-05 | AM36: =+'%'!$E184 -> 4.4171627e-05
K37: =ROUNDDOWN(K36*$E$49,0) -> 1178 | L37: =ROUND(L36*$E$49,0) -> 2357 | M37: =ROUND(M36*$E$49,0) -> 3535 | N37: =ROUND(N36*$E$49,0) -> 4713 | O37: =ROUND(O36*$E$49,0) -> 5891 | P37: =ROUND(P36*$E$49,0) -> 7070 | Q37: =ROUND(Q36*$E$49,0) -> 8248 | R37: =ROUND(R36*$E$49,0) -> 9426 | S37: =ROUND(S36*$E$49,0) -> 10605 | ... AM37: =ROUND(AM36*$E$49,0) -> 34170
A38: PLANES DE MANEJO | E38: =+'Presup '!I98+'Presup '!I101 -> 0 | F38: =+E38/$E$49 -> 0
K39: =+'%'!$E189 -> 0 | L39: =+'%'!$E190 -> 0 | M39: =+'%'!$E191 -> 0 | N39: =+'%'!$E192 -> 0 | O39: =+'%'!$E193 -> 0 | P39: =+'%'!$E194 -> 0 | Q39: =+'%'!$E195 -> 0 | R39: =+'%'!$E196 -> 0 | S39: =+'%'!$E197 -> 0 | T39: =+'%'!$E198 -> 0 | U39: =+'%'!$E199 -> 0 | V39: =+'%'!$E200 -> 0 | W39: =+'%'!$E201 -> 0 | X39: =+'%'!$E202 -> 0 | Y39: =+'%'!$E203 -> 0 | Z39: =+'%'!$E204 -> 0 | AA39: =+'%'!$E205 -> 0 | AB39: =+'%'!$E206 -> 0 | AC39: =+'%'!$E207 -> 0 | AD39: =+'%'!$E208 -> 0 | AE39: =+'%'!$E209 -> 0 | AF39: =+'%'!$E210 -> 0 | AG39: =+'%'!$E211 -> 0 | AH39: =+'%'!$E212 -> 0 | AI39: =+'%'!$E213 -> 0 | AJ39: =+'%'!$E214 -> 0 | AK39: =+'%'!$E215 -> 0 | AL39: =+'%'!$E216 -> 0 | AM39: =+'%'!$E217 -> 0 | AN39: =+'%'!$E218 -> 0
K40: =ROUND(K39*$E$49,0) -> 0 | L40: =ROUND(L39*$E$49,0) -> 0 | M40: =ROUND(M39*$E$49,0) -> 0 | N40: =ROUND(N39*$E$49,0) -> 0 | O40: =ROUND(O39*$E$49,0) -> 0 | P40: =ROUND(P39*$E$49,0) -> 0 | Q40: =ROUND(Q39*$E$49,0) -> 0 | R40: =ROUND(R39*$E$49,0) -> 0 | ... AN40: =ROUND(AN39*$E$49,0) -> 0
A41: =+'Presup '!D97 -> CARACTERIZACIÓN VIAL | E41: =+'CARACTERIZACIÓN VIAL'!H34 -> 13707816 | F41: =+E41/$E$49 -> 0.017719914
I42: =+'%'!E225 -> 0.0011813276 | J42: =+'%'!E226 -> 0.0023626552 | K42: =+'%'!E227 -> 0.0035439828 | L42: =+'%'!E228 -> 0.0047253103 | M42: =+'%'!E229 -> 0.0059066379
I43: =ROUNDDOWN(I42*$E$49,0) -> 913854 | J43: =ROUND(J42*$E$49,0) -> 1827709 | K43: =ROUND(K42*$E$49,0) -> 2741563 | L43: =ROUND(L42*$E$49,0) -> 3655418 | M43: =ROUND(M42*$E$49,0) -> 4569272
A44: PROCESO CONTRACTUAL | F44: =+E46/$E$49 -> 0.0086708523
A45: PROCESO DE LIQUIDACIÓN
A46: =+'Presup '!D105 -> PROTOCOLO DE BIOSEGURIDAD | E46: =+'Presup '!I105 -> 6707620 | I46: =+$F$44/32 -> 0.00027096413 | J46: =+$F$44/32 -> 0.00027096413 | K46: =+$F$44/32 -> 0.00027096413 | L46: =+$F$44/32 -> 0.00027096413 | M46: =+$F$44/32 -> 0.00027096413 | N46: =+$F$44/32 -> 0.00027096413 | O46: =+$F$44/32 -> 0.00027096413 | P46: =+$F$44/32 -> 0.00027096413 | ... AN46: =+$F$44/32 -> 0.00027096413
I47: =ROUNDDOWN(I46*$E$49,0) -> 209613 | J47: =ROUNDDOWN(J46*$E$49,0) -> 209613 | K47: =ROUNDDOWN(K46*$E$49,0) -> 209613 | L47: =ROUNDDOWN(L46*$E$49,0) -> 209613 | M47: =ROUNDDOWN(M46*$E$49,0) -> 209613 | N47: =ROUNDDOWN(N46*$E$49,0) -> 209613 | O47: =ROUNDDOWN(O46*$E$49,0) -> 209613 | P47: =ROUNDDOWN(P46*$E$49,0) -> 209613 | ... X47: =ROUNDDOWN(X46*$E$49,0) -> 209613 | Y47: =ROUND(Y46*$E$49,0) -> 209613 | Z47: =ROUND(Z46*$E$49,0) -> 209613 | AA47: =ROUND(AA46*$E$49,0) -> 209613 | AB47: =ROUND(AB46*$E$49,0) -> 209613 | AC47: =ROUND(AC46*$E$49,0) -> 209613 | AD47: =ROUND(AD46*$E$49,0) -> 209613 | AE47: =ROUND(AE46*$E$49,0) -> 209613 | AF47: =ROUND(AF46*$E$49,0) -> 209613 | ... AN47: =ROUND(AN46*$E$49,0) -> 209613
B49: TOTAL CONSTRUCCIÓN: | E49: =+E41+E38+E35+E32+E29+E26+E23+E20+E17+E14+E46 -> 773582545 | F49: =+F41+F38+F35+F32+F29+F26+F23+F20+F17+F14+F44 -> 1 | I49: =+I42+I39+I36+I33+I30+I27+I24+I21+I18+I15+I46 -> 0.0014522917 | J49: =+J42+J39+J36+J33+J30+J27+J24+J21+J18+J15+J46 -> 0.0026336193 | K49: =+K42+K39+K36+K33+K30+K27+K24+K21+K18+K15+K46 -> 0.0047350173 | L49: =+L42+L39+L36+L33+L30+L27+L24+L21+L18+L15+L46 -> 0.0068364152 | M49: =+M42+M39+M36+M33+M30+M27+M24+M21+M18+M15+M46 -> 0.0089378132 | N49: =+N42+N39+N36+N33+N30+N27+N24+N21+N18+N15+N46 -> 0.0039512456 | O49: =+O42+O39+O36+O33+O30+O27+O24+O21+O18+O15+O46 -> 0.004871316 | P49: =+P42+P39+P36+P33+P30+P27+P24+P21+P18+P15+P46 -> 0.0057913864 | ... AN49: =+AN42+AN39+AN36+AN33+AN30+AN27+AN24+AN21+AN18+AN15+AN46 -> 0.00027096413
I50: =+I37+I34+I31+I28+I25+I22+I19+I16+I43+I40+I47 -> 1123467 | J50: =+J37+J34+J31+J28+J25+J22+J19+J16+J43+J40+J47 -> 2037322 | K50: =+K37+K34+K31+K28+K25+K22+K19+K16+K43+K40+K47 -> 3662925.4 | L50: =+L37+L34+L31+L28+L25+L22+L19+L16+L43+L40+L47 -> 5288531.8 | M50: =+M37+M34+M31+M28+M25+M22+M19+M16+M43+M40+M47 -> 6914136.3 | N50: =+N37+N34+N31+N28+N25+N22+N19+N16+N43+N40+N47 -> 3056614.7 | O50: =+O37+O34+O31+O28+O25+O22+O19+O16+O43+O40+O47 -> 3768364.1 | P50: =+P37+P34+P31+P28+P25+P22+P19+P16+P43+P40+P47 -> 4480115.5 | ... AN50: =+AN37+AN34+AN31+AN28+AN25+AN22+AN19+AN16+AN43+AN40+AN47 -> 209613
F52: Aprox. Val./mes
B53: TOTAL INTERVENTORIA: | E53: =+'Presup '!I108 -> 0 | F53: 1 | I53: =+$F$53/$AQ$12 -> 0.03125 | J53: =+$F$53/$AQ$12 -> 0.03125 | K53: =+$F$53/$AQ$12 -> 0.03125 | L53: =+$F$53/$AQ$12 -> 0.03125 | M53: =+$F$53/$AQ$12 -> 0.03125 | N53: =+$F$53/$AQ$12 -> 0.03125 | O53: =+$F$53/$AQ$12 -> 0.03125 | P53: =+$F$53/$AQ$12 -> 0.03125 | ... AN53: =+$F$53/$AQ$12 -> 0.03125
I54: =(I53*$E$53) -> 0 | J54: =(J53*$E$53) -> 0 | K54: =(K53*$E$53) -> 0 | L54: =(L53*$E$53) -> 0 | M54: =(M53*$E$53) -> 0 | N54: =(N53*$E$53) -> 0 | O54: =(O53*$E$53) -> 0 | P54: =(P53*$E$53) -> 0 | ... AN54: =(AN53*$E$53) -> 0
B56: TOTAL | E56: =+E49+E53 -> 773582545 | F56: 1 | I56: =I57/$E$56 -> 0.001452291 | J56: =J57/$E$56 -> 0.0026336194 | K56: =K57/$E$56 -> 0.0047350156 | L56: =L57/$E$56 -> 0.0068364157 | M56: =M57/$E$56 -> 0.0089378132 | N56: =N57/$E$56 -> 0.0039512457 | O56: =O57/$E$56 -> 0.0048713148 | P56: =P57/$E$56 -> 0.0057913865 | ... AN56: =AN57/$E$56 -> 0.00027096397
I57: =+I54+I50 -> 1123467 | J57: =+J54+J50 -> 2037322 | K57: =+K54+K50 -> 3662925.4 | L57: =+L54+L50 -> 5288531.8 | M57: =+M54+M50 -> 6914136.3 | N57: =+N54+N50 -> 3056614.7 | O57: =+O54+O50 -> 3768364.1 | P57: =+P54+P50 -> 4480115.5 | ... AN57: =+AN54+AN50 -> 209613
E59: INVERSIÓN MENSUAL | F59: % | I59: =+I56 -> 0.001452291 | J59: =+J56 -> 0.0026336194 | K59: =+K56 -> 0.0047350156 | L59: =+L56 -> 0.0068364157 | M59: =+M56 -> 0.0089378132 | N59: =+N56 -> 0.0039512457 | O59: =+O56 -> 0.0048713148 | P59: =+P56 -> 0.0057913865 | ... AN59: =+AN56 -> 0.00027096397
F60: MILES DE PESOS | I60: =+I57 -> 1123467 | J60: =+J57 -> 2037322 | K60: =+K57 -> 3662925.4 | L60: =+L57 -> 5288531.8 | M60: =+M57 -> 6914136.3 | N60: =+N57 -> 3056614.7 | O60: =+O57 -> 3768364.1 | P60: =+P57 -> 4480115.5 | ... AN60: =+AN57 -> 209613
E61: INVERSIÓN ACUMULADA | F61: % | I61: =+I59 -> 0.001452291 | J61: =+J59+I61 -> 0.0040859104 | K61: =+K59+J61 -> 0.0088209261 | L61: =+L59+K61 -> 0.015657342 | M61: =+M59+L61 -> 0.024595155 | N61: =+N59+M61 -> 0.028546401 | O61: =+O59+N61 -> 0.033417715 | P61: =+P59+O61 -> 0.039209102 | Q61: =+Q59+P61 -> 0.045920559 | ... AN61: =+AN59+AM61 -> 0.99999999
F62: MILES DE PESOS | I62: =+I60 -> 1123467 | J62: =+J60+I62 -> 3160789 | K62: =+K60+J62 -> 6823714.4 | L62: =+L60+K62 -> 12112246 | M62: =+M60+L62 -> 19026383 | N62: =+N60+M62 -> 22082997 | O62: =+O60+N62 -> 25851361 | P62: =+P60+O62 -> 30331477 | Q62: =+Q60+P62 -> 35523343 | ... AN62: =+AN60+AM62 -> 773582539 | AQ62: =+E56-AN62 -> 6
A66: =+CRONOG!A62 -> ING. JHONATAN STIVEN PANTOJA MORILLO
A67: =+CRONOG!A63 -> M.P. 111037-0520109 NRÑ
I69: =+'Presup '!F118 -> ING. MIGUEL ANTONIO VILLACRES MARTINEZ. | M69: =+I69 -> ING. MIGUEL ANTONIO VILLACRES MARTINEZ. | Q69: =+I69 -> ING. MIGUEL ANTONIO VILLACRES MARTINEZ. | U69: =+I69 -> ING. MIGUEL ANTONIO VILLACRES MARTINEZ. | Y69: =+I69 -> ING. MIGUEL ANTONIO VILLACRES MARTINEZ. | AC69: =+Q69 -> ING. MIGUEL ANTONIO VILLACRES MARTINEZ. | AG69: =+AC69 -> ING. MIGUEL ANTONIO VILLACRES MARTINEZ. | AL69: =+AC69 -> ING. MIGUEL ANTONIO VILLACRES MARTINEZ.
I70: =+'Presup '!F119 -> M.P. 52202-090508 NRÑ | M70: =+I70 -> M.P. 52202-090508 NRÑ | Q70: =+I70 -> M.P. 52202-090508 NRÑ | U70: =+I70 -> M.P. 52202-090508 NRÑ | Y70: =+I70 -> M.P. 52202-090508 NRÑ | AC70: =+Q70 -> M.P. 52202-090508 NRÑ | AG70: =+AC70 -> M.P. 52202-090508 NRÑ | AL70: =+AC70 -> M.P. 52202-090508 NRÑ

Sheet %
A1: 1 | J1: =+A1 -> 1
A2: =+'FL F'!F14 -> 0.0706116 | C2: =+A10 -> 0.00090527692 | E2: =+A8 -> 0.00090527692 | F2: 1 | K2: 0.00057301933 | L2: =+C2-K2 -> 0.00033225758 | M2: =+L2 -> 0.00033225758 | N2: =+F2 -> 1
C3: =+C2+$A$10 -> 0.0018105538 | E3: =+E2+$A$8 -> 0.0018105538 | F3: 2 | K3: 4.1038669e-05 | L3: =+C3-K3 -> 0.0017695152 | M3: =+L3 -> 0.0017695152 | N3: =+F3 -> 2
A4: =+A2 -> 0.0706116 | C4: =+C3+$A$10 -> 0.0027158308 | E4: =+E3+$A$8 -> 0.0027158308 | F4: 3 | K4: -0.000180942 | L4: =+C4-K4 -> 0.0028967728 | M4: =+L4 -> 0.0028967728 | N4: =+F4 -> 3
C5: =+C4+$A$10 -> 0.0036211077 | E5: =+E4+$A$8 -> 0.0036211077 | F5: 4 | K5: -0.00010792266 | L5: =+C5-K5 -> 0.0037290303 | M5: =+L5 -> 0.0037290303 | N5: =+F5 -> 4
A6: 78 | C6: =+C5+$A$10 -> 0.0045263846 | E6: =+E5+$A$8 -> 0.0045263846 | F6: 5 | K6: -0.00010490333 | L6: =+C6-K6 -> 0.0046312879 | M6: =+L6 -> 0.0046312879 | N6: =+F6 -> 5
C7: =+C6+$A$10 -> 0.0054316615 | E7: =+E6+$A$8 -> 0.0054316615 | F7: 6 | K7: 5.8116006e-05 | L7: =+C7-K7 -> 0.0053735455 | M7: =+L7 -> 0.0053735455 | N7: =+F7 -> 6
A8: =+A2/A6 -> 0.00090527692 | C8: =+C7+$A$10 -> 0.0063369384 | E8: =+E7+$A$8 -> 0.0063369384 | F8: 7 | K8: 0.00020113534 | L8: =+C8-K8 -> 0.0061358031 | M8: =+L8 -> 0.0061358031 | N8: =+F8 -> 7
C9: =+C8+$A$10 -> 0.0072422154 | E9: =+E8+$A$8 -> 0.0072422154 | F9: 8 | K9: 0.00038212456 | L9: =+C9-K9 -> 0.0068600908 | M9: =+L9 -> 0.0068600908 | N9: =+F9 -> 8
A10: =+A4/A6 -> 0.00090527692 | C10: =+C9+$A$10 -> 0.0081474923 | E10: =+E9+$A$8 -> 0.0081474923 | F10: 9 | K10: 0.00045717401 | L10: =+C10-K10 -> 0.0076903183 | M10: =+L10 -> 0.0076903183 | N10: =+F10 -> 9
C11: =+C10+$A$10 -> 0.0090527692 | E11: =+E10+$A$8 -> 0.0090527692 | F11: 10 | K11: 0.00053019334 | L11: =+C11-K11 -> 0.0085225758 | M11: =+L11 -> 0.0085225758 | N11: =+F11 -> 10
C12: =+C11+$A$10 -> 0.0099580461 | E12: =+E11+$A$8 -> 0.0099580461 | F12: 11 | K12: 0.00040321268 | L12: =+C12-K12 -> 0.0095548334 | M12: =+L12 -> 0.0095548334 | N12: =+F12 -> 11
C13: =+C12+$A$10 -> 0.010863323 | E13: =+E12+$A$8 -> 0.010863323 | F13: 12 | K13: 7.6232013e-05 | L13: =+C13-K13 -> 0.010787091 | M13: =+L13 -> 0.010787091 | N13: =+F13 -> 12
K14: -0.00075074865 | L14: =+C14-K14 -> 0.00075074865 | M14: =+L14 -> 0.00075074865 | N14: =+F14 -> 0
K15: -0.0015777293 | L15: =+C15-K15 -> 0.0015777293 | M15: =+L15 -> 0.0015777293 | N15: =+F15 -> 0
K17: =+A2 -> 0.0706116 | M17: =SUM(M2:M15) -> 0.0706116
K18: =+A4 -> 0.0706116 | L18: =SUM(L2:L17) -> 0.0706116 | M18: =+K18-L18 -> 0
C20: =SUM(C2:C18) -> 0.0706116 | E20: =SUM(E2:E18) -> 0.0706116 | H20: =+E20-A2 -> 0
A21: 2 | J21: =+A21 -> 2 | U21: =+#REF! -> #REF!
A22: =+'FL F'!F17 -> 0.10122174 | C22: =+A30 -> 0.0022493721 | E22: =+A28 -> 0.0022493721 | F22: 1 | K22: 0.0008 | L22: =+C22-K22 -> 0.0014493721 | M22: =+L22 -> 0.0014493721 | N22: =+F22 -> 1 | U22: =+U$21*M22 -> #REF!
C23: =+C22+$A$30 -> 0.0044987442 | E23: =+E22+$A$28 -> 0.0044987442 | F23: 2 | K23: -0.0005 | L23: =+C23-K23 -> 0.0049987442 | M23: =+L23 -> 0.0049987442 | N23: =+F23 -> 2 | U23: =+U$21*M23 -> #REF!
A24: =+A22 -> 0.10122174 | C24: =+C23+$A$30 -> 0.0067481163 | E24: =+E23+$A$28 -> 0.0067481163 | F24: 3 | K24: -0.0007 | L24: =+C24-K24 -> 0.0074481163 | M24: =+L24 -> 0.0074481163 | N24: =+F24 -> 3 | U24: =+U$21*M24 -> #REF!
